Workbook

Sheet Cover
A1: Hire billing clean-up and asset tracking: Xero, Airtable, Glide, Make (FY26)
A2: Work sample: realistic data, built to show how I approach this work.
A4: Scenario | B4: Melbourne temporary fencing, scaffolding, make-safe and roof repair business, FY26 (1 Jul 2025 to 30 Jun 2026)
A5: Inputs | B5: Xero sales invoice lines, contacts, chart of accounts and expense balances; a paper asset movement log transcribed by the office; the yard stocktake
A6: Outputs | B6: Re-coded income, merged contacts, tax fixes, a clean asset ledger, a hire billing check and the Airtable/Glide/Make design
A7: How to use | B7: Every summary is a formula. Change a decision in Review Queue or a value on a data tab and Dashboard and Controls update.
A9: Sheets
A10: Dashboard | B10: Headline figures, every one a formula over the tabs below
A11: Data Profile | B11: What the exports look like before any change
A12: Invoice Lines | B12: All FY26 sales invoice lines from Xero, re-coded by rule (account, service line, expected tax)
A13: Category Rules | B13: The 13 rules, with lines and value caught by each
A14: Revenue by Service | B14: FY26 income by new account and service line, by month
A15: Recode Journals | B15: One manual journal per month moving income out of 200/260
A16: Review Queue | B16: Lines a person has to decide, with a drop-down for the decision
A17: Tax Review | B17: Lines on the wrong tax rate, the GST effect and the BAS quarter
A18: Contacts | B18: Every Xero contact, its master record and the matching rule
A19: COA Fix Map | B19: Chart of accounts changes and the balances they move
A20: Chart of Accounts | B20: The current chart with the proposed action per account
A21: Asset Log | B21: The transcribed asset movement log after clean-up
... A36: Test Log | B36: Engine regression and scenario tests

Sheet Dashboard
A1: Dashboard (all formulas)
A2: Work sample: realistic data, built to show how I approach this work.
A4: Area | B4: Measure | C4: Value
A5: Income | B5: Counted invoice lines | C5: =SUM('Invoice Lines'!$M$5:$M$2542) -> 2524
A6: Income | B6: Income in the export (ex GST) | C6: =SUMIFS('Invoice Lines'!$K$5:$K$2542,'Invoice Lines'!$M$5:$M$2542,1) -> 1758394.1
A7: Income | B7: Lines coded by a rule | C7: =COUNTIFS('Invoice Lines'!$M$5:$M$2542,1,'Invoice Lines'!$R$5:$R$2542,"<>")-COUNTIFS('Invoice Lines'!$M$5:$M$2542,1,'Invoice Lines'!$R$5:$R$2542,"") -> 2478
A8: Income | B8: Share of lines coded by a rule | C8: =ROUND(C7/C5,4) -> 0.9818
A9: Income | B9: Lines in the review queue | C9: =COUNTA('Review Queue'!A5:A50) -> 46
A10: Income | B10: Income re-coded to 4010-4040 | C10: =SUM('Revenue by Service'!P5:P14)-SUMIFS('Revenue by Service'!P5:P14,'Revenue by Service'!A5:A14,835) -> 1640453
A11: Income | B11: Deposits moved to 835 (liability) | C11: =SUMIFS('Revenue by Service'!P5:P14,'Revenue by Service'!A5:A14,835) -> 19000
A12: Tax | B12: Lines on the wrong tax rate | C12: =COUNTA('Tax Review'!A5:A87) -> 83
A13: Tax | B13: Net GST to correct | C13: ='Tax Review'!N9 -> 3317.29
A14: Contacts | B14: Xero contacts | C14: =COUNTA('Contacts'!$A$5:$A$157) -> 153
A15: Contacts | B15: Duplicates merged | C15: =COUNTIF('Contacts'!$L$5:$L$157,"Merge*") -> 29
A16: Contacts | B16: Customers after merge | C16: =C14-C15 -> 124
A17: Assets | B17: Log issues fixed | C17: =COUNTIF('Log Issues'!$I$5:$I$54,"Fixed") -> 34
A18: Assets | B18: Log issues open | C18: =COUNTIF('Log Issues'!$I$5:$I$54,"Open") -> 16
A19: Assets | B19: Panels (FP) not returned from collected sites | C19: =SUMIFS('Asset Position'!$E$5:$E$138,'Asset Position'!$D$5:$D$138,"FP",'Asset Position'!$F$5:$F$138,"<>On hire") -> 79
A20: Billing | B20: Site-asset pairs checked | C20: =COUNTA('Hire Billing Check'!$A$5:$A$450) -> 446
A21: Billing | B21: Under-billed value | C21: =SUMIFS('Hire Billing Check'!$H$5:$H$450,'Hire Billing Check'!$H$5:$H$450,">0") -> 60258.7
A22: Billing | B22: Over-billed value | C22: =-SUMIFS('Hire Billing Check'!$H$5:$H$450,'Hire Billing Check'!$H$5:$H$450,"<0") -> 2578.5
A23: Billing | B23: July 2026 drafts from S2 | C23: =COUNTA('Make July Run'!$A$5:$A$80) -> 76
A24: Billing | B24: July 2026 draft value (ex GST) | C24: =SUM('Make July Run'!$J$5:$J$80) -> 75582
A25: Exceptions | B25: Open exceptions | C25: =COUNTIF('Exceptions'!$G$5:$G$227,"Open") -> 223
A26: Make | B26: Make scenarios | C26: =COUNTA('Make Scenarios'!A5:A14) -> 10
A27: Make | B27: Make executions, July 2026 | C27: =SUM('Make Run Log'!$D$5:$D$287) -> 13416
A28: Make | B28: Make operations, July 2026 | C28: =SUM('Make Run Log'!$F$5:$F$287) -> 21907
A29: Make | B29: Make errors, July 2026 | C29: =SUM('Make Run Log'!$G$5:$G$287) -> 12
A30: Make | B30: Make errors unresolved | C30: =SUM('Make Run Log'!$K$5:$K$287) -> 0
A31: Controls | B31: Controls passed | C31: =Controls!C41 -> 35

Sheet Data Profile
A1: Data profile: the exports before any change
A2: Work sample: realistic data, built to show how I approach this work.
A4: Measure | B4: Value | C4: How it is counted
A5: Invoice lines in the export | B5: =COUNTA('Invoice Lines'!$A$5:$A$2542) -> 2538 | C5: Rows in Invoice Lines
A6: Invoices | B6: 1853 | C6: Distinct invoice numbers
A7: Lines on VOIDED invoices | B7: =COUNTIF('Invoice Lines'!$L$5:$L$2542,"VOIDED") -> 14 | C7: Excluded from every total
A8: Lines coded to 200 Sales | B8: =COUNTIFS('Invoice Lines'!$N$5:$N$2542,200,'Invoice Lines'!$M$5:$M$2542,1) -> 2382 | C8: One account for every kind of income
A9: Lines coded to 260 Other Revenue | B9: =COUNTIFS('Invoice Lines'!$N$5:$N$2542,260,'Invoice Lines'!$M$5:$M$2542,1) -> 142 | C9: Used at random by whoever keyed the invoice
A10: Lines on GST Free Income | B10: =COUNTIFS('Invoice Lines'!$O$5:$O$2542,"GST Free Income",'Invoice Lines'!$M$5:$M$2542,1) -> 45 | C10: 200's default tax is GST Free
A11: Lines on BAS Excluded | B11: =COUNTIFS('Invoice Lines'!$O$5:$O$2542,"BAS Excluded",'Invoice Lines'!$M$5:$M$2542,1) -> 30
A12: Lines with a site reference | B12: =COUNTIFS('Invoice Lines'!$H$5:$H$2542,"S*",'Invoice Lines'!$M$5:$M$2542,1) -> 2502 | C12: Reference holds the site ID
A13: Credit notes (negative lines) | B13: =COUNTIFS('Invoice Lines'!$K$5:$K$2542,"<0",'Invoice Lines'!$M$5:$M$2542,1) -> 14
A14: Income in the export (ex GST) | B14: =SUMIFS('Invoice Lines'!$K$5:$K$2542,'Invoice Lines'!$M$5:$M$2542,1) -> 1758394.1 | C14: Counted lines
A15: Xero contacts | B15: =COUNTA('Contacts'!$A$5:$A$157) -> 153
A16: Contacts with no tax number | B16: =COUNTIF('Contacts'!$C$5:$C$157,"") -> 69 | C16: Makes duplicate checks harder
A17: Asset log rows as transcribed | B17: 1396 | C17: Paper dockets typed in by the office
A18: Distinct ways a site was written | B18: 608 | C18: For 397 real sites
A19: Distinct ways an asset class was written | B19: 12 | C19: For 5 classes
A20: Sites | B20: 546 | C20: Fencing, scaffolding, make-safe and roofing jobs

Sheet Invoice Lines
A1: FY26 sales invoice lines (Xero export), re-coded
A2: Work sample: realistic data, built to show how I approach this work.
A4: Line ID | B4: Invoice | C4: Date | D4: Month | E4: Contact ID | F4: Master ID | G4: Contact (master) | H4: Reference | I4: Description | J4: Qty | K4: Amount | L4: Status | M4: Counted | N4: Old account | O4: Tax type | P4: Rule | Q4: Category | R4: New account | S4: Service line | T4: Expected tax | U4: Tax OK | V4: GST effect
A5: INV-4557-1 | B5: INV-4557 | C5: 45839 | D5: 2025-07 | E5: C0014 | F5: C0014 | G5: Riverbend Homes Pty Ltd | H5: S0091 | I5: Delivery and installation - temporary fencing | J5: 1 | K5: 165 | L5: PAID | M5: =IF(L5="VOIDED",0,1) -> 1 | N5: 200 | O5: GST on Income | P5: R07 | Q5: DEL-FP | R5: =IF(OR(Q5="CONTEXT",Q5="REVIEW"),"",INDEX('Category Rules'!$D$5:$D$17,MATCH(P5,'Category Rules'!$A$5:$A$17,0))) -> 4020 | S5: =IF(Q5="CONTEXT","Fencing",IF(Q5="REVIEW","",INDEX('Category Rules'!$E$5:$E$17,MATCH(P5,'Category Rules'!$A$5:$A$17,0)))) -> Fencing | T5: =IF(Q5="DEP","BAS Excluded","GST on Income") -> GST on Income | U5: =IF(O5=T5,1,0) -> 1 | V5: =IF(OR(M5=0,U5=1),0,IF(T5="GST on Income",ROUND(K5*0.1,2),ROUND(-K5*0.1,2))) -> 0
A6: INV-4557-2 | B6: INV-4557 | C6: 45839 | D6: 2025-07 | E6: C0014 | F6: C0014 | G6: Riverbend Homes Pty Ltd | H6: S0091 | I6: Installation labour - 32 panels @ 2.20 | J6: 32 | K6: 70.4 | L6: PAID | M6: =IF(L6="VOIDED",0,1) -> 1 | N6: 200 | O6: GST on Income | P6: R07 | Q6: DEL-FP | R6: =IF(OR(Q6="CONTEXT",Q6="REVIEW"),"",INDEX('Category Rules'!$D$5:$D$17,MATCH(P6,'Category Rules'!$A$5:$A$17,0))) -> 4020 | S6: =IF(Q6="CONTEXT","Fencing",IF(Q6="REVIEW","",INDEX('Category Rules'!$E$5:$E$17,MATCH(P6,'Category Rules'!$A$5:$A$17,0)))) -> Fencing | T6: =IF(Q6="DEP","BAS Excluded","GST on Income") -> GST on Income | U6: =IF(O6=T6,1,0) -> 1 | V6: =IF(OR(M6=0,U6=1),0,IF(T6="GST on Income",ROUND(K6*0.1,2),ROUND(-K6*0.1,2))) -> 0
A7: INV-4317-1 | B7: INV-4317 | C7: 45840 | D7: 2025-07 | E7: C0074 | F7: C0074 | G7: Ironbark Events Pty Ltd | H7: S0046 | I7: Temporary fence hire 3 wks (17/06/25-01/07/25) - 58 panels | J7: 174 | K7: 783 | L7: PAID | M7: =IF(L7="VOIDED",0,1) -> 1 | N7: 200 | O7: GST on Income | P7: R03 | Q7: HIRE-FP | R7: =IF(OR(Q7="CONTEXT",Q7="REVIEW"),"",INDEX('Category Rules'!$D$5:$D$17,MATCH(P7,'Category Rules'!$A$5:$A$17,0))) -> 4010 | S7: =IF(Q7="CONTEXT","Fencing",IF(Q7="REVIEW","",INDEX('Category Rules'!$E$5:$E$17,MATCH(P7,'Category Rules'!$A$5:$A$17,0)))) -> Fencing | T7: =IF(Q7="DEP","BAS Excluded","GST on Income") -> GST on Income | U7: =IF(O7=T7,1,0) -> 1 | V7: =IF(OR(M7=0,U7=1),0,IF(T7="GST on Income",ROUND(K7*0.1,2),ROUND(-K7*0.1,2))) -> 0
A8: INV-4318-1 | B8: INV-4318 | C8: 45840 | D8: 2025-07 | E8: C0074 | F8: C0074 | G8: Ironbark Events Pty Ltd | H8: S0046 | I8: Collection and dismantle - temporary fencing | J8: 1 | K8: 165 | L8: PAID | M8: =IF(L8="VOIDED",0,1) -> 1 | N8: 200 | O8: GST on Income | P8: R07 | Q8: DEL-FP | R8: =IF(OR(Q8="CONTEXT",Q8="REVIEW"),"",INDEX('Category Rules'!$D$5:$D$17,MATCH(P8,'Category Rules'!$A$5:$A$17,0))) -> 4020 | S8: =IF(Q8="CONTEXT","Fencing",IF(Q8="REVIEW","",INDEX('Category Rules'!$E$5:$E$17,MATCH(P8,'Category Rules'!$A$5:$A$17,0)))) -> Fencing | T8: =IF(Q8="DEP","BAS Excluded","GST on Income") -> GST on Income | U8: =IF(O8=T8,1,0) -> 1 | V8: =IF(OR(M8=0,U8=1),0,IF(T8="GST on Income",ROUND(K8*0.1,2),ROUND(-K8*0.1,2))) -> 0
A9: INV-4318-2 | B9: INV-4318 | C9: 45840 | D9: 2025-07 | E9: C0074 | F9: C0074 | G9: Ironbark Events Pty Ltd | H9: S0046 | I9: Lost/damaged panels charged - 3 @ 145.00 | J9: 3 | K9: 435 | L9: PAID | M9: =IF(L9="VOIDED",0,1) -> 1 | N9: 200 | O9: GST on Income | P9: R02 | Q9: LOSS | R9: =IF(OR(Q9="CONTEXT",Q9="REVIEW"),"",INDEX('Category Rules'!$D$5:$D$17,MATCH(P9,'Category Rules'!$A$5:$A$17,0))) -> 4040 | S9: =IF(Q9="CONTEXT","Fencing",IF(Q9="REVIEW","",INDEX('Category Rules'!$E$5:$E$17,MATCH(P9,'Category Rules'!$A$5:$A$17,0)))) -> Fencing | T9: =IF(Q9="DEP","BAS Excluded","GST on Income") -> GST on Income | U9: =IF(O9=T9,1,0) -> 1 | V9: =IF(OR(M9=0,U9=1),0,IF(T9="GST on Income",ROUND(K9*0.1,2),ROUND(-K9*0.1,2))) -> 0
A10: INV-5454-1 | B10: INV-5454 | C10: 45840 | D10: 2025-07 | E10: C0001 | F10: C0001 | G10: Parkview Projects Pty Ltd | H10: S0299 | I10: Emergency make safe call-out - after hours | J10: 1 | K10: 560 | L10: PAID | M10: =IF(L10="VOIDED",0,1) -> 1 | N10: 200 | O10: GST on Income | P10: R09 | Q10: MS | R10: =IF(OR(Q10="CONTEXT",Q10="REVIEW"),"",INDEX('Category Rules'!$D$5:$D$17,MATCH(P10,'Category Rules'!$A$5:$A$17,0))) -> 4020 | S10: =IF(Q10="CONTEXT","Make-safe",IF(Q10="REVIEW","",INDEX('Category Rules'!$E$5:$E$17,MATCH(P10,'Category Rules'!$A$5:$A$17,0)))) -> Make-safe | T10: =IF(Q10="DEP","BAS Excluded","GST on Income") -> GST on Income | U10: =IF(O10=T10,1,0) -> 1 | V10: =IF(OR(M10=0,U10=1),0,IF(T10="GST on Income",ROUND(K10*0.1,2),ROUND(-K10*0.1,2))) -> 0
A11: INV-4293-1 | B11: INV-4293 | C11: 45841 | D11: 2025-07 | E11: C0036 | F11: C0036 | G11: Summit Homes Pty Ltd | H11: S0039 | I11: Delivery and installation - temporary fencing | J11: 1 | K11: 165 | L11: PAID | M11: =IF(L11="VOIDED",0,1) -> 1 | N11: 200 | O11: GST on Income | P11: R07 | Q11: DEL-FP | R11: =IF(OR(Q11="CONTEXT",Q11="REVIEW"),"",INDEX('Category Rules'!$D$5:$D$17,MATCH(P11,'Category Rules'!$A$5:$A$17,0))) -> 4020 | S11: =IF(Q11="CONTEXT","Fencing",IF(Q11="REVIEW","",INDEX('Category Rules'!$E$5:$E$17,MATCH(P11,'Category Rules'!$A$5:$A$17,0)))) -> Fencing | T11: =IF(Q11="DEP","BAS Excluded","GST on Income") -> GST on Income | U11: =IF(O11=T11,1,0) -> 1 | V11: =IF(OR(M11=0,U11=1),0,IF(T11="GST on Income",ROUND(K11*0.1,2),ROUND(-K11*0.1,2))) -> 0
A12: INV-4293-2 | B12: INV-4293 | C12: 45841 | D12: 2025-07 | E12: C0036 | F12: C0036 | G12: Summit Homes Pty Ltd | H12: S0039 | I12: Installation labour - 99 panels @ 2.20 | J12: 99 | K12: 217.8 | L12: PAID | M12: =IF(L12="VOIDED",0,1) -> 1 | N12: 200 | O12: GST on Income | P12: R07 | Q12: DEL-FP | R12: =IF(OR(Q12="CONTEXT",Q12="REVIEW"),"",INDEX('Category Rules'!$D$5:$D$17,MATCH(P12,'Category Rules'!$A$5:$A$17,0))) -> 4020 | S12: =IF(Q12="CONTEXT","Fencing",IF(Q12="REVIEW","",INDEX('Category Rules'!$E$5:$E$17,MATCH(P12,'Category Rules'!$A$5:$A$17,0)))) -> Fencing | T12: =IF(Q12="DEP","BAS Excluded","GST on Income") -> GST on Income | U12: =IF(O12=T12,1,0) -> 1 | V12: =IF(OR(M12=0,U12=1),0,IF(T12="GST on Income",ROUND(K12*0.1,2),ROUND(-K12*0.1,2))) -> 0
A13: INV-4674-1 | B13: INV-4674 | C13: 45841 | D13: 2025-07 | E13: C0073 | F13: C0073 | G13: Juniper Festivals | H13: S0120 | I13: Temporary fence hire 4 wks (11/06/25-02/07/25) - 85 panels | J13: 340 | K13: 1530 | L13: PAID | M13: =IF(L13="VOIDED",0,1) -> 1 | N13: 260 | O13: GST on Income | P13: R03 | Q13: HIRE-FP | R13: =IF(OR(Q13="CONTEXT",Q13="REVIEW"),"",INDEX('Category Rules'!$D$5:$D$17,MATCH(P13,'Category Rules'!$A$5:$A$17,0))) -> 4010 | S13: =IF(Q13="CONTEXT","Fencing",IF(Q13="REVIEW","",INDEX('Category Rules'!$E$5:$E$17,MATCH(P13,'Category Rules'!$A$5:$A$17,0)))) -> Fencing | T13: =IF(Q13="DEP","BAS Excluded","GST on Income") -> GST on Income | U13: =IF(O13=T13,1,0) -> 1 | V13: =IF(OR(M13=0,U13=1),0,IF(T13="GST on Income",ROUND(K13*0.1,2),ROUND(-K13*0.1,2))) -> 0
A14: INV-4675-1 | B14: INV-4675 | C14: 45841 | D14: 2025-07 | E14: C0073 | F14: C0073 | G14: Juniper Festivals | H14: S0120 | I14: Pedestrian barrier hire 4 wks (11/06/25-02/07/25) - 15 barriers | J14: 60 | K14: 192 | L14: PAID | M14: =IF(L14="VOIDED",0,1) -> 1 | N14: 200 | O14: GST on Income | P14: R04 | Q14: HIRE-BR | R14: =IF(OR(Q14="CONTEXT",Q14="REVIEW"),"",INDEX('Category Rules'!$D$5:$D$17,MATCH(P14,'Category Rules'!$A$5:$A$17,0))) -> 4010 | S14: =IF(Q14="CONTEXT","Fencing",IF(Q14="REVIEW","",INDEX('Category Rules'!$E$5:$E$17,MATCH(P14,'Category Rules'!$A$5:$A$17,0)))) -> Fencing | T14: =IF(Q14="DEP","BAS Excluded","GST on Income") -> GST on Income | U14: =IF(O14=T14,1,0) -> 1 | V14: =IF(OR(M14=0,U14=1),0,IF(T14="GST on Income",ROUND(K14*0.1,2),ROUND(-K14*0.1,2))) -> 0
A15: INV-4676-1 | B15: INV-4676 | C15: 45841 | D15: 2025-07 | E15: C0073 | F15: C0073 | G15: Juniper Festivals | H15: S0120 | I15: Collection and dismantle - temporary fencing | J15: 1 | K15: 165 | L15: PAID | M15: =IF(L15="VOIDED",0,1) -> 1 | N15: 200 | O15: GST on Income | P15: R07 | Q15: DEL-FP | R15: =IF(OR(Q15="CONTEXT",Q15="REVIEW"),"",INDEX('Category Rules'!$D$5:$D$17,MATCH(P15,'Category Rules'!$A$5:$A$17,0))) -> 4020 | S15: =IF(Q15="CONTEXT","Fencing",IF(Q15="REVIEW","",INDEX('Category Rules'!$E$5:$E$17,MATCH(P15,'Category Rules'!$A$5:$A$17,0)))) -> Fencing | T15: =IF(Q15="DEP","BAS Excluded","GST on Income") -> GST on Income | U15: =IF(O15=T15,1,0) -> 1 | V15: =IF(OR(M15=0,U15=1),0,IF(T15="GST on Income",ROUND(K15*0.1,2),ROUND(-K15*0.1,2))) -> 0
A16: INV-4988-1 | B16: INV-4988 | C16: 45841 | D16: 2025-07 | E16: C0034 | F16: C0034 | G16: Norfolk Constructions Pty Ltd | H16: S0191 | I16: Temporary fence hire 2 wks (22/06/25-02/07/25) - 114 panels | J16: 228 | K16: 1026 | L16: PAID | M16: =IF(L16="VOIDED",0,1) -> 1 | N16: 200 | O16: GST on Income | P16: R03 | Q16: HIRE-FP | R16: =IF(OR(Q16="CONTEXT",Q16="REVIEW"),"",INDEX('Category Rules'!$D$5:$D$17,MATCH(P16,'Category Rules'!$A$5:$A$17,0))) -> 4010 | S16: =IF(Q16="CONTEXT","Fencing",IF(Q16="REVIEW","",INDEX('Category Rules'!$E$5:$E$17,MATCH(P16,'Category Rules'!$A$5:$A$17,0)))) -> Fencing | T16: =IF(Q16="DEP","BAS Excluded","GST on Income") -> GST on Income | U16: =IF(O16=T16,1,0) -> 1 | V16: =IF(OR(M16=0,U16=1),0,IF(T16="GST on Income",ROUND(K16*0.1,2),ROUND(-K16*0.1,2))) -> 0
A17: INV-4989-1 | B17: INV-4989 | C17: 45841 | D17: 2025-07 | E17: C0034 | F17: C0034 | G17: Norfolk Constructions Pty Ltd | H17: S0191 | I17: Collection and dismantle - temporary fencing | J17: 1 | K17: 165 | L17: PAID | M17: =IF(L17="VOIDED",0,1) -> 1 | N17: 200 | O17: GST on Income | P17: R07 | Q17: DEL-FP | R17: =IF(OR(Q17="CONTEXT",Q17="REVIEW"),"",INDEX('Category Rules'!$D$5:$D$17,MATCH(P17,'Category Rules'!$A$5:$A$17,0))) -> 4020 | S17: =IF(Q17="CONTEXT","Fencing",IF(Q17="REVIEW","",INDEX('Category Rules'!$E$5:$E$17,MATCH(P17,'Category Rules'!$A$5:$A$17,0)))) -> Fencing | T17: =IF(Q17="DEP","BAS Excluded","GST on Income") -> GST on Income | U17: =IF(O17=T17,1,0) -> 1 | V17: =IF(OR(M17=0,U17=1),0,IF(T17="GST on Income",ROUND(K17*0.1,2),ROUND(-K17*0.1,2))) -> 0
A18: INV-4276-1 | B18: INV-4276 | C18: 45842 | D18: 2025-07 | E18: C0040 | F18: C0040 | G18: Coastline Projects Pty Ltd | H18: S0037 | I18: Temporary fence hire 4 wks (06/06/25-03/07/25) - 132 panels | J18: 528 | K18: 2376 | L18: PAID | M18: =IF(L18="VOIDED",0,1) -> 1 | N18: 200 | O18: GST on Income | P18: R03 | Q18: HIRE-FP | R18: =IF(OR(Q18="CONTEXT",Q18="REVIEW"),"",INDEX('Category Rules'!$D$5:$D$17,MATCH(P18,'Category Rules'!$A$5:$A$17,0))) -> 4010 | S18: =IF(Q18="CONTEXT","Fencing",IF(Q18="REVIEW","",INDEX('Category Rules'!$E$5:$E$17,MATCH(P18,'Category Rules'!$A$5:$A$17,0)))) -> Fencing | T18: =IF(Q18="DEP","BAS Excluded","GST on Income") -> GST on Income | U18: =IF(O18=T18,1,0) -> 1 | V18: =IF(OR(M18=0,U18=1),0,IF(T18="GST on Income",ROUND(K18*0.1,2),ROUND(-K18*0.1,2))) -> 0
A19: INV-4528-1 | B19: INV-4528 | C19: 45842 | D19: 2025-07 | E19: C0022 | F19: C0022 | G19: Highpoint Projects | H19: S0085 | I19: Delivery and installation - temporary fencing | J19: 1 | K19: 165 | L19: PAID | M19: =IF(L19="VOIDED",0,1) -> 1 | N19: 200 | O19: GST on Income | P19: R07 | Q19: DEL-FP | R19: =IF(OR(Q19="CONTEXT",Q19="REVIEW"),"",INDEX('Category Rules'!$D$5:$D$17,MATCH(P19,'Category Rules'!$A$5:$A$17,0))) -> 4020 | S19: =IF(Q19="CONTEXT","Fencing",IF(Q19="REVIEW","",INDEX('Category Rules'!$E$5:$E$17,MATCH(P19,'Category Rules'!$A$5:$A$17,0)))) -> Fencing | T19: =IF(Q19="DEP","BAS Excluded","GST on Income") -> GST on Income | U19: =IF(O19=T19,1,0) -> 1 | V19: =IF(OR(M19=0,U19=1),0,IF(T19="GST on Income",ROUND(K19*0.1,2),ROUND(-K19*0.1,2))) -> 0
A20: INV-4528-2 | B20: INV-4528 | C20: 45842 | D20: 2025-07 | E20: C0022 | F20: C0022 | G20: Highpoint Projects | H20: S0085 | I20: Installation labour - 141 panels @ 2.20 | J20: 141 | K20: 310.2 | L20: PAID | M20: =IF(L20="VOIDED",0,1) -> 1 | N20: 200 | O20: GST on Income | P20: R07 | Q20: DEL-FP | R20: =IF(OR(Q20="CONTEXT",Q20="REVIEW"),"",INDEX('Category Rules'!$D$5:$D$17,MATCH(P20,'Category Rules'!$A$5:$A$17,0))) -> 4020 | S20: =IF(Q20="CONTEXT","Fencing",IF(Q20="REVIEW","",INDEX('Category Rules'!$E$5:$E$17,MATCH(P20,'Category Rules'!$A$5:$A$17,0)))) -> Fencing | T20: =IF(Q20="DEP","BAS Excluded","GST on Income") -> GST on Income | U20: =IF(O20=T20,1,0) -> 1 | V20: =IF(OR(M20=0,U20=1),0,IF(T20="GST on Income",ROUND(K20*0.1,2),ROUND(-K20*0.1,2))) -> 0
A21: INV-4803-1 | B21: INV-4803 | C21: 45842 | D21: 2025-07 | E21: C0001 | F21: C0001 | G21: Parkview Projects Pty Ltd | H21: S0150 | I21: Temporary fence hire 4 wks (08/06/25-03/07/25) - 23 panels | J21: 92 | K21: 414 | L21: PAID | M21: =IF(L21="VOIDED",0,1) -> 1 | N21: 200 | O21: GST on Income | P21: R03 | Q21: HIRE-FP | R21: =IF(OR(Q21="CONTEXT",Q21="REVIEW"),"",INDEX('Category Rules'!$D$5:$D$17,MATCH(P21,'Category Rules'!$A$5:$A$17,0))) -> 4010 | S21: =IF(Q21="CONTEXT","Fencing",IF(Q21="REVIEW","",INDEX('Category Rules'!$E$5:$E$17,MATCH(P21,'Category Rules'!$A$5:$A$17,0)))) -> Fencing | T21: =IF(Q21="DEP","BAS Excluded","GST on Income") -> GST on Income | U21: =IF(O21=T21,1,0) -> 1 | V21: =IF(OR(M21=0,U21=1),0,IF(T21="GST on Income",ROUND(K21*0.1,2),ROUND(-K21*0.1,2))) -> 0
A22: INV-4804-1 | B22: INV-4804 | C22: 45842 | D22: 2025-07 | E22: C0001 | F22: C0001 | G22: Parkview Projects Pty Ltd | H22: S0150 | I22: Pedestrian barrier hire 4 wks (08/06/25-03/07/25) - 10 barriers | J22: 40 | K22: 128 | L22: PAID | M22: =IF(L22="VOIDED",0,1) -> 1 | N22: 200 | O22: GST on Income | P22: R04 | Q22: HIRE-BR | R22: =IF(OR(Q22="CONTEXT",Q22="REVIEW"),"",INDEX('Category Rules'!$D$5:$D$17,MATCH(P22,'Category Rules'!$A$5:$A$17,0))) -> 4010 | S22: =IF(Q22="CONTEXT","Fencing",IF(Q22="REVIEW","",INDEX('Category Rules'!$E$5:$E$17,MATCH(P22,'Category Rules'!$A$5:$A$17,0)))) -> Fencing | T22: =IF(Q22="DEP","BAS Excluded","GST on Income") -> GST on Income | U22: =IF(O22=T22,1,0) -> 1 | V22: =IF(OR(M22=0,U22=1),0,IF(T22="GST on Income",ROUND(K22*0.1,2),ROUND(-K22*0.1,2))) -> 0
A23: INV-4805-1 | B23: INV-4805 | C23: 45842 | D23: 2025-07 | E23: C0001 | F23: C0001 | G23: Parkview Projects Pty Ltd | H23: S0150 | I23: Collection and dismantle - temporary fencing | J23: 1 | K23: 165 | L23: PAID | M23: =IF(L23="VOIDED",0,1) -> 1 | N23: 200 | O23: GST on Income | P23: R07 | Q23: DEL-FP | R23: =IF(OR(Q23="CONTEXT",Q23="REVIEW"),"",INDEX('Category Rules'!$D$5:$D$17,MATCH(P23,'Category Rules'!$A$5:$A$17,0))) -> 4020 | S23: =IF(Q23="CONTEXT","Fencing",IF(Q23="REVIEW","",INDEX('Category Rules'!$E$5:$E$17,MATCH(P23,'Category Rules'!$A$5:$A$17,0)))) -> Fencing | T23: =IF(Q23="DEP","BAS Excluded","GST on Income") -> GST on Income | U23: =IF(O23=T23,1,0) -> 1 | V23: =IF(OR(M23=0,U23=1),0,IF(T23="GST on Income",ROUND(K23*0.1,2),ROUND(-K23*0.1,2))) -> 0
A24: INV-5622-1 | B24: INV-5622 | C24: 45842 | D24: 2025-07 | E24: C0064 | F24: C0064 | G24: Lakeside Claims Services Pty Ltd | H24: S0391 | I24: Emergency make safe call-out - after hours | J24: 1 | K24: 560 | L24: PAID | M24: =IF(L24="VOIDED",0,1) -> 1 | N24: 260 | O24: GST on Income | P24: R09 | Q24: MS | R24: =IF(OR(Q24="CONTEXT",Q24="REVIEW"),"",INDEX('Category Rules'!$D$5:$D$17,MATCH(P24,'Category Rules'!$A$5:$A$17,0))) -> 4020 | S24: =IF(Q24="CONTEXT","Make-safe",IF(Q24="REVIEW","",INDEX('Category Rules'!$E$5:$E$17,MATCH(P24,'Category Rules'!$A$5:$A$17,0)))) -> Make-safe | T24: =IF(Q24="DEP","BAS Excluded","GST on Income") -> GST on Income | U24: =IF(O24=T24,1,0) -> 1 | V24: =IF(OR(M24=0,U24=1),0,IF(T24="GST on Income",ROUND(K24*0.1,2),ROUND(-K24*0.1,2))) -> 0
A25: INV-5622-2 | B25: INV-5622 | C25: 45842 | D25: 2025-07 | E25: C0064 | F25: C0064 | G25: Lakeside Claims Services Pty Ltd | H25: S0391 | I25: Tarp supply and install - 3 tarp(s) | J25: 3 | K25: 720 | L25: PAID | M25: =IF(L25="VOIDED",0,1) -> 1 | N25: 200 | O25: GST on Income | P25: R09 | Q25: MS | R25: =IF(OR(Q25="CONTEXT",Q25="REVIEW"),"",INDEX('Category Rules'!$D$5:$D$17,MATCH(P25,'Category Rules'!$A$5:$A$17,0))) -> 4020 | S25: =IF(Q25="CONTEXT","Make-safe",IF(Q25="REVIEW","",INDEX('Category Rules'!$E$5:$E$17,MATCH(P25,'Category Rules'!$A$5:$A$17,0)))) -> Make-safe | T25: =IF(Q25="DEP","BAS Excluded","GST on Income") -> GST on Income | U25: =IF(O25=T25,1,0) -> 1 | V25: =IF(OR(M25=0,U25=1),0,IF(T25="GST on Income",ROUND(K25*0.1,2),ROUND(-K25*0.1,2))) -> 0
A26: INV-5910-1 | B26: INV-5910 | C26: 45842 | D26: 2025-07 | E26: C0034 | F26: C0034 | G26: Norfolk Constructions Pty Ltd | H26: S0255 | I26: Fence and make safe package - Job 1311 | J26: 1 | K26: 1093 | L26: PAID | M26: =IF(L26="VOIDED",0,1) -> 1 | N26: 200 | O26: GST on Income | P26: R00 | Q26: CONTEXT | R26: =IF(OR(Q26="CONTEXT",Q26="REVIEW"),"",INDEX('Category Rules'!$D$5:$D$17,MATCH(P26,'Category Rules'!$A$5:$A$17,0))) | S26: =IF(Q26="CONTEXT","Scaffolding",IF(Q26="REVIEW","",INDEX('Category Rules'!$E$5:$E$17,MATCH(P26,'Category Rules'!$A$5:$A$17,0)))) -> Scaffolding | T26: =IF(Q26="DEP","BAS Excluded","GST on Income") -> GST on Income | U26: =IF(O26=T26,1,0) -> 1 | V26: =IF(OR(M26=0,U26=1),0,IF(T26="GST on Income",ROUND(K26*0.1,2),ROUND(-K26*0.1,2))) -> 0
A27: INV-4277-1 | B27: INV-4277 | C27: 45843 | D27: 2025-07 | E27: C0151 | F27: C0040 | G27: Coastline Projects Pty Ltd | H27: S0037 | I27: Temporary fence hire 1 wks (04/07/25-04/07/25) - 132 panels | J27: 132 | K27: 594 | L27: PAID | M27: =IF(L27="VOIDED",0,1) -> 1 | N27: 200 | O27: GST on Income | P27: R03 | Q27: HIRE-FP | R27: =IF(OR(Q27="CONTEXT",Q27="REVIEW"),"",INDEX('Category Rules'!$D$5:$D$17,MATCH(P27,'Category Rules'!$A$5:$A$17,0))) -> 4010 | S27: =IF(Q27="CONTEXT","Fencing",IF(Q27="REVIEW","",INDEX('Category Rules'!$E$5:$E$17,MATCH(P27,'Category Rules'!$A$5:$A$17,0)))) -> Fencing | T27: =IF(Q27="DEP","BAS Excluded","GST on Income") -> GST on Income | U27: =IF(O27=T27,1,0) -> 1 | V27: =IF(OR(M27=0,U27=1),0,IF(T27="GST on Income",ROUND(K27*0.1,2),ROUND(-K27*0.1,2))) -> 0
A28: INV-4278-1 | B28: INV-4278 | C28: 45843 | D28: 2025-07 | E28: C0040 | F28: C0040 | G28: Coastline Projects Pty Ltd | H28: S0037 | I28: Collection and dismantle - temporary fencing | J28: 1 | K28: 165 | L28: PAID | M28: =IF(L28="VOIDED",0,1) -> 1 | N28: 200 | O28: GST on Income | P28: R07 | Q28: DEL-FP | R28: =IF(OR(Q28="CONTEXT",Q28="REVIEW"),"",INDEX('Category Rules'!$D$5:$D$17,MATCH(P28,'Category Rules'!$A$5:$A$17,0))) -> 4020 | S28: =IF(Q28="CONTEXT","Fencing",IF(Q28="REVIEW","",INDEX('Category Rules'!$E$5:$E$17,MATCH(P28,'Category Rules'!$A$5:$A$17,0)))) -> Fencing | T28: =IF(Q28="DEP","BAS Excluded","GST on Income") -> GST on Income | U28: =IF(O28=T28,1,0) -> 1 | V28: =IF(OR(M28=0,U28=1),0,IF(T28="GST on Income",ROUND(K28*0.1,2),ROUND(-K28*0.1,2))) -> 0
A29: INV-4564-1 | B29: INV-4564 | C29: 45843 | D29: 2025-07 | E29: C0041 | F29: C0041 | G29: Summit Builders Pty Ltd | H29: S0093 | I29: Delivery and installation - temporary fencing | J29: 1 | K29: 165 | L29: PAID | M29: =IF(L29="VOIDED",0,1) -> 1 | N29: 200 | O29: GST on Income | P29: R07 | Q29: DEL-FP | R29: =IF(OR(Q29="CONTEXT",Q29="REVIEW"),"",INDEX('Category Rules'!$D$5:$D$17,MATCH(P29,'Category Rules'!$A$5:$A$17,0))) -> 4020 | S29: =IF(Q29="CONTEXT","Fencing",IF(Q29="REVIEW","",INDEX('Category Rules'!$E$5:$E$17,MATCH(P29,'Category Rules'!$A$5:$A$17,0)))) -> Fencing | T29: =IF(Q29="DEP","BAS Excluded","GST on Income") -> GST on Income | U29: =IF(O29=T29,1,0) -> 1 | V29: =IF(OR(M29=0,U29=1),0,IF(T29="GST on Income",ROUND(K29*0.1,2),ROUND(-K29*0.1,2))) -> 0
A30: INV-4564-2 | B30: INV-4564 | C30: 45843 | D30: 2025-07 | E30: C0041 | F30: C0041 | G30: Summit Builders Pty Ltd | H30: S0093 | I30: Installation labour - 139 panels @ 2.20 | J30: 139 | K30: 305.8 | L30: PAID | M30: =IF(L30="VOIDED",0,1) -> 1 | N30: 200 | O30: GST on Income | P30: R07 | Q30: DEL-FP | R30: =IF(OR(Q30="CONTEXT",Q30="REVIEW"),"",INDEX('Category Rules'!$D$5:$D$17,MATCH(P30,'Category Rules'!$A$5:$A$17,0))) -> 4020 | S30: =IF(Q30="CONTEXT","Fencing",IF(Q30="REVIEW","",INDEX('Category Rules'!$E$5:$E$17,MATCH(P30,'Category Rules'!$A$5:$A$17,0)))) -> Fencing | T30: =IF(Q30="DEP","BAS Excluded","GST on Income") -> GST on Income | U30: =IF(O30=T30,1,0) -> 1 | V30: =IF(OR(M30=0,U30=1),0,IF(T30="GST on Income",ROUND(K30*0.1,2),ROUND(-K30*0.1,2))) -> 0
A31: INV-5731-1 | B31: INV-5731 | C31: 45843 | D31: 2025-07 | E31: C0091 | F31: C0091 | G31: Zoe Martin | H31: S0450 | I31: Make safe call-out | J31: 1 | K31: 385 | L31: PAID | M31: =IF(L31="VOIDED",0,1) -> 1 | N31: 200 | O31: GST on Income | P31: R09 | Q31: MS | R31: =IF(OR(Q31="CONTEXT",Q31="REVIEW"),"",INDEX('Category Rules'!$D$5:$D$17,MATCH(P31,'Category Rules'!$A$5:$A$17,0))) -> 4020 | S31: =IF(Q31="CONTEXT","Make-safe",IF(Q31="REVIEW","",INDEX('Category Rules'!$E$5:$E$17,MATCH(P31,'Category Rules'!$A$5:$A$17,0)))) -> Make-safe | T31: =IF(Q31="DEP","BAS Excluded","GST on Income") -> GST on Income | U31: =IF(O31=T31,1,0) -> 1 | V31: =IF(OR(M31=0,U31=1),0,IF(T31="GST on Income",ROUND(K31*0.1,2),ROUND(-K31*0.1,2))) -> 0
A32: INV-4657-1 | B32: INV-4657 | C32: 45844 | D32: 2025-07 | E32: C0036 | F32: C0036 | G32: Summit Homes Pty Ltd | H32: S0113 | I32: Delivery and installation - temporary fencing | J32: 1 | K32: 165 | L32: PAID | M32: =IF(L32="VOIDED",0,1) -> 1 | N32: 200 | O32: GST on Income | P32: R07 | Q32: DEL-FP | R32: =IF(OR(Q32="CONTEXT",Q32="REVIEW"),"",INDEX('Category Rules'!$D$5:$D$17,MATCH(P32,'Category Rules'!$A$5:$A$17,0))) -> 4020 | S32: =IF(Q32="CONTEXT","Fencing",IF(Q32="REVIEW","",INDEX('Category Rules'!$E$5:$E$17,MATCH(P32,'Category Rules'!$A$5:$A$17,0)))) -> Fencing | T32: =IF(Q32="DEP","BAS Excluded","GST on Income") -> GST on Income | U32: =IF(O32=T32,1,0) -> 1 | V32: =IF(OR(M32=0,U32=1),0,IF(T32="GST on Income",ROUND(K32*0.1,2),ROUND(-K32*0.1,2))) -> 0
A33: INV-4657-2 | B33: INV-4657 | C33: 45844 | D33: 2025-07 | E33: C0036 | F33: C0036 | G33: Summit Homes Pty Ltd | H33: S0113 | I33: Installation labour - 78 panels @ 2.20 | J33: 78 | K33: 171.6 | L33: PAID | M33: =IF(L33="VOIDED",0,1) -> 1 | N33: 200 | O33: GST on Income | P33: R07 | Q33: DEL-FP | R33: =IF(OR(Q33="CONTEXT",Q33="REVIEW"),"",INDEX('Category Rules'!$D$5:$D$17,MATCH(P33,'Category Rules'!$A$5:$A$17,0))) -> 4020 | S33: =IF(Q33="CONTEXT","Fencing",IF(Q33="REVIEW","",INDEX('Category Rules'!$E$5:$E$17,MATCH(P33,'Category Rules'!$A$5:$A$17,0)))) -> Fencing | T33: =IF(Q33="DEP","BAS Excluded","GST on Income") -> GST on Income | U33: =IF(O33=T33,1,0) -> 1 | V33: =IF(OR(M33=0,U33=1),0,IF(T33="GST on Income",ROUND(K33*0.1,2),ROUND(-K33*0.1,2))) -> 0
A34: INV-5081-1 | B34: INV-5081 | C34: 45844 | D34: 2025-07 | E34: C0022 | F34: C0022 | G34: Highpoint Projects | H34: S0210 | I34: Temporary fence hire 4 wks (10/06/25-05/07/25) - 49 panels | J34: 196 | K34: 882 | L34: PAID | M34: =IF(L34="VOIDED",0,1) -> 1 | N34: 200 | O34: GST on Income | P34: R03 | Q34: HIRE-FP | R34: =IF(OR(Q34="CONTEXT",Q34="REVIEW"),"",INDEX('Category Rules'!$D$5:$D$17,MATCH(P34,'Category Rules'!$A$5:$A$17,0))) -> 4010 | S34: =IF(Q34="CONTEXT","Fencing",IF(Q34="REVIEW","",INDEX('Category Rules'!$E$5:$E$17,MATCH(P34,'Category Rules'!$A$5:$A$17,0)))) -> Fencing | T34: =IF(Q34="DEP","BAS Excluded","GST on Income") -> GST on Income | U34: =IF(O34=T34,1,0) -> 1 | V34: =IF(OR(M34=0,U34=1),0,IF(T34="GST on Income",ROUND(K34*0.1,2),ROUND(-K34*0.1,2))) -> 0
A35: INV-5082-1 | B35: INV-5082 | C35: 45844 | D35: 2025-07 | E35: C0022 | F35: C0022 | G35: Highpoint Projects | H35: S0210 | I35: Collection and dismantle - temporary fencing | J35: 1 | K35: 165 | L35: PAID | M35: =IF(L35="VOIDED",0,1) -> 1 | N35: 200 | O35: GST on Income | P35: R07 | Q35: DEL-FP | R35: =IF(OR(Q35="CONTEXT",Q35="REVIEW"),"",INDEX('Category Rules'!$D$5:$D$17,MATCH(P35,'Category Rules'!$A$5:$A$17,0))) -> 4020 | S35: =IF(Q35="CONTEXT","Fencing",IF(Q35="REVIEW","",INDEX('Category Rules'!$E$5:$E$17,MATCH(P35,'Category Rules'!$A$5:$A$17,0)))) -> Fencing | T35: =IF(Q35="DEP","BAS Excluded","GST on Income") -> GST on Income | U35: =IF(O35=T35,1,0) -> 1 | V35: =IF(OR(M35=0,U35=1),0,IF(T35="GST on Income",ROUND(K35*0.1,2),ROUND(-K35*0.1,2))) -> 0
A36: INV-4341-1 | B36: INV-4341 | C36: 45845 | D36: 2025-07 | E36: C0116 | F36: C0116 | G36: Lucas Patel | H36: S0051 | I36: Temporary fence hire 4 wks (09/06/25-06/07/25) - 38 panels | J36: 152 | K36: 684 | L36: PAID | M36: =IF(L36="VOIDED",0,1) -> 1 | N36: 200 | O36: GST on Income | P36: R03 | Q36: HIRE-FP | R36: =IF(OR(Q36="CONTEXT",Q36="REVIEW"),"",INDEX('Category Rules'!$D$5:$D$17,MATCH(P36,'Category Rules'!$A$5:$A$17,0))) -> 4010 | S36: =IF(Q36="CONTEXT","Fencing",IF(Q36="REVIEW","",INDEX('Category Rules'!$E$5:$E$17,MATCH(P36,'Category Rules'!$A$5:$A$17,0)))) -> Fencing | T36: =IF(Q36="DEP","BAS Excluded","GST on Income") -> GST on Income | U36: =IF(O36=T36,1,0) -> 1 | V36: =IF(OR(M36=0,U36=1),0,IF(T36="GST on Income",ROUND(K36*0.1,2),ROUND(-K36*0.1,2))) -> 0
A37: INV-4386-1 | B37: INV-4386 | C37: 45845 | D37: 2025-07 | E37: C0119 | F37: C0119 | G37: Northgate Builders Pty Ltd | H37: S0059 | I37: Delivery and installation - temporary fencing | J37: 1 | K37: 165 | L37: PAID | M37: =IF(L37="VOIDED",0,1) -> 1 | N37: 200 | O37: GST on Income | P37: R07 | Q37: DEL-FP | R37: =IF(OR(Q37="CONTEXT",Q37="REVIEW"),"",INDEX('Category Rules'!$D$5:$D$17,MATCH(P37,'Category Rules'!$A$5:$A$17,0))) -> 4020 | S37: =IF(Q37="CONTEXT","Fencing",IF(Q37="REVIEW","",INDEX('Category Rules'!$E$5:$E$17,MATCH(P37,'Category Rules'!$A$5:$A$17,0)))) -> Fencing | T37: =IF(Q37="DEP","BAS Excluded","GST on Income") -> GST on Income | U37: =IF(O37=T37,1,0) -> 1 | V37: =IF(OR(M37=0,U37=1),0,IF(T37="GST on Income",ROUND(K37*0.1,2),ROUND(-K37*0.1,2))) -> 0
A38: INV-4386-2 | B38: INV-4386 | C38: 45845 | D38: 2025-07 | E38: C0119 | F38: C0119 | G38: Northgate Builders Pty Ltd | H38: S0059 | I38: Installation labour - 135 panels @ 2.20 | J38: 135 | K38: 297 | L38: PAID | M38: =IF(L38="VOIDED",0,1) -> 1 | N38: 200 | O38: GST on Income | P38: R07 | Q38: DEL-FP | R38: =IF(OR(Q38="CONTEXT",Q38="REVIEW"),"",INDEX('Category Rules'!$D$5:$D$17,MATCH(P38,'Category Rules'!$A$5:$A$17,0))) -> 4020 | S38: =IF(Q38="CONTEXT","Fencing",IF(Q38="REVIEW","",INDEX('Category Rules'!$E$5:$E$17,MATCH(P38,'Category Rules'!$A$5:$A$17,0)))) -> Fencing | T38: =IF(Q38="DEP","BAS Excluded","GST on Income") -> GST on Income | U38: =IF(O38=T38,1,0) -> 1 | V38: =IF(OR(M38=0,U38=1),0,IF(T38="GST on Income",ROUND(K38*0.1,2),ROUND(-K38*0.1,2))) -> 0
A39: INV-5902-1 | B39: INV-5902 | C39: 45845 | D39: 2025-07 | E39: C0002 | F39: C0002 | G39: Summit Building Group | H39: S0498 | I39: Variation 4593 - additional works | J39: 1 | K39: 341.94 | L39: PAID | M39: =IF(L39="VOIDED",0,1) -> 1 | N39: 200 | O39: GST on Income | P39: R12 | Q39: CONTEXT | R39: =IF(OR(Q39="CONTEXT",Q39="REVIEW"),"",INDEX('Category Rules'!$D$5:$D$17,MATCH(P39,'Category Rules'!$A$5:$A$17,0))) | S39: =IF(Q39="CONTEXT","Roofing",IF(Q39="REVIEW","",INDEX('Category Rules'!$E$5:$E$17,MATCH(P39,'Category Rules'!$A$5:$A$17,0)))) -> Roofing | T39: =IF(Q39="DEP","BAS Excluded","GST on Income") -> GST on Income | U39: =IF(O39=T39,1,0) -> 1 | V39: =IF(OR(M39=0,U39=1),0,IF(T39="GST on Income",ROUND(K39*0.1,2),ROUND(-K39*0.1,2))) -> 0
A40: INV-5905-1 | B40: INV-5905 | C40: 45845 | D40: 2025-07 | E40: C0062 | F40: C0062 | G40: Wattle Insurance Repairs Pty Ltd | H40: S0318 | I40: Variation 1457 - additional works | J40: 1 | K40: 2945.37 | L40: PAID | M40: =IF(L40="VOIDED",0,1) -> 1 | N40: 200 | O40: GST on Income | P40: R12 | Q40: CONTEXT | R40: =IF(OR(Q40="CONTEXT",Q40="REVIEW"),"",INDEX('Category Rules'!$D$5:$D$17,MATCH(P40,'Category Rules'!$A$5:$A$17,0))) | S40: =IF(Q40="CONTEXT","Roofing",IF(Q40="REVIEW","",INDEX('Category Rules'!$E$5:$E$17,MATCH(P40,'Category Rules'!$A$5:$A$17,0)))) -> Roofing | T40: =IF(Q40="DEP","BAS Excluded","GST on Income") -> GST on Income | U40: =IF(O40=T40,1,0) -> 1 | V40: =IF(OR(M40=0,U40=1),0,IF(T40="GST on Income",ROUND(K40*0.1,2),ROUND(-K40*0.1,2))) -> 0
A41: INV-5111-1 | B41: INV-5111 | C41: 45846 | D41: 2025-07 | E41: C0029 | F41: C0029 | G41: Ironbark Constructions | H41: S0216 | I41: Temporary fence hire 4 wks (10/06/25-07/07/25) - 102 panels | J41: 408 | K41: 1836 | L41: PAID | M41: =IF(L41="VOIDED",0,1) -> 1 | N41: 200 | O41: GST on Income | P41: R03 | Q41: HIRE-FP | R41: =IF(OR(Q41="CONTEXT",Q41="REVIEW"),"",INDEX('Category Rules'!$D$5:$D$17,MATCH(P41,'Category Rules'!$A$5:$A$17,0))) -> 4010 | S41: =IF(Q41="CONTEXT","Fencing",IF(Q41="REVIEW","",INDEX('Category Rules'!$E$5:$E$17,MATCH(P41,'Category Rules'!$A$5:$A$17,0)))) -> Fencing | T41: =IF(Q41="DEP","BAS Excluded","GST on Income") -> GST on Income | U41: =IF(O41=T41,1,0) -> 1 | V41: =IF(OR(M41=0,U41=1),0,IF(T41="GST on Income",ROUND(K41*0.1,2),ROUND(-K41*0.1,2))) -> 0
A42: INV-5738-1 | B42: INV-5738 | C42: 45846 | D42: 2025-07 | E42: C0006 | F42: C0006 | G42: Harbour Homes | H42: S0454 | I42: Make safe call-out | J42: 1 | K42: 385 | L42: PAID | M42: =IF(L42="VOIDED",0,1) -> 1 | N42: 200 | O42: GST on Income | P42: R09 | Q42: MS | R42: =IF(OR(Q42="CONTEXT",Q42="REVIEW"),"",INDEX('Category Rules'!$D$5:$D$17,MATCH(P42,'Category Rules'!$A$5:$A$17,0))) -> 4020 | S42: =IF(Q42="CONTEXT","Make-safe",IF(Q42="REVIEW","",INDEX('Category Rules'!$E$5:$E$17,MATCH(P42,'Category Rules'!$A$5:$A$17,0)))) -> Make-safe | T42: =IF(Q42="DEP","BAS Excluded","GST on Income") -> GST on Income | U42: =IF(O42=T42,1,0) -> 1 | V42: =IF(OR(M42=0,U42=1),0,IF(T42="GST on Income",ROUND(K42*0.1,2),ROUND(-K42*0.1,2))) -> 0
A43: INV-5748-1 | B43: INV-5748 | C43: 45848 | D43: 2025-07 | E43: C0012 | F43: C0012 | G43: Kestrel Constructions Pty Ltd | H43: S0459 | I43: Emergency make safe call-out - after hours | J43: 1 | K43: 560 | L43: PAID | M43: =IF(L43="VOIDED",0,1) -> 1 | N43: 200 | O43: GST on Income | P43: R09 | Q43: MS | R43: =IF(OR(Q43="CONTEXT",Q43="REVIEW"),"",INDEX('Category Rules'!$D$5:$D$17,MATCH(P43,'Category Rules'!$A$5:$A$17,0))) -> 4020 | S43: =IF(Q43="CONTEXT","Make-safe",IF(Q43="REVIEW","",INDEX('Category Rules'!$E$5:$E$17,MATCH(P43,'Category Rules'!$A$5:$A$17,0)))) -> Make-safe | T43: =IF(Q43="DEP","BAS Excluded","GST on Income") -> GST on Income | U43: =IF(O43=T43,1,0) -> 1 | V43: =IF(OR(M43=0,U43=1),0,IF(T43="GST on Income",ROUND(K43*0.1,2),ROUND(-K43*0.1,2))) -> 0
A44: INV-5748-2 | B44: INV-5748 | C44: 45848 | D44: 2025-07 | E44: C0012 | F44: C0012 | G44: Kestrel Constructions Pty Ltd | H44: S0459 | I44: Tarp supply and install - 3 tarp(s) | J44: 3 | K44: 720 | L44: PAID | M44: =IF(L44="VOIDED",0,1) -> 1 | N44: 200 | O44: GST on Income | P44: R09 | Q44: MS | R44: =IF(OR(Q44="CONTEXT",Q44="REVIEW"),"",INDEX('Category Rules'!$D$5:$D$17,MATCH(P44,'Category Rules'!$A$5:$A$17,0))) -> 4020 | S44: =IF(Q44="CONTEXT","Make-safe",IF(Q44="REVIEW","",INDEX('Category Rules'!$E$5:$E$17,MATCH(P44,'Category Rules'!$A$5:$A$17,0)))) -> Make-safe | T44: =IF(Q44="DEP","BAS Excluded","GST on Income") -> GST on Income | U44: =IF(O44=T44,1,0) -> 1 | V44: =IF(OR(M44=0,U44=1),0,IF(T44="GST on Income",ROUND(K44*0.1,2),ROUND(-K44*0.1,2))) -> 0
A45: INV-5352-1 | B45: INV-5352 | C45: 45849 | D45: 2025-07 | E45: C0119 | F45: C0119 | G45: Northgate Builders Pty Ltd | H45: S0271 | I45: Scaffold erect - 4 tower(s) | J45: 4 | K45: 1680 | L45: PAID | M45: =IF(L45="VOIDED",0,1) -> 1 | N45: 200 | O45: GST on Income | P45: R08 | Q45: LAB-ST | R45: =IF(OR(Q45="CONTEXT",Q45="REVIEW"),"",INDEX('Category Rules'!$D$5:$D$17,MATCH(P45,'Category Rules'!$A$5:$A$17,0))) -> 4020 | S45: =IF(Q45="CONTEXT","Scaffolding",IF(Q45="REVIEW","",INDEX('Category Rules'!$E$5:$E$17,MATCH(P45,'Category Rules'!$A$5:$A$17,0)))) -> Scaffolding | T45: =IF(Q45="DEP","BAS Excluded","GST on Income") -> GST on Income | U45: =IF(O45=T45,1,0) -> 1 | V45: =IF(OR(M45=0,U45=1),0,IF(T45="GST on Income",ROUND(K45*0.1,2),ROUND(-K45*0.1,2))) -> 0
A46: INV-4192-1 | B46: INV-4192 | C46: 45850 | D46: 2025-07 | E46: C0034 | F46: C0034 | G46: Norfolk Constructions Pty Ltd | H46: S0018 | I46: Temporary fence hire 4 wks (14/06/25-11/07/25) - 80 panels | J46: 320 | K46: 1440 | L46: PAID | M46: =IF(L46="VOIDED",0,1) -> 1 | N46: 200 | O46: GST on Income | P46: R03 | Q46: HIRE-FP | R46: =IF(OR(Q46="CONTEXT",Q46="REVIEW"),"",INDEX('Category Rules'!$D$5:$D$17,MATCH(P46,'Category Rules'!$A$5:$A$17,0))) -> 4010 | S46: =IF(Q46="CONTEXT","Fencing",IF(Q46="REVIEW","",INDEX('Category Rules'!$E$5:$E$17,MATCH(P46,'Category Rules'!$A$5:$A$17,0)))) -> Fencing | T46: =IF(Q46="DEP","BAS Excluded","GST on Income") -> GST on Income | U46: =IF(O46=T46,1,0) -> 1 | V46: =IF(OR(M46=0,U46=1),0,IF(T46="GST on Income",ROUND(K46*0.1,2),ROUND(-K46*0.1,2))) -> 0
A47: INV-4612-1 | B47: INV-4612 | C47: 45850 | D47: 2025-07 | E47: C0011 | F47: C0011 | G47: Wattle Homes Pty Ltd | H47: S0102 | I47: Temporary fence hire 3 wks (23/06/25-11/07/25) - 34 panels | J47: 102 | K47: 459 | L47: PAID | M47: =IF(L47="VOIDED",0,1) -> 1 | N47: 200 | O47: GST on Income | P47: R03 | Q47: HIRE-FP | R47: =IF(OR(Q47="CONTEXT",Q47="REVIEW"),"",INDEX('Category Rules'!$D$5:$D$17,MATCH(P47,'Category Rules'!$A$5:$A$17,0))) -> 4010 | S47: =IF(Q47="CONTEXT","Fencing",IF(Q47="REVIEW","",INDEX('Category Rules'!$E$5:$E$17,MATCH(P47,'Category Rules'!$A$5:$A$17,0)))) -> Fencing | T47: =IF(Q47="DEP","BAS Excluded","GST on Income") -> GST on Income | U47: =IF(O47=T47,1,0) -> 1 | V47: =IF(OR(M47=0,U47=1),0,IF(T47="GST on Income",ROUND(K47*0.1,2),ROUND(-K47*0.1,2))) -> 0
A48: INV-4613-1 | B48: INV-4613 | C48: 45850 | D48: 2025-07 | E48: C0011 | F48: C0011 | G48: Wattle Homes Pty Ltd | H48: S0102 | I48: Collection and dismantle - temporary fencing | J48: 1 | K48: 165 | L48: PAID | M48: =IF(L48="VOIDED",0,1) -> 1 | N48: 200 | O48: GST on Income | P48: R07 | Q48: DEL-FP | R48: =IF(OR(Q48="CONTEXT",Q48="REVIEW"),"",INDEX('Category Rules'!$D$5:$D$17,MATCH(P48,'Category Rules'!$A$5:$A$17,0))) -> 4020 | S48: =IF(Q48="CONTEXT","Fencing",IF(Q48="REVIEW","",INDEX('Category Rules'!$E$5:$E$17,MATCH(P48,'Category Rules'!$A$5:$A$17,0)))) -> Fencing | T48: =IF(Q48="DEP","BAS Excluded","GST on Income") -> GST on Income | U48: =IF(O48=T48,1,0) -> 1 | V48: =IF(OR(M48=0,U48=1),0,IF(T48="GST on Income",ROUND(K48*0.1,2),ROUND(-K48*0.1,2))) -> 0
A49: INV-4671-1 | B49: INV-4671 | C49: 45850 | D49: 2025-07 | E49: C0007 | F49: C0007 | G49: Eastlink Projects | H49: S0116 | I49: Delivery and installation - temporary fencing | J49: 1 | K49: 165 | L49: PAID | M49: =IF(L49="VOIDED",0,1) -> 1 | N49: 200 | O49: GST on Income | P49: R07 | Q49: DEL-FP | R49: =IF(OR(Q49="CONTEXT",Q49="REVIEW"),"",INDEX('Category Rules'!$D$5:$D$17,MATCH(P49,'Category Rules'!$A$5:$A$17,0))) -> 4020 | S49: =IF(Q49="CONTEXT","Fencing",IF(Q49="REVIEW","",INDEX('Category Rules'!$E$5:$E$17,MATCH(P49,'Category Rules'!$A$5:$A$17,0)))) -> Fencing | T49: =IF(Q49="DEP","BAS Excluded","GST on Income") -> GST on Income | U49: =IF(O49=T49,1,0) -> 1 | V49: =IF(OR(M49=0,U49=1),0,IF(T49="GST on Income",ROUND(K49*0.1,2),ROUND(-K49*0.1,2))) -> 0
A50: INV-4671-2 | B50: INV-4671 | C50: 45850 | D50: 2025-07 | E50: C0007 | F50: C0007 | G50: Eastlink Projects | H50: S0116 | I50: Installation labour - 158 panels @ 2.20 | J50: 158 | K50: 347.6 | L50: PAID | M50: =IF(L50="VOIDED",0,1) -> 1 | N50: 200 | O50: GST on Income | P50: R07 | Q50: DEL-FP | R50: =IF(OR(Q50="CONTEXT",Q50="REVIEW"),"",INDEX('Category Rules'!$D$5:$D$17,MATCH(P50,'Category Rules'!$A$5:$A$17,0))) -> 4020 | S50: =IF(Q50="CONTEXT","Fencing",IF(Q50="REVIEW","",INDEX('Category Rules'!$E$5:$E$17,MATCH(P50,'Category Rules'!$A$5:$A$17,0)))) -> Fencing | T50: =IF(Q50="DEP","BAS Excluded","GST on Income") -> GST on Income | U50: =IF(O50=T50,1,0) -> 1 | V50: =IF(OR(M50=0,U50=1),0,IF(T50="GST on Income",ROUND(K50*0.1,2),ROUND(-K50*0.1,2))) -> 0
A51: INV-5256-1 | B51: INV-5256 | C51: 45850 | D51: 2025-07 | E51: C0027 | F51: C0027 | G51: Metro Projects Pty Ltd | H51: S0248 | I51: Scaffold erect - 2 tower(s) | J51: 2 | K51: 840 | L51: PAID | M51: =IF(L51="VOIDED",0,1) -> 1 | N51: 200 | O51: GST on Income | P51: R08 | Q51: LAB-ST | R51: =IF(OR(Q51="CONTEXT",Q51="REVIEW"),"",INDEX('Category Rules'!$D$5:$D$17,MATCH(P51,'Category Rules'!$A$5:$A$17,0))) -> 4020 | S51: =IF(Q51="CONTEXT","Scaffolding",IF(Q51="REVIEW","",INDEX('Category Rules'!$E$5:$E$17,MATCH(P51,'Category Rules'!$A$5:$A$17,0)))) -> Scaffolding | T51: =IF(Q51="DEP","BAS Excluded","GST on Income") -> GST on Income | U51: =IF(O51=T51,1,0) -> 1 | V51: =IF(OR(M51=0,U51=1),0,IF(T51="GST on Income",ROUND(K51*0.1,2),ROUND(-K51*0.1,2))) -> 0
A52: INV-5271-1 | B52: INV-5271 | C52: 45850 | D52: 2025-07 | E52: C0054 | F52: C0054 | G52: Westside Strata Management Pty Ltd | H52: S0252 | I52: Scaffold erect - 3 tower(s) | J52: 3 | K52: 1260 | L52: PAID | M52: =IF(L52="VOIDED",0,1) -> 1 | N52: 200 | O52: GST on Income | P52: R08 | Q52: LAB-ST | R52: =IF(OR(Q52="CONTEXT",Q52="REVIEW"),"",INDEX('Category Rules'!$D$5:$D$17,MATCH(P52,'Category Rules'!$A$5:$A$17,0))) -> 4020 | S52: =IF(Q52="CONTEXT","Scaffolding",IF(Q52="REVIEW","",INDEX('Category Rules'!$E$5:$E$17,MATCH(P52,'Category Rules'!$A$5:$A$17,0)))) -> Scaffolding | T52: =IF(Q52="DEP","BAS Excluded","GST on Income") -> GST on Income | U52: =IF(O52=T52,1,0) -> 1 | V52: =IF(OR(M52=0,U52=1),0,IF(T52="GST on Income",ROUND(K52*0.1,2),ROUND(-K52*0.1,2))) -> 0
A53: INV-5739-1 | B53: INV-5739 | C53: 45850 | D53: 2025-07 | E53: C0006 | F53: C0006 | G53: Harbour Homes | H53: S0454 | I53: Roof repair labour - 6 hrs | J53: 6 | K53: 588 | L53: PAID | M53: =IF(L53="VOIDED",0,1) -> 1 | N53: 200 | O53: GST on Income | P53: R10 | Q53: LAB-RF | R53: =IF(OR(Q53="CONTEXT",Q53="REVIEW"),"",INDEX('Category Rules'!$D$5:$D$17,MATCH(P53,'Category Rules'!$A$5:$A$17,0))) -> 4020 | S53: =IF(Q53="CONTEXT","Roofing",IF(Q53="REVIEW","",INDEX('Category Rules'!$E$5:$E$17,MATCH(P53,'Category Rules'!$A$5:$A$17,0)))) -> Roofing | T53: =IF(Q53="DEP","BAS Excluded","GST on Income") -> GST on Income | U53: =IF(O53=T53,1,0) -> 1 | V53: =IF(OR(M53=0,U53=1),0,IF(T53="GST on Income",ROUND(K53*0.1,2),ROUND(-K53*0.1,2))) -> 0
A54: INV-5739-2 | B54: INV-5739 | C54: 45850 | D54: 2025-07 | E54: C0006 | F54: C0006 | G54: Harbour Homes | H54: S0454 | I54: Materials - ridge capping | J54: 1 | K54: 747.11 | L54: PAID | M54: =IF(L54="VOIDED",0,1) -> 1 | N54: 200 | O54: GST on Income | P54: R11 | Q54: MAT-RF | R54: =IF(OR(Q54="CONTEXT",Q54="REVIEW"),"",INDEX('Category Rules'!$D$5:$D$17,MATCH(P54,'Category Rules'!$A$5:$A$17,0))) -> 4030 | S54: =IF(Q54="CONTEXT","Roofing",IF(Q54="REVIEW","",INDEX('Category Rules'!$E$5:$E$17,MATCH(P54,'Category Rules'!$A$5:$A$17,0)))) -> Roofing | T54: =IF(Q54="DEP","BAS Excluded","GST on Income") -> GST on Income | U54: =IF(O54=T54,1,0) -> 1 | V54: =IF(OR(M54=0,U54=1),0,IF(T54="GST on Income",ROUND(K54*0.1,2),ROUND(-K54*0.1,2))) -> 0
A55: INV-5739-3 | B55: INV-5739 | C55: 45850 | D55: 2025-07 | E55: C0006 | F55: C0006 | G55: Harbour Homes | H55: S0454 | I55: Materials - roof tiles (matched) | J55: 1 | K55: 1380.74 | L55: PAID | M55: =IF(L55="VOIDED",0,1) -> 1 | N55: 200 | O55: GST on Income | P55: R11 | Q55: MAT-RF | R55: =IF(OR(Q55="CONTEXT",Q55="REVIEW"),"",INDEX('Category Rules'!$D$5:$D$17,MATCH(P55,'Category Rules'!$A$5:$A$17,0))) -> 4030 | S55: =IF(Q55="CONTEXT","Roofing",IF(Q55="REVIEW","",INDEX('Category Rules'!$E$5:$E$17,MATCH(P55,'Category Rules'!$A$5:$A$17,0)))) -> Roofing | T55: =IF(Q55="DEP","BAS Excluded","GST on Income") -> GST on Income | U55: =IF(O55=T55,1,0) -> 1 | V55: =IF(OR(M55=0,U55=1),0,IF(T55="GST on Income",ROUND(K55*0.1,2),ROUND(-K55*0.1,2))) -> 0
A56: INV-4324-1 | B56: INV-4324 | C56: 45851 | D56: 2025-07 | E56: C0044 | F56: C0044 | G56: Granite Constructions | H56: S0048 | I56: Delivery and installation - temporary fencing | J56: 1 | K56: 165 | L56: PAID | M56: =IF(L56="VOIDED",0,1) -> 1 | N56: 200 | O56: GST on Income | P56: R07 | Q56: DEL-FP | R56: =IF(OR(Q56="CONTEXT",Q56="REVIEW"),"",INDEX('Category Rules'!$D$5:$D$17,MATCH(P56,'Category Rules'!$A$5:$A$17,0))) -> 4020 | S56: =IF(Q56="CONTEXT","Fencing",IF(Q56="REVIEW","",INDEX('Category Rules'!$E$5:$E$17,MATCH(P56,'Category Rules'!$A$5:$A$17,0)))) -> Fencing | T56: =IF(Q56="DEP","BAS Excluded","GST on Income") -> GST on Income | U56: =IF(O56=T56,1,0) -> 1 | V56: =IF(OR(M56=0,U56=1),0,IF(T56="GST on Income",ROUND(K56*0.1,2),ROUND(-K56*0.1,2))) -> 0
A57: INV-4324-2 | B57: INV-4324 | C57: 45851 | D57: 2025-07 | E57: C0044 | F57: C0044 | G57: Granite Constructions | H57: S0048 | I57: Installation labour - 100 panels @ 2.20 | J57: 100 | K57: 220 | L57: PAID | M57: =IF(L57="VOIDED",0,1) -> 1 | N57: 200 | O57: GST on Income | P57: R07 | Q57: DEL-FP | R57: =IF(OR(Q57="CONTEXT",Q57="REVIEW"),"",INDEX('Category Rules'!$D$5:$D$17,MATCH(P57,'Category Rules'!$A$5:$A$17,0))) -> 4020 | S57: =IF(Q57="CONTEXT","Fencing",IF(Q57="REVIEW","",INDEX('Category Rules'!$E$5:$E$17,MATCH(P57,'Category Rules'!$A$5:$A$17,0)))) -> Fencing | T57: =IF(Q57="DEP","BAS Excluded","GST on Income") -> GST on Income | U57: =IF(O57=T57,1,0) -> 1 | V57: =IF(OR(M57=0,U57=1),0,IF(T57="GST on Income",ROUND(K57*0.1,2),ROUND(-K57*0.1,2))) -> 0
A58: INV-5109-1 | B58: INV-5109 | C58: 45851 | D58: 2025-07 | E58: C0002 | F58: C0002 | G58: Summit Building Group | H58: S0215 | I58: Delivery and installation - temporary fencing | J58: 1 | K58: 165 | L58: PAID | M58: =IF(L58="VOIDED",0,1) -> 1 | N58: 260 | O58: GST on Income | P58: R07 | Q58: DEL-FP | R58: =IF(OR(Q58="CONTEXT",Q58="REVIEW"),"",INDEX('Category Rules'!$D$5:$D$17,MATCH(P58,'Category Rules'!$A$5:$A$17,0))) -> 4020 | S58: =IF(Q58="CONTEXT","Fencing",IF(Q58="REVIEW","",INDEX('Category Rules'!$E$5:$E$17,MATCH(P58,'Category Rules'!$A$5:$A$17,0)))) -> Fencing | T58: =IF(Q58="DEP","BAS Excluded","GST on Income") -> GST on Income | U58: =IF(O58=T58,1,0) -> 1 | V58: =IF(OR(M58=0,U58=1),0,IF(T58="GST on Income",ROUND(K58*0.1,2),ROUND(-K58*0.1,2))) -> 0
A59: INV-5109-2 | B59: INV-5109 | C59: 45851 | D59: 2025-07 | E59: C0002 | F59: C0002 | G59: Summit Building Group | H59: S0215 | I59: Installation labour - 91 panels @ 2.20 | J59: 91 | K59: 200.2 | L59: PAID | M59: =IF(L59="VOIDED",0,1) -> 1 | N59: 200 | O59: GST on Income | P59: R07 | Q59: DEL-FP | R59: =IF(OR(Q59="CONTEXT",Q59="REVIEW"),"",INDEX('Category Rules'!$D$5:$D$17,MATCH(P59,'Category Rules'!$A$5:$A$17,0))) -> 4020 | S59: =IF(Q59="CONTEXT","Fencing",IF(Q59="REVIEW","",INDEX('Category Rules'!$E$5:$E$17,MATCH(P59,'Category Rules'!$A$5:$A$17,0)))) -> Fencing | T59: =IF(Q59="DEP","BAS Excluded","GST on Income") -> GST on Income | U59: =IF(O59=T59,1,0) -> 1 | V59: =IF(OR(M59=0,U59=1),0,IF(T59="GST on Income",ROUND(K59*0.1,2),ROUND(-K59*0.1,2))) -> 0
A60: INV-5421-1 | B60: INV-5421 | C60: 45851 | D60: 2025-07 | E60: C0082 | F60: C0082 | G60: Olivia Hughes | H60: S0289 | I60: Scaffold tower hire 4 wks (21/06/25-12/07/25) - 1 towers | J60: 4 | K60: 380 | L60: PAID | M60: =IF(L60="VOIDED",0,1) -> 1 | N60: 200 | O60: GST on Income | P60: R05 | Q60: HIRE-ST | R60: =IF(OR(Q60="CONTEXT",Q60="REVIEW"),"",INDEX('Category Rules'!$D$5:$D$17,MATCH(P60,'Category Rules'!$A$5:$A$17,0))) -> 4010 | S60: =IF(Q60="CONTEXT","Scaffolding",IF(Q60="REVIEW","",INDEX('Category Rules'!$E$5:$E$17,MATCH(P60,'Category Rules'!$A$5:$A$17,0)))) -> Scaffolding | T60: =IF(Q60="DEP","BAS Excluded","GST on Income") -> GST on Income | U60: =IF(O60=T60,1,0) -> 1 | V60: =IF(OR(M60=0,U60=1),0,IF(T60="GST on Income",ROUND(K60*0.1,2),ROUND(-K60*0.1,2))) -> 0
A61: INV-5422-1 | B61: INV-5422 | C61: 45851 | D61: 2025-07 | E61: C0082 | F61: C0082 | G61: Olivia Hughes | H61: S0289 | I61: Scaffold dismantle - 1 tower(s) | J61: 1 | K61: 320 | L61: PAID | M61: =IF(L61="VOIDED",0,1) -> 1 | N61: 200 | O61: GST on Income | P61: R08 | Q61: LAB-ST | R61: =IF(OR(Q61="CONTEXT",Q61="REVIEW"),"",INDEX('Category Rules'!$D$5:$D$17,MATCH(P61,'Category Rules'!$A$5:$A$17,0))) -> 4020 | S61: =IF(Q61="CONTEXT","Scaffolding",IF(Q61="REVIEW","",INDEX('Category Rules'!$E$5:$E$17,MATCH(P61,'Category Rules'!$A$5:$A$17,0)))) -> Scaffolding | T61: =IF(Q61="DEP","BAS Excluded","GST on Income") -> GST on Income | U61: =IF(O61=T61,1,0) -> 1 | V61: =IF(OR(M61=0,U61=1),0,IF(T61="GST on Income",ROUND(K61*0.1,2),ROUND(-K61*0.1,2))) -> 0
A62: INV-5517-1 | B62: INV-5517 | C62: 45851 | D62: 2025-07 | E62: C0086 | F62: C0086 | G62: Mei Ali | H62: S0334 | I62: Emergency make safe call-out - after hours | J62: 1 | K62: 560 | L62: PAID | M62: =IF(L62="VOIDED",0,1) -> 1 | N62: 200 | O62: GST on Income | P62: R09 | Q62: MS | R62: =IF(OR(Q62="CONTEXT",Q62="REVIEW"),"",INDEX('Category Rules'!$D$5:$D$17,MATCH(P62,'Category Rules'!$A$5:$A$17,0))) -> 4020 | S62: =IF(Q62="CONTEXT","Make-safe",IF(Q62="REVIEW","",INDEX('Category Rules'!$E$5:$E$17,MATCH(P62,'Category Rules'!$A$5:$A$17,0)))) -> Make-safe | T62: =IF(Q62="DEP","BAS Excluded","GST on Income") -> GST on Income | U62: =IF(O62=T62,1,0) -> 1 | V62: =IF(OR(M62=0,U62=1),0,IF(T62="GST on Income",ROUND(K62*0.1,2),ROUND(-K62*0.1,2))) -> 0
A63: INV-5517-2 | B63: INV-5517 | C63: 45851 | D63: 2025-07 | E63: C0086 | F63: C0086 | G63: Mei Ali | H63: S0334 | I63: Tarp supply and install - 2 tarp(s) | J63: 2 | K63: 480 | L63: PAID | M63: =IF(L63="VOIDED",0,1) -> 1 | N63: 260 | O63: GST on Income | P63: R09 | Q63: MS | R63: =IF(OR(Q63="CONTEXT",Q63="REVIEW"),"",INDEX('Category Rules'!$D$5:$D$17,MATCH(P63,'Category Rules'!$A$5:$A$17,0))) -> 4020 | S63: =IF(Q63="CONTEXT","Make-safe",IF(Q63="REVIEW","",INDEX('Category Rules'!$E$5:$E$17,MATCH(P63,'Category Rules'!$A$5:$A$17,0)))) -> Make-safe | T63: =IF(Q63="DEP","BAS Excluded","GST on Income") -> GST on Income | U63: =IF(O63=T63,1,0) -> 1 | V63: =IF(OR(M63=0,U63=1),0,IF(T63="GST on Income",ROUND(K63*0.1,2),ROUND(-K63*0.1,2))) -> 0
A64: INV-4487-1 | B64: INV-4487 | C64: 45852 | D64: 2025-07 | E64: C0022 | F64: C0022 | G64: Highpoint Projects | H64: S0080 | I64: Temporary fence hire 2 wks (30/06/25-13/07/25) - 72 panels | J64: 144 | K64: 648 | L64: PAID | M64: =IF(L64="VOIDED",0,1) -> 1 | N64: 200 | O64: GST on Income | P64: R03 | Q64: HIRE-FP | R64: =IF(OR(Q64="CONTEXT",Q64="REVIEW"),"",INDEX('Category Rules'!$D$5:$D$17,MATCH(P64,'Category Rules'!$A$5:$A$17,0))) -> 4010 | S64: =IF(Q64="CONTEXT","Fencing",IF(Q64="REVIEW","",INDEX('Category Rules'!$E$5:$E$17,MATCH(P64,'Category Rules'!$A$5:$A$17,0)))) -> Fencing | T64: =IF(Q64="DEP","BAS Excluded","GST on Income") -> GST on Income | U64: =IF(O64=T64,1,0) -> 1 | V64: =IF(OR(M64=0,U64=1),0,IF(T64="GST on Income",ROUND(K64*0.1,2),ROUND(-K64*0.1,2))) -> 0
A65: INV-4488-1 | B65: INV-4488 | C65: 45852 | D65: 2025-07 | E65: C0022 | F65: C0022 | G65: Highpoint Projects | H65: S0080 | I65: Collection and dismantle - temporary fencing | J65: 1 | K65: 165 | L65: PAID | M65: =IF(L65="VOIDED",0,1) -> 1 | N65: 200 | O65: GST on Income | P65: R07 | Q65: DEL-FP | R65: =IF(OR(Q65="CONTEXT",Q65="REVIEW"),"",INDEX('Category Rules'!$D$5:$D$17,MATCH(P65,'Category Rules'!$A$5:$A$17,0))) -> 4020 | S65: =IF(Q65="CONTEXT","Fencing",IF(Q65="REVIEW","",INDEX('Category Rules'!$E$5:$E$17,MATCH(P65,'Category Rules'!$A$5:$A$17,0)))) -> Fencing | T65: =IF(Q65="DEP","BAS Excluded","GST on Income") -> GST on Income | U65: =IF(O65=T65,1,0) -> 1 | V65: =IF(OR(M65=0,U65=1),0,IF(T65="GST on Income",ROUND(K65*0.1,2),ROUND(-K65*0.1,2))) -> 0
A66: INV-5899-1 | B66: INV-5899 | C66: 45852 | D66: 2025-07 | E66: C0122 | F66: C0122 | G66: Bluegum Construction Pty Ltd | H66: S0323 | I66: Variation 2849 - additional works | J66: 1 | K66: 3165.24 | L66: PAID | M66: =IF(L66="VOIDED",0,1) -> 1 | N66: 200 | O66: GST on Income | P66: R12 | Q66: CONTEXT | R66: =IF(OR(Q66="CONTEXT",Q66="REVIEW"),"",INDEX('Category Rules'!$D$5:$D$17,MATCH(P66,'Category Rules'!$A$5:$A$17,0))) | S66: =IF(Q66="CONTEXT","Make-safe",IF(Q66="REVIEW","",INDEX('Category Rules'!$E$5:$E$17,MATCH(P66,'Category Rules'!$A$5:$A$17,0)))) -> Make-safe | T66: =IF(Q66="DEP","BAS Excluded","GST on Income") -> GST on Income | U66: =IF(O66=T66,1,0) -> 1 | V66: =IF(OR(M66=0,U66=1),0,IF(T66="GST on Income",ROUND(K66*0.1,2),ROUND(-K66*0.1,2))) -> 0
A67: INV-4385-1 | B67: INV-4385 | C67: 45853 | D67: 2025-07 | E67: C0119 | F67: C0119 | G67: Northgate Builders Pty Ltd | H67: S0059 | I67: Temporary fence hire 2 wks (07/07/25-14/07/25) - 135 panels | J67: 270 | K67: 1215 | L67: PAID | M67: =IF(L67="VOIDED",0,1) -> 1 | N67: 200 | O67: GST on Income | P67: R03 | Q67: HIRE-FP | R67: =IF(OR(Q67="CONTEXT",Q67="REVIEW"),"",INDEX('Category Rules'!$D$5:$D$17,MATCH(P67,'Category Rules'!$A$5:$A$17,0))) -> 4010 | S67: =IF(Q67="CONTEXT","Fencing",IF(Q67="REVIEW","",INDEX('Category Rules'!$E$5:$E$17,MATCH(P67,'Category Rules'!$A$5:$A$17,0)))) -> Fencing | T67: =IF(Q67="DEP","BAS Excluded","GST on Income") -> GST on Income | U67: =IF(O67=T67,1,0) -> 1 | V67: =IF(OR(M67=0,U67=1),0,IF(T67="GST on Income",ROUND(K67*0.1,2),ROUND(-K67*0.1,2))) -> 0
A68: INV-4387-1 | B68: INV-4387 | C68: 45853 | D68: 2025-07 | E68: C0119 | F68: C0119 | G68: Northgate Builders Pty Ltd | H68: S0059 | I68: Collection and dismantle - temporary fencing | J68: 1 | K68: 165 | L68: PAID | M68: =IF(L68="VOIDED",0,1) -> 1 | N68: 200 | O68: GST on Income | P68: R07 | Q68: DEL-FP | R68: =IF(OR(Q68="CONTEXT",Q68="REVIEW"),"",INDEX('Category Rules'!$D$5:$D$17,MATCH(P68,'Category Rules'!$A$5:$A$17,0))) -> 4020 | S68: =IF(Q68="CONTEXT","Fencing",IF(Q68="REVIEW","",INDEX('Category Rules'!$E$5:$E$17,MATCH(P68,'Category Rules'!$A$5:$A$17,0)))) -> Fencing | T68: =IF(Q68="DEP","BAS Excluded","GST on Income") -> GST on Income | U68: =IF(O68=T68,1,0) -> 1 | V68: =IF(OR(M68=0,U68=1),0,IF(T68="GST on Income",ROUND(K68*0.1,2),ROUND(-K68*0.1,2))) -> 0
A69: INV-4552-1 | B69: INV-4552 | C69: 45853 | D69: 2025-07 | E69: C0003 | F69: C0003 | G69: Summit Projects Pty Ltd | H69: S0090 | I69: Delivery and installation - temporary fencing | J69: 1 | K69: 165 | L69: PAID | M69: =IF(L69="VOIDED",0,1) -> 1 | N69: 200 | O69: GST on Income | P69: R07 | Q69: DEL-FP | R69: =IF(OR(Q69="CONTEXT",Q69="REVIEW"),"",INDEX('Category Rules'!$D$5:$D$17,MATCH(P69,'Category Rules'!$A$5:$A$17,0))) -> 4020 | S69: =IF(Q69="CONTEXT","Fencing",IF(Q69="REVIEW","",INDEX('Category Rules'!$E$5:$E$17,MATCH(P69,'Category Rules'!$A$5:$A$17,0)))) -> Fencing | T69: =IF(Q69="DEP","BAS Excluded","GST on Income") -> GST on Income | U69: =IF(O69=T69,1,0) -> 1 | V69: =IF(OR(M69=0,U69=1),0,IF(T69="GST on Income",ROUND(K69*0.1,2),ROUND(-K69*0.1,2))) -> 0
A70: INV-4552-2 | B70: INV-4552 | C70: 45853 | D70: 2025-07 | E70: C0003 | F70: C0003 | G70: Summit Projects Pty Ltd | H70: S0090 | I70: Installation labour - 141 panels @ 2.20 | J70: 141 | K70: 310.2 | L70: PAID | M70: =IF(L70="VOIDED",0,1) -> 1 | N70: 200 | O70: GST on Income | P70: R07 | Q70: DEL-FP | R70: =IF(OR(Q70="CONTEXT",Q70="REVIEW"),"",INDEX('Category Rules'!$D$5:$D$17,MATCH(P70,'Category Rules'!$A$5:$A$17,0))) -> 4020 | S70: =IF(Q70="CONTEXT","Fencing",IF(Q70="REVIEW","",INDEX('Category Rules'!$E$5:$E$17,MATCH(P70,'Category Rules'!$A$5:$A$17,0)))) -> Fencing | T70: =IF(Q70="DEP","BAS Excluded","GST on Income") -> GST on Income | U70: =IF(O70=T70,1,0) -> 1 | V70: =IF(OR(M70=0,U70=1),0,IF(T70="GST on Income",ROUND(K70*0.1,2),ROUND(-K70*0.1,2))) -> 0
A71: INV-5225-1 | B71: INV-5225 | C71: 45853 | D71: 2025-07 | E71: C0092 | F71: C0092 | G71: Leo Jones | H71: S0241 | I71: Scaffold tower hire 3 wks (30/06/25-14/07/25) - 2 towers | J71: 6 | K71: 570 | L71: PAID | M71: =IF(L71="VOIDED",0,1) -> 1 | N71: 200 | O71: GST on Income | P71: R05 | Q71: HIRE-ST | R71: =IF(OR(Q71="CONTEXT",Q71="REVIEW"),"",INDEX('Category Rules'!$D$5:$D$17,MATCH(P71,'Category Rules'!$A$5:$A$17,0))) -> 4010 | S71: =IF(Q71="CONTEXT","Scaffolding",IF(Q71="REVIEW","",INDEX('Category Rules'!$E$5:$E$17,MATCH(P71,'Category Rules'!$A$5:$A$17,0)))) -> Scaffolding | T71: =IF(Q71="DEP","BAS Excluded","GST on Income") -> GST on Income | U71: =IF(O71=T71,1,0) -> 1 | V71: =IF(OR(M71=0,U71=1),0,IF(T71="GST on Income",ROUND(K71*0.1,2),ROUND(-K71*0.1,2))) -> 0
A72: INV-5226-1 | B72: INV-5226 | C72: 45853 | D72: 2025-07 | E72: C0092 | F72: C0092 | G72: Leo Jones | H72: S0241 | I72: Scaffold dismantle - 2 tower(s) | J72: 2 | K72: 640 | L72: PAID | M72: =IF(L72="VOIDED",0,1) -> 1 | N72: 200 | O72: GST on Income | P72: R08 | Q72: LAB-ST | R72: =IF(OR(Q72="CONTEXT",Q72="REVIEW"),"",INDEX('Category Rules'!$D$5:$D$17,MATCH(P72,'Category Rules'!$A$5:$A$17,0))) -> 4020 | S72: =IF(Q72="CONTEXT","Scaffolding",IF(Q72="REVIEW","",INDEX('Category Rules'!$E$5:$E$17,MATCH(P72,'Category Rules'!$A$5:$A$17,0)))) -> Scaffolding | T72: =IF(Q72="DEP","BAS Excluded","GST on Income") -> GST on Income | U72: =IF(O72=T72,1,0) -> 1 | V72: =IF(OR(M72=0,U72=1),0,IF(T72="GST on Income",ROUND(K72*0.1,2),ROUND(-K72*0.1,2))) -> 0
A73: INV-5286-1 | B73: INV-5286 | C73: 45853 | D73: 2025-07 | E73: C0050 | F73: C0050 | G73: Southbank Body Corporate Pty Ltd | H73: S0256 | I73: Scaffold erect - 2 tower(s) | J73: 2 | K73: 840 | L73: PAID | M73: =IF(L73="VOIDED",0,1) -> 1 | N73: 200 | O73: GST on Income | P73: R08 | Q73: LAB-ST | R73: =IF(OR(Q73="CONTEXT",Q73="REVIEW"),"",INDEX('Category Rules'!$D$5:$D$17,MATCH(P73,'Category Rules'!$A$5:$A$17,0))) -> 4020 | S73: =IF(Q73="CONTEXT","Scaffolding",IF(Q73="REVIEW","",INDEX('Category Rules'!$E$5:$E$17,MATCH(P73,'Category Rules'!$A$5:$A$17,0)))) -> Scaffolding | T73: =IF(Q73="DEP","BAS Excluded","GST on Income") -> GST on Income | U73: =IF(O73=T73,1,0) -> 1 | V73: =IF(OR(M73=0,U73=1),0,IF(T73="GST on Income",ROUND(K73*0.1,2),ROUND(-K73*0.1,2))) -> 0
A74: INV-5623-1 | B74: INV-5623 | C74: 45853 | D74: 2025-07 | E74: C0064 | F74: C0064 | G74: Lakeside Claims Services Pty Ltd | H74: S0391 | I74: Roof repair labour - 8 hrs | J74: 8 | K74: 784 | L74: PAID | M74: =IF(L74="VOIDED",0,1) -> 1 | N74: 200 | O74: GST on Income | P74: R10 | Q74: LAB-RF | R74: =IF(OR(Q74="CONTEXT",Q74="REVIEW"),"",INDEX('Category Rules'!$D$5:$D$17,MATCH(P74,'Category Rules'!$A$5:$A$17,0))) -> 4020 | S74: =IF(Q74="CONTEXT","Roofing",IF(Q74="REVIEW","",INDEX('Category Rules'!$E$5:$E$17,MATCH(P74,'Category Rules'!$A$5:$A$17,0)))) -> Roofing | T74: =IF(Q74="DEP","BAS Excluded","GST on Income") -> GST on Income | U74: =IF(O74=T74,1,0) -> 1 | V74: =IF(OR(M74=0,U74=1),0,IF(T74="GST on Income",ROUND(K74*0.1,2),ROUND(-K74*0.1,2))) -> 0
A75: INV-5623-2 | B75: INV-5623 | C75: 45853 | D75: 2025-07 | E75: C0064 | F75: C0064 | G75: Lakeside Claims Services Pty Ltd | H75: S0391 | I75: Materials - ridge capping | J75: 1 | K75: 315.81 | L75: PAID | M75: =IF(L75="VOIDED",0,1) -> 1 | N75: 200 | O75: GST on Income | P75: R11 | Q75: MAT-RF | R75: =IF(OR(Q75="CONTEXT",Q75="REVIEW"),"",INDEX('Category Rules'!$D$5:$D$17,MATCH(P75,'Category Rules'!$A$5:$A$17,0))) -> 4030 | S75: =IF(Q75="CONTEXT","Roofing",IF(Q75="REVIEW","",INDEX('Category Rules'!$E$5:$E$17,MATCH(P75,'Category Rules'!$A$5:$A$17,0)))) -> Roofing | T75: =IF(Q75="DEP","BAS Excluded","GST on Income") -> GST on Income | U75: =IF(O75=T75,1,0) -> 1 | V75: =IF(OR(M75=0,U75=1),0,IF(T75="GST on Income",ROUND(K75*0.1,2),ROUND(-K75*0.1,2))) -> 0
A76: INV-5623-3 | B76: INV-5623 | C76: 45853 | D76: 2025-07 | E76: C0064 | F76: C0064 | G76: Lakeside Claims Services Pty Ltd | H76: S0391 | I76: Waste removal and tip fees | J76: 1 | K76: 120 | L76: PAID | M76: =IF(L76="VOIDED",0,1) -> 1 | N76: 200 | O76: GST on Income | P76: R11 | Q76: MAT-RF | R76: =IF(OR(Q76="CONTEXT",Q76="REVIEW"),"",INDEX('Category Rules'!$D$5:$D$17,MATCH(P76,'Category Rules'!$A$5:$A$17,0))) -> 4030 | S76: =IF(Q76="CONTEXT","Roofing",IF(Q76="REVIEW","",INDEX('Category Rules'!$E$5:$E$17,MATCH(P76,'Category Rules'!$A$5:$A$17,0)))) -> Roofing | T76: =IF(Q76="DEP","BAS Excluded","GST on Income") -> GST on Income | U76: =IF(O76=T76,1,0) -> 1 | V76: =IF(OR(M76=0,U76=1),0,IF(T76="GST on Income",ROUND(K76*0.1,2),ROUND(-K76*0.1,2))) -> 0
A77: INV-4825-1 | B77: INV-4825 | C77: 45855 | D77: 2025-07 | E77: C0036 | F77: C0036 | G77: Summit Homes Pty Ltd | H77: S0156 | I77: Delivery and installation - temporary fencing | J77: 1 | K77: 165 | L77: PAID | M77: =IF(L77="VOIDED",0,1) -> 1 | N77: 200 | O77: GST on Income | P77: R07 | Q77: DEL-FP | R77: =IF(OR(Q77="CONTEXT",Q77="REVIEW"),"",INDEX('Category Rules'!$D$5:$D$17,MATCH(P77,'Category Rules'!$A$5:$A$17,0))) -> 4020 | S77: =IF(Q77="CONTEXT","Fencing",IF(Q77="REVIEW","",INDEX('Category Rules'!$E$5:$E$17,MATCH(P77,'Category Rules'!$A$5:$A$17,0)))) -> Fencing | T77: =IF(Q77="DEP","BAS Excluded","GST on Income") -> GST on Income | U77: =IF(O77=T77,1,0) -> 1 | V77: =IF(OR(M77=0,U77=1),0,IF(T77="GST on Income",ROUND(K77*0.1,2),ROUND(-K77*0.1,2))) -> 0
A78: INV-4825-2 | B78: INV-4825 | C78: 45855 | D78: 2025-07 | E78: C0036 | F78: C0036 | G78: Summit Homes Pty Ltd | H78: S0156 | I78: Installation labour - 141 panels @ 2.20 | J78: 141 | K78: 310.2 | L78: PAID | M78: =IF(L78="VOIDED",0,1) -> 1 | N78: 200 | O78: GST on Income | P78: R07 | Q78: DEL-FP | R78: =IF(OR(Q78="CONTEXT",Q78="REVIEW"),"",INDEX('Category Rules'!$D$5:$D$17,MATCH(P78,'Category Rules'!$A$5:$A$17,0))) -> 4020 | S78: =IF(Q78="CONTEXT","Fencing",IF(Q78="REVIEW","",INDEX('Category Rules'!$E$5:$E$17,MATCH(P78,'Category Rules'!$A$5:$A$17,0)))) -> Fencing | T78: =IF(Q78="DEP","BAS Excluded","GST on Income") -> GST on Income | U78: =IF(O78=T78,1,0) -> 1 | V78: =IF(OR(M78=0,U78=1),0,IF(T78="GST on Income",ROUND(K78*0.1,2),ROUND(-K78*0.1,2))) -> 0
A79: INV-4969-1 | B79: INV-4969 | C79: 45855 | D79: 2025-07 | E79: C0017 | F79: C0017 | G79: Cobalt Developments Pty Ltd | H79: S0184 | I79: Delivery and installation - temporary fencing | J79: 1 | K79: 165 | L79: PAID | M79: =IF(L79="VOIDED",0,1) -> 1 | N79: 200 | O79: GST on Income | P79: R07 | Q79: DEL-FP | R79: =IF(OR(Q79="CONTEXT",Q79="REVIEW"),"",INDEX('Category Rules'!$D$5:$D$17,MATCH(P79,'Category Rules'!$A$5:$A$17,0))) -> 4020 | S79: =IF(Q79="CONTEXT","Fencing",IF(Q79="REVIEW","",INDEX('Category Rules'!$E$5:$E$17,MATCH(P79,'Category Rules'!$A$5:$A$17,0)))) -> Fencing | T79: =IF(Q79="DEP","BAS Excluded","GST on Income") -> GST on Income | U79: =IF(O79=T79,1,0) -> 1 | V79: =IF(OR(M79=0,U79=1),0,IF(T79="GST on Income",ROUND(K79*0.1,2),ROUND(-K79*0.1,2))) -> 0
A80: INV-4969-2 | B80: INV-4969 | C80: 45855 | D80: 2025-07 | E80: C0017 | F80: C0017 | G80: Cobalt Developments Pty Ltd | H80: S0184 | I80: Installation labour - 44 panels @ 2.20 | J80: 44 | K80: 96.8 | L80: PAID | M80: =IF(L80="VOIDED",0,1) -> 1 | N80: 200 | O80: GST on Income | P80: R07 | Q80: DEL-FP | R80: =IF(OR(Q80="CONTEXT",Q80="REVIEW"),"",INDEX('Category Rules'!$D$5:$D$17,MATCH(P80,'Category Rules'!$A$5:$A$17,0))) -> 4020 | S80: =IF(Q80="CONTEXT","Fencing",IF(Q80="REVIEW","",INDEX('Category Rules'!$E$5:$E$17,MATCH(P80,'Category Rules'!$A$5:$A$17,0)))) -> Fencing | T80: =IF(Q80="DEP","BAS Excluded","GST on Income") -> GST on Income | U80: =IF(O80=T80,1,0) -> 1 | V80: =IF(OR(M80=0,U80=1),0,IF(T80="GST on Income",ROUND(K80*0.1,2),ROUND(-K80*0.1,2))) -> 0
A81: INV-4291-1 | B81: INV-4291 | C81: 45856 | D81: 2025-07 | E81: C0036 | F81: C0036 | G81: Summit Homes Pty Ltd | H81: S0039 | I81: Temporary fence hire 3 wks (03/07/25-17/07/25) - 99 panels | J81: 297 | K81: 1336.5 | L81: PAID | M81: =IF(L81="VOIDED",0,1) -> 1 | N81: 200 | O81: GST on Income | P81: R03 | Q81: HIRE-FP | R81: =IF(OR(Q81="CONTEXT",Q81="REVIEW"),"",INDEX('Category Rules'!$D$5:$D$17,MATCH(P81,'Category Rules'!$A$5:$A$17,0))) -> 4010 | S81: =IF(Q81="CONTEXT","Fencing",IF(Q81="REVIEW","",INDEX('Category Rules'!$E$5:$E$17,MATCH(P81,'Category Rules'!$A$5:$A$17,0)))) -> Fencing | T81: =IF(Q81="DEP","BAS Excluded","GST on Income") -> GST on Income | U81: =IF(O81=T81,1,0) -> 1 | V81: =IF(OR(M81=0,U81=1),0,IF(T81="GST on Income",ROUND(K81*0.1,2),ROUND(-K81*0.1,2))) -> 0
A82: INV-4292-1 | B82: INV-4292 | C82: 45856 | D82: 2025-07 | E82: C0036 | F82: C0036 | G82: Summit Homes Pty Ltd | H82: S0039 | I82: Pedestrian barrier hire 3 wks (03/07/25-17/07/25) - 21 barriers | J82: 63 | K82: 201.6 | L82: PAID | M82: =IF(L82="VOIDED",0,1) -> 1 | N82: 200 | O82: GST on Income | P82: R04 | Q82: HIRE-BR | R82: =IF(OR(Q82="CONTEXT",Q82="REVIEW"),"",INDEX('Category Rules'!$D$5:$D$17,MATCH(P82,'Category Rules'!$A$5:$A$17,0))) -> 4010 | S82: =IF(Q82="CONTEXT","Fencing",IF(Q82="REVIEW","",INDEX('Category Rules'!$E$5:$E$17,MATCH(P82,'Category Rules'!$A$5:$A$17,0)))) -> Fencing | T82: =IF(Q82="DEP","BAS Excluded","GST on Income") -> GST on Income | U82: =IF(O82=T82,1,0) -> 1 | V82: =IF(OR(M82=0,U82=1),0,IF(T82="GST on Income",ROUND(K82*0.1,2),ROUND(-K82*0.1,2))) -> 0
A83: INV-4294-1 | B83: INV-4294 | C83: 45856 | D83: 2025-07 | E83: C0036 | F83: C0036 | G83: Summit Homes Pty Ltd | H83: S0039 | I83: Collection and dismantle - temporary fencing | J83: 1 | K83: 165 | L83: PAID | M83: =IF(L83="VOIDED",0,1) -> 1 | N83: 200 | O83: GST on Income | P83: R07 | Q83: DEL-FP | R83: =IF(OR(Q83="CONTEXT",Q83="REVIEW"),"",INDEX('Category Rules'!$D$5:$D$17,MATCH(P83,'Category Rules'!$A$5:$A$17,0))) -> 4020 | S83: =IF(Q83="CONTEXT","Fencing",IF(Q83="REVIEW","",INDEX('Category Rules'!$E$5:$E$17,MATCH(P83,'Category Rules'!$A$5:$A$17,0)))) -> Fencing | T83: =IF(Q83="DEP","BAS Excluded","GST on Income") -> GST on Income | U83: =IF(O83=T83,1,0) -> 1 | V83: =IF(OR(M83=0,U83=1),0,IF(T83="GST on Income",ROUND(K83*0.1,2),ROUND(-K83*0.1,2))) -> 0
A84: INV-4975-1 | B84: INV-4975 | C84: 45856 | D84: 2025-07 | E84: C0007 | F84: C0007 | G84: Eastlink Projects | H84: S0186 | I84: Temporary fence hire 4 wks (20/06/25-17/07/25) - 142 panels | J84: 568 | K84: 2556 | L84: PAID | M84: =IF(L84="VOIDED",0,1) -> 1 | N84: 200 | O84: GST on Income | P84: R03 | Q84: HIRE-FP | R84: =IF(OR(Q84="CONTEXT",Q84="REVIEW"),"",INDEX('Category Rules'!$D$5:$D$17,MATCH(P84,'Category Rules'!$A$5:$A$17,0))) -> 4010 | S84: =IF(Q84="CONTEXT","Fencing",IF(Q84="REVIEW","",INDEX('Category Rules'!$E$5:$E$17,MATCH(P84,'Category Rules'!$A$5:$A$17,0)))) -> Fencing | T84: =IF(Q84="DEP","BAS Excluded","GST on Income") -> GST on Income | U84: =IF(O84=T84,1,0) -> 1 | V84: =IF(OR(M84=0,U84=1),0,IF(T84="GST on Income",ROUND(K84*0.1,2),ROUND(-K84*0.1,2))) -> 0
A85: INV-5763-1 | B85: INV-5763 | C85: 45856 | D85: 2025-07 | E85: C0050 | F85: C0050 | G85: Southbank Body Corporate Pty Ltd | H85: S0468 | I85: Emergency make safe call-out - after hours | J85: 1 | K85: 560 | L85: PAID | M85: =IF(L85="VOIDED",0,1) -> 1 | N85: 200 | O85: GST on Income | P85: R09 | Q85: MS | R85: =IF(OR(Q85="CONTEXT",Q85="REVIEW"),"",INDEX('Category Rules'!$D$5:$D$17,MATCH(P85,'Category Rules'!$A$5:$A$17,0))) -> 4020 | S85: =IF(Q85="CONTEXT","Make-safe",IF(Q85="REVIEW","",INDEX('Category Rules'!$E$5:$E$17,MATCH(P85,'Category Rules'!$A$5:$A$17,0)))) -> Make-safe | T85: =IF(Q85="DEP","BAS Excluded","GST on Income") -> GST on Income | U85: =IF(O85=T85,1,0) -> 1 | V85: =IF(OR(M85=0,U85=1),0,IF(T85="GST on Income",ROUND(K85*0.1,2),ROUND(-K85*0.1,2))) -> 0
A86: INV-5763-2 | B86: INV-5763 | C86: 45856 | D86: 2025-07 | E86: C0050 | F86: C0050 | G86: Southbank Body Corporate Pty Ltd | H86: S0468 | I86: Tarp supply and install - 1 tarp(s) | J86: 1 | K86: 240 | L86: PAID | M86: =IF(L86="VOIDED",0,1) -> 1 | N86: 200 | O86: GST on Income | P86: R09 | Q86: MS | R86: =IF(OR(Q86="CONTEXT",Q86="REVIEW"),"",INDEX('Category Rules'!$D$5:$D$17,MATCH(P86,'Category Rules'!$A$5:$A$17,0))) -> 4020 | S86: =IF(Q86="CONTEXT","Make-safe",IF(Q86="REVIEW","",INDEX('Category Rules'!$E$5:$E$17,MATCH(P86,'Category Rules'!$A$5:$A$17,0)))) -> Make-safe | T86: =IF(Q86="DEP","BAS Excluded","GST on Income") -> GST on Income | U86: =IF(O86=T86,1,0) -> 1 | V86: =IF(OR(M86=0,U86=1),0,IF(T86="GST on Income",ROUND(K86*0.1,2),ROUND(-K86*0.1,2))) -> 0
A87: INV-4490-1 | B87: INV-4490 | C87: 45857 | D87: 2025-07 | E87: C0075 | F87: C0075 | G87: Oakridge Productions | H87: S0081 | I87: Delivery and installation - temporary fencing | J87: 1 | K87: 165 | L87: PAID | M87: =IF(L87="VOIDED",0,1) -> 1 | N87: 200 | O87: GST on Income | P87: R07 | Q87: DEL-FP | R87: =IF(OR(Q87="CONTEXT",Q87="REVIEW"),"",INDEX('Category Rules'!$D$5:$D$17,MATCH(P87,'Category Rules'!$A$5:$A$17,0))) -> 4020 | S87: =IF(Q87="CONTEXT","Fencing",IF(Q87="REVIEW","",INDEX('Category Rules'!$E$5:$E$17,MATCH(P87,'Category Rules'!$A$5:$A$17,0)))) -> Fencing | T87: =IF(Q87="DEP","BAS Excluded","GST on Income") -> GST on Income | U87: =IF(O87=T87,1,0) -> 1 | V87: =IF(OR(M87=0,U87=1),0,IF(T87="GST on Income",ROUND(K87*0.1,2),ROUND(-K87*0.1,2))) -> 0
A88: INV-4490-2 | B88: INV-4490 | C88: 45857 | D88: 2025-07 | E88: C0075 | F88: C0075 | G88: Oakridge Productions | H88: S0081 | I88: Installation labour - 115 panels @ 2.20 | J88: 115 | K88: 253 | L88: PAID | M88: =IF(L88="VOIDED",0,1) -> 1 | N88: 200 | O88: GST on Income | P88: R07 | Q88: DEL-FP | R88: =IF(OR(Q88="CONTEXT",Q88="REVIEW"),"",INDEX('Category Rules'!$D$5:$D$17,MATCH(P88,'Category Rules'!$A$5:$A$17,0))) -> 4020 | S88: =IF(Q88="CONTEXT","Fencing",IF(Q88="REVIEW","",INDEX('Category Rules'!$E$5:$E$17,MATCH(P88,'Category Rules'!$A$5:$A$17,0)))) -> Fencing | T88: =IF(Q88="DEP","BAS Excluded","GST on Income") -> GST on Income | U88: =IF(O88=T88,1,0) -> 1 | V88: =IF(OR(M88=0,U88=1),0,IF(T88="GST on Income",ROUND(K88*0.1,2),ROUND(-K88*0.1,2))) -> 0
A89: INV-4585-1 | B89: INV-4585 | C89: 45857 | D89: 2025-07 | E89: C0121 | F89: C0121 | G89: Bluegum Constructions | H89: S0097 | I89: Delivery and installation - temporary fencing | J89: 1 | K89: 165 | L89: PAID | M89: =IF(L89="VOIDED",0,1) -> 1 | N89: 200 | O89: GST on Income | P89: R07 | Q89: DEL-FP | R89: =IF(OR(Q89="CONTEXT",Q89="REVIEW"),"",INDEX('Category Rules'!$D$5:$D$17,MATCH(P89,'Category Rules'!$A$5:$A$17,0))) -> 4020 | S89: =IF(Q89="CONTEXT","Fencing",IF(Q89="REVIEW","",INDEX('Category Rules'!$E$5:$E$17,MATCH(P89,'Category Rules'!$A$5:$A$17,0)))) -> Fencing | T89: =IF(Q89="DEP","BAS Excluded","GST on Income") -> GST on Income | U89: =IF(O89=T89,1,0) -> 1 | V89: =IF(OR(M89=0,U89=1),0,IF(T89="GST on Income",ROUND(K89*0.1,2),ROUND(-K89*0.1,2))) -> 0
A90: INV-4585-2 | B90: INV-4585 | C90: 45857 | D90: 2025-07 | E90: C0121 | F90: C0121 | G90: Bluegum Constructions | H90: S0097 | I90: Installation labour - 88 panels @ 2.20 | J90: 88 | K90: 193.6 | L90: PAID | M90: =IF(L90="VOIDED",0,1) -> 1 | N90: 200 | O90: GST on Income | P90: R07 | Q90: DEL-FP | R90: =IF(OR(Q90="CONTEXT",Q90="REVIEW"),"",INDEX('Category Rules'!$D$5:$D$17,MATCH(P90,'Category Rules'!$A$5:$A$17,0))) -> 4020 | S90: =IF(Q90="CONTEXT","Fencing",IF(Q90="REVIEW","",INDEX('Category Rules'!$E$5:$E$17,MATCH(P90,'Category Rules'!$A$5:$A$17,0)))) -> Fencing | T90: =IF(Q90="DEP","BAS Excluded","GST on Income") -> GST on Income | U90: =IF(O90=T90,1,0) -> 1 | V90: =IF(OR(M90=0,U90=1),0,IF(T90="GST on Income",ROUND(K90*0.1,2),ROUND(-K90*0.1,2))) -> 0
A91: INV-4976-1 | B91: INV-4976 | C91: 45857 | D91: 2025-07 | E91: C0007 | F91: C0007 | G91: Eastlink Projects | H91: S0186 | I91: Temporary fence hire 1 wks (18/07/25-18/07/25) - 142 panels | J91: 142 | K91: 639 | L91: PAID | M91: =IF(L91="VOIDED",0,1) -> 1 | N91: 200 | O91: GST on Income | P91: R03 | Q91: HIRE-FP | R91: =IF(OR(Q91="CONTEXT",Q91="REVIEW"),"",INDEX('Category Rules'!$D$5:$D$17,MATCH(P91,'Category Rules'!$A$5:$A$17,0))) -> 4010 | S91: =IF(Q91="CONTEXT","Fencing",IF(Q91="REVIEW","",INDEX('Category Rules'!$E$5:$E$17,MATCH(P91,'Category Rules'!$A$5:$A$17,0)))) -> Fencing | T91: =IF(Q91="DEP","BAS Excluded","GST on Income") -> GST on Income | U91: =IF(O91=T91,1,0) -> 1 | V91: =IF(OR(M91=0,U91=1),0,IF(T91="GST on Income",ROUND(K91*0.1,2),ROUND(-K91*0.1,2))) -> 0
A92: INV-4977-1 | B92: INV-4977 | C92: 45857 | D92: 2025-07 | E92: C0007 | F92: C0007 | G92: Eastlink Projects | H92: S0186 | I92: Collection and dismantle - temporary fencing | J92: 1 | K92: 165 | L92: PAID | M92: =IF(L92="VOIDED",0,1) -> 1 | N92: 200 | O92: GST on Income | P92: R07 | Q92: DEL-FP | R92: =IF(OR(Q92="CONTEXT",Q92="REVIEW"),"",INDEX('Category Rules'!$D$5:$D$17,MATCH(P92,'Category Rules'!$A$5:$A$17,0))) -> 4020 | S92: =IF(Q92="CONTEXT","Fencing",IF(Q92="REVIEW","",INDEX('Category Rules'!$E$5:$E$17,MATCH(P92,'Category Rules'!$A$5:$A$17,0)))) -> Fencing | T92: =IF(Q92="DEP","BAS Excluded","GST on Income") -> GST on Income | U92: =IF(O92=T92,1,0) -> 1 | V92: =IF(OR(M92=0,U92=1),0,IF(T92="GST on Income",ROUND(K92*0.1,2),ROUND(-K92*0.1,2))) -> 0
A93: INV-4439-1 | B93: INV-4439 | C93: 45858 | D93: 2025-07 | E93: C0022 | F93: C0022 | G93: Highpoint Projects | H93: S0067 | I93: Delivery and installation - temporary fencing | J93: 1 | K93: 165 | L93: PAID | M93: =IF(L93="VOIDED",0,1) -> 1 | N93: 200 | O93: GST on Income | P93: R07 | Q93: DEL-FP | R93: =IF(OR(Q93="CONTEXT",Q93="REVIEW"),"",INDEX('Category Rules'!$D$5:$D$17,MATCH(P93,'Category Rules'!$A$5:$A$17,0))) -> 4020 | S93: =IF(Q93="CONTEXT","Fencing",IF(Q93="REVIEW","",INDEX('Category Rules'!$E$5:$E$17,MATCH(P93,'Category Rules'!$A$5:$A$17,0)))) -> Fencing | T93: =IF(Q93="DEP","BAS Excluded","GST on Income") -> GST on Income | U93: =IF(O93=T93,1,0) -> 1 | V93: =IF(OR(M93=0,U93=1),0,IF(T93="GST on Income",ROUND(K93*0.1,2),ROUND(-K93*0.1,2))) -> 0
A94: INV-4439-2 | B94: INV-4439 | C94: 45858 | D94: 2025-07 | E94: C0022 | F94: C0022 | G94: Highpoint Projects | H94: S0067 | I94: Installation labour - 136 panels @ 2.20 | J94: 136 | K94: 299.2 | L94: PAID | M94: =IF(L94="VOIDED",0,1) -> 1 | N94: 200 | O94: GST on Income | P94: R07 | Q94: DEL-FP | R94: =IF(OR(Q94="CONTEXT",Q94="REVIEW"),"",INDEX('Category Rules'!$D$5:$D$17,MATCH(P94,'Category Rules'!$A$5:$A$17,0))) -> 4020 | S94: =IF(Q94="CONTEXT","Fencing",IF(Q94="REVIEW","",INDEX('Category Rules'!$E$5:$E$17,MATCH(P94,'Category Rules'!$A$5:$A$17,0)))) -> Fencing | T94: =IF(Q94="DEP","BAS Excluded","GST on Income") -> GST on Income | U94: =IF(O94=T94,1,0) -> 1 | V94: =IF(OR(M94=0,U94=1),0,IF(T94="GST on Income",ROUND(K94*0.1,2),ROUND(-K94*0.1,2))) -> 0
A95: INV-4986-1 | B95: INV-4986 | C95: 45858 | D95: 2025-07 | E95: C0149 | F95: C0004 | G95: Lakeside Builders Pty Ltd | H95: S0188 | I95: Delivery and installation - temporary fencing | J95: 1 | K95: 165 | L95: PAID | M95: =IF(L95="VOIDED",0,1) -> 1 | N95: 200 | O95: GST on Income | P95: R07 | Q95: DEL-FP | R95: =IF(OR(Q95="CONTEXT",Q95="REVIEW"),"",INDEX('Category Rules'!$D$5:$D$17,MATCH(P95,'Category Rules'!$A$5:$A$17,0))) -> 4020 | S95: =IF(Q95="CONTEXT","Fencing",IF(Q95="REVIEW","",INDEX('Category Rules'!$E$5:$E$17,MATCH(P95,'Category Rules'!$A$5:$A$17,0)))) -> Fencing | T95: =IF(Q95="DEP","BAS Excluded","GST on Income") -> GST on Income | U95: =IF(O95=T95,1,0) -> 1 | V95: =IF(OR(M95=0,U95=1),0,IF(T95="GST on Income",ROUND(K95*0.1,2),ROUND(-K95*0.1,2))) -> 0
A96: INV-4986-2 | B96: INV-4986 | C96: 45858 | D96: 2025-07 | E96: C0149 | F96: C0004 | G96: Lakeside Builders Pty Ltd | H96: S0188 | I96: Installation labour - 24 panels @ 2.20 | J96: 24 | K96: 52.8 | L96: PAID | M96: =IF(L96="VOIDED",0,1) -> 1 | N96: 200 | O96: GST on Income | P96: R07 | Q96: DEL-FP | R96: =IF(OR(Q96="CONTEXT",Q96="REVIEW"),"",INDEX('Category Rules'!$D$5:$D$17,MATCH(P96,'Category Rules'!$A$5:$A$17,0))) -> 4020 | S96: =IF(Q96="CONTEXT","Fencing",IF(Q96="REVIEW","",INDEX('Category Rules'!$E$5:$E$17,MATCH(P96,'Category Rules'!$A$5:$A$17,0)))) -> Fencing | T96: =IF(Q96="DEP","BAS Excluded","GST on Income") -> GST on Income | U96: =IF(O96=T96,1,0) -> 1 | V96: =IF(OR(M96=0,U96=1),0,IF(T96="GST on Income",ROUND(K96*0.1,2),ROUND(-K96*0.1,2))) -> 0
A97: INV-4724-1 | B97: INV-4724 | C97: 45859 | D97: 2025-07 | E97: C0116 | F97: C0116 | G97: Lucas Patel | H97: S0130 | I97: Delivery and installation - temporary fencing | J97: 1 | K97: 165 | L97: PAID | M97: =IF(L97="VOIDED",0,1) -> 1 | N97: 200 | O97: GST on Income | P97: R07 | Q97: DEL-FP | R97: =IF(OR(Q97="CONTEXT",Q97="REVIEW"),"",INDEX('Category Rules'!$D$5:$D$17,MATCH(P97,'Category Rules'!$A$5:$A$17,0))) -> 4020 | S97: =IF(Q97="CONTEXT","Fencing",IF(Q97="REVIEW","",INDEX('Category Rules'!$E$5:$E$17,MATCH(P97,'Category Rules'!$A$5:$A$17,0)))) -> Fencing | T97: =IF(Q97="DEP","BAS Excluded","GST on Income") -> GST on Income | U97: =IF(O97=T97,1,0) -> 1 | V97: =IF(OR(M97=0,U97=1),0,IF(T97="GST on Income",ROUND(K97*0.1,2),ROUND(-K97*0.1,2))) -> 0
A98: INV-4724-2 | B98: INV-4724 | C98: 45859 | D98: 2025-07 | E98: C0116 | F98: C0116 | G98: Lucas Patel | H98: S0130 | I98: Installation labour - 106 panels @ 2.20 | J98: 106 | K98: 233.2 | L98: PAID | M98: =IF(L98="VOIDED",0,1) -> 1 | N98: 200 | O98: GST on Income | P98: R07 | Q98: DEL-FP | R98: =IF(OR(Q98="CONTEXT",Q98="REVIEW"),"",INDEX('Category Rules'!$D$5:$D$17,MATCH(P98,'Category Rules'!$A$5:$A$17,0))) -> 4020 | S98: =IF(Q98="CONTEXT","Fencing",IF(Q98="REVIEW","",INDEX('Category Rules'!$E$5:$E$17,MATCH(P98,'Category Rules'!$A$5:$A$17,0)))) -> Fencing | T98: =IF(Q98="DEP","BAS Excluded","GST on Income") -> GST on Income | U98: =IF(O98=T98,1,0) -> 1 | V98: =IF(OR(M98=0,U98=1),0,IF(T98="GST on Income",ROUND(K98*0.1,2),ROUND(-K98*0.1,2))) -> 0
... A101: INV-4371-1 | B101: INV-4371 | C101: 45860 | D101: 2025-07 | E101: C0036 | F101: C0036 | G101: Summit Homes Pty Ltd | H101: S0055 | I101: Pedestrian barrier hire 4 wks (24/06/25-21/07/25) - 22 barriers | J101: 88 | K101: 281.6 | L101: PAID | M101: =IF(L101="VOIDED",0,1) -> 1 | N101: 200 | O101: GST on Income | P101: R04 | Q101: HIRE-BR | R101: =IF(OR(Q101="CONTEXT",Q101="REVIEW"),"",INDEX('Category Rules'!$D$5:$D$17,MATCH(P101,'Category Rules'!$A$5:$A$17,0))) -> 4010 | S101: =IF(Q101="CONTEXT","Fencing",IF(Q101="REVIEW","",INDEX('Category Rules'!$E$5:$E$17,MATCH(P101,'Category Rules'!$A$5:$A$17,0)))) -> Fencing | T101: =IF(Q101="DEP","BAS Excluded","GST on Income") -> GST on Income | U101: =IF(O101=T101,1,0) -> 1 | V101: =IF(OR(M101=0,U101=1),0,IF(T101="GST on Income",ROUND(K101*0.1,2),ROUND(-K101*0.1,2))) -> 0
A102: INV-5412-1 | B102: INV-5412 | C102: 45860 | D102: 2025-07 | E102: C0039 | F102: C0039 | G102: Coastline Developments Pty Ltd | H102: S0286 | I102: Scaffold erect - 2 tower(s) | J102: 2 | K102: 840 | L102: PAID | M102: =IF(L102="VOIDED",0,1) -> 1 | N102: 200 | O102: GST on Income | P102: R08 | Q102: LAB-ST | R102: =IF(OR(Q102="CONTEXT",Q102="REVIEW"),"",INDEX('Category Rules'!$D$5:$D$17,MATCH(P102,'Category Rules'!$A$5:$A$17,0))) -> 4020 | S102: =IF(Q102="CONTEXT","Scaffolding",IF(Q102="REVIEW","",INDEX('Category Rules'!$E$5:$E$17,MATCH(P102,'Category Rules'!$A$5:$A$17,0)))) -> Scaffolding | T102: =IF(Q102="DEP","BAS Excluded","GST on Income") -> GST on Income | U102: =IF(O102=T102,1,0) -> 1 | V102: =IF(OR(M102=0,U102=1),0,IF(T102="GST on Income",ROUND(K102*0.1,2),ROUND(-K102*0.1,2))) -> 0
A103: INV-5484-1 | B103: INV-5484 | C103: 45860 | D103: 2025-07 | E103: C0059 | F103: C0059 | G103: Silverleaf Insurance Repairs Pty Ltd | H103: S0317 | I103: Emergency make safe call-out - after hours | J103: 1 | K103: 560 | L103: PAID | M103: =IF(L103="VOIDED",0,1) -> 1 | N103: 200 | O103: GST on Income | P103: R09 | Q103: MS | R103: =IF(OR(Q103="CONTEXT",Q103="REVIEW"),"",INDEX('Category Rules'!$D$5:$D$17,MATCH(P103,'Category Rules'!$A$5:$A$17,0))) -> 4020 | S103: =IF(Q103="CONTEXT","Make-safe",IF(Q103="REVIEW","",INDEX('Category Rules'!$E$5:$E$17,MATCH(P103,'Category Rules'!$A$5:$A$17,0)))) -> Make-safe | T103: =IF(Q103="DEP","BAS Excluded","GST on Income") -> GST on Income | U103: =IF(O103=T103,1,0) -> 1 | V103: =IF(OR(M103=0,U103=1),0,IF(T103="GST on Income",ROUND(K103*0.1,2),ROUND(-K103*0.1,2))) -> 0
...

Sheet Category Rules
A1: Categorisation rules (first match wins, R00 checked first)
A2: Work sample: realistic data, built to show how I approach this work.
A4: Rule | B4: Pattern (on the line description) | C4: Category | D4: Account | E4: Service line | F4: Why | G4: Lines | H4: Value
A5: R00 | B5: package|\bfence\b.*make safe|make safe.*\bfence\b | C5: MIXED | F5: Two service lines in one line: needs a person | G5: =COUNTIFS('Invoice Lines'!$P$5:$P$2542,A5,'Invoice Lines'!$M$5:$M$2542,1) -> 9 | H5: =SUMIFS('Invoice Lines'!$K$5:$K$2542,'Invoice Lines'!$P$5:$P$2542,A5,'Invoice Lines'!$M$5:$M$2542,1) -> 18799.88
A6: R01 | B6: security deposit | C6: DEP | D6: 835 | E6: Fencing | F6: Refundable deposits are a liability, not income | G6: =COUNTIFS('Invoice Lines'!$P$5:$P$2542,A6,'Invoice Lines'!$M$5:$M$2542,1) -> 40 | H6: =SUMIFS('Invoice Lines'!$K$5:$K$2542,'Invoice Lines'!$P$5:$P$2542,A6,'Invoice Lines'!$M$5:$M$2542,1) -> 19000
A7: R02 | B7: lost/damaged|lost or damaged|damaged panels | C7: LOSS | D7: 4040 | E7: Fencing | F7: Charges for equipment not returned | G7: =COUNTIFS('Invoice Lines'!$P$5:$P$2542,A7,'Invoice Lines'!$M$5:$M$2542,1) -> 20 | H7: =SUMIFS('Invoice Lines'!$K$5:$K$2542,'Invoice Lines'!$P$5:$P$2542,A7,'Invoice Lines'!$M$5:$M$2542,1) -> 10875
A8: R03 | B8: fence hire | C8: HIRE-FP | D8: 4010 | E8: Fencing | F8: Weekly panel hire | G8: =COUNTIFS('Invoice Lines'!$P$5:$P$2542,A8,'Invoice Lines'!$M$5:$M$2542,1) -> 566 | H8: =SUMIFS('Invoice Lines'!$K$5:$K$2542,'Invoice Lines'!$P$5:$P$2542,A8,'Invoice Lines'!$M$5:$M$2542,1) -> 797095.89
A9: R04 | B9: barrier hire | C9: HIRE-BR | D9: 4010 | E9: Fencing | F9: Weekly barrier hire | G9: =COUNTIFS('Invoice Lines'!$P$5:$P$2542,A9,'Invoice Lines'!$M$5:$M$2542,1) -> 156 | H9: =SUMIFS('Invoice Lines'!$K$5:$K$2542,'Invoice Lines'!$P$5:$P$2542,A9,'Invoice Lines'!$M$5:$M$2542,1) -> 26838.4
A10: R05 | B10: scaffold tower hire | C10: HIRE-ST | D10: 4010 | E10: Scaffolding | F10: Weekly tower hire | G10: =COUNTIFS('Invoice Lines'!$P$5:$P$2542,A10,'Invoice Lines'!$M$5:$M$2542,1) -> 136 | H10: =SUMIFS('Invoice Lines'!$K$5:$K$2542,'Invoice Lines'!$P$5:$P$2542,A10,'Invoice Lines'!$M$5:$M$2542,1) -> 94335
A11: R06 | B11: tarp kit hire | C11: HIRE-TK | D11: 4010 | E11: Make-safe | F11: Weekly tarp kit hire | G11: =COUNTIFS('Invoice Lines'!$P$5:$P$2542,A11,'Invoice Lines'!$M$5:$M$2542,1) -> 128 | H11: =SUMIFS('Invoice Lines'!$K$5:$K$2542,'Invoice Lines'!$P$5:$P$2542,A11,'Invoice Lines'!$M$5:$M$2542,1) -> 25970
A12: R07 | B12: delivery and installation|installation labour|collection and dismantle | C12: DEL-FP | D12: 4020 | E12: Fencing | F12: Delivery, install and collection | G12: =COUNTIFS('Invoice Lines'!$P$5:$P$2542,A12,'Invoice Lines'!$M$5:$M$2542,1) -> 561 | H12: =SUMIFS('Invoice Lines'!$K$5:$K$2542,'Invoice Lines'!$P$5:$P$2542,A12,'Invoice Lines'!$M$5:$M$2542,1) -> 96890.2
A13: R08 | B13: scaffold (erect|dismantle) | C13: LAB-ST | D13: 4020 | E13: Scaffolding | F13: Erect and dismantle labour | G13: =COUNTIFS('Invoice Lines'!$P$5:$P$2542,A13,'Invoice Lines'!$M$5:$M$2542,1) -> 117 | H13: =SUMIFS('Invoice Lines'!$K$5:$K$2542,'Invoice Lines'!$P$5:$P$2542,A13,'Invoice Lines'!$M$5:$M$2542,1) -> 110880
A14: R09 | B14: make safe|tarp supply | C14: MS | D14: 4020 | E14: Make-safe | F14: Call-outs and tarping | G14: =COUNTIFS('Invoice Lines'!$P$5:$P$2542,A14,'Invoice Lines'!$M$5:$M$2542,1) -> 273 | H14: =SUMIFS('Invoice Lines'!$K$5:$K$2542,'Invoice Lines'!$P$5:$P$2542,A14,'Invoice Lines'!$M$5:$M$2542,1) -> 124150
A15: R10 | B15: roof repair labour | C15: LAB-RF | D15: 4020 | E15: Roofing | F15: Roof repair labour | G15: =COUNTIFS('Invoice Lines'!$P$5:$P$2542,A15,'Invoice Lines'!$M$5:$M$2542,1) -> 145 | H15: =SUMIFS('Invoice Lines'!$K$5:$K$2542,'Invoice Lines'!$P$5:$P$2542,A15,'Invoice Lines'!$M$5:$M$2542,1) -> 150332
A16: R11 | B16: ^materials -|waste removal|tip fees | C16: MAT-RF | D16: 4030 | E16: Roofing | F16: Materials, waste and tip fees | G16: =COUNTIFS('Invoice Lines'!$P$5:$P$2542,A16,'Invoice Lines'!$M$5:$M$2542,1) -> 336 | H16: =SUMIFS('Invoice Lines'!$K$5:$K$2542,'Invoice Lines'!$P$5:$P$2542,A16,'Invoice Lines'!$M$5:$M$2542,1) -> 203086.55
A17: R12 | B17: (no rule) and the invoice Reference is a known site | C17: CONTEXT | F17: Service line known, account confirmed by a person | G17: =COUNTIFS('Invoice Lines'!$P$5:$P$2542,A17,'Invoice Lines'!$M$5:$M$2542,1) -> 16 | H17: =SUMIFS('Invoice Lines'!$K$5:$K$2542,'Invoice Lines'!$P$5:$P$2542,A17,'Invoice Lines'!$M$5:$M$2542,1) -> 37352.69
A18: No rule, no site | G18: =COUNTIFS('Invoice Lines'!$P$5:$P$2542,"--",'Invoice Lines'!$M$5:$M$2542,1) -> 21 | H18: =SUMIFS('Invoice Lines'!$K$5:$K$2542,'Invoice Lines'!$P$5:$P$2542,"--",'Invoice Lines'!$M$5:$M$2542,1) -> 42788.54
A19: Total | G19: =SUM(G5:G18) -> 2524 | H19: =SUM(H5:H18) -> 1758394.1

Sheet Revenue by Service
A1: FY26 income by new account and service line (SUMIFS over Invoice Lines)
A2: Work sample: realistic data, built to show how I approach this work.
A4: Account | B4: Name | C4: Service line | D4: 2025-07 | E4: 2025-08 | F4: 2025-09 | G4: 2025-10 | H4: 2025-11 | I4: 2025-12 | J4: 2026-01 | K4: 2026-02 | L4: 2026-03 | M4: 2026-04 | N4: 2026-05 | O4: 2026-06 | P4: Total
A5: 835 | B5: Customer deposits held | C5: Fencing | D5: =SUMIFS('Invoice Lines'!$K$5:$K$2542,'Invoice Lines'!$R$5:$R$2542,$A5,'Invoice Lines'!$S$5:$S$2542,$C5,'Invoice Lines'!$D$5:$D$2542,"2025-07",'Invoice Lines'!$M$5:$M$2542,1) -> 850 | E5: =SUMIFS('Invoice Lines'!$K$5:$K$2542,'Invoice Lines'!$R$5:$R$2542,$A5,'Invoice Lines'!$S$5:$S$2542,$C5,'Invoice Lines'!$D$5:$D$2542,"2025-08",'Invoice Lines'!$M$5:$M$2542,1) -> 990 | F5: =SUMIFS('Invoice Lines'!$K$5:$K$2542,'Invoice Lines'!$R$5:$R$2542,$A5,'Invoice Lines'!$S$5:$S$2542,$C5,'Invoice Lines'!$D$5:$D$2542,"2025-09",'Invoice Lines'!$M$5:$M$2542,1) -> 3170 | G5: =SUMIFS('Invoice Lines'!$K$5:$K$2542,'Invoice Lines'!$R$5:$R$2542,$A5,'Invoice Lines'!$S$5:$S$2542,$C5,'Invoice Lines'!$D$5:$D$2542,"2025-10",'Invoice Lines'!$M$5:$M$2542,1) -> 2020 | H5: =SUMIFS('Invoice Lines'!$K$5:$K$2542,'Invoice Lines'!$R$5:$R$2542,$A5,'Invoice Lines'!$S$5:$S$2542,$C5,'Invoice Lines'!$D$5:$D$2542,"2025-11",'Invoice Lines'!$M$5:$M$2542,1) -> 950 | I5: =SUMIFS('Invoice Lines'!$K$5:$K$2542,'Invoice Lines'!$R$5:$R$2542,$A5,'Invoice Lines'!$S$5:$S$2542,$C5,'Invoice Lines'!$D$5:$D$2542,"2025-12",'Invoice Lines'!$M$5:$M$2542,1) -> 810 | J5: =SUMIFS('Invoice Lines'!$K$5:$K$2542,'Invoice Lines'!$R$5:$R$2542,$A5,'Invoice Lines'!$S$5:$S$2542,$C5,'Invoice Lines'!$D$5:$D$2542,"2026-01",'Invoice Lines'!$M$5:$M$2542,1) -> 200 | K5: =SUMIFS('Invoice Lines'!$K$5:$K$2542,'Invoice Lines'!$R$5:$R$2542,$A5,'Invoice Lines'!$S$5:$S$2542,$C5,'Invoice Lines'!$D$5:$D$2542,"2026-02",'Invoice Lines'!$M$5:$M$2542,1) -> 2000 | L5: =SUMIFS('Invoice Lines'!$K$5:$K$2542,'Invoice Lines'!$R$5:$R$2542,$A5,'Invoice Lines'!$S$5:$S$2542,$C5,'Invoice Lines'!$D$5:$D$2542,"2026-03",'Invoice Lines'!$M$5:$M$2542,1) -> 2160 | M5: =SUMIFS('Invoice Lines'!$K$5:$K$2542,'Invoice Lines'!$R$5:$R$2542,$A5,'Invoice Lines'!$S$5:$S$2542,$C5,'Invoice Lines'!$D$5:$D$2542,"2026-04",'Invoice Lines'!$M$5:$M$2542,1) -> 0 | N5: =SUMIFS('Invoice Lines'!$K$5:$K$2542,'Invoice Lines'!$R$5:$R$2542,$A5,'Invoice Lines'!$S$5:$S$2542,$C5,'Invoice Lines'!$D$5:$D$2542,"2026-05",'Invoice Lines'!$M$5:$M$2542,1) -> 1890 | O5: =SUMIFS('Invoice Lines'!$K$5:$K$2542,'Invoice Lines'!$R$5:$R$2542,$A5,'Invoice Lines'!$S$5:$S$2542,$C5,'Invoice Lines'!$D$5:$D$2542,"2026-06",'Invoice Lines'!$M$5:$M$2542,1) -> 3960 | P5: =SUM(D5:O5) -> 19000
A6: 4010 | B6: Hire income | C6: Fencing | D6: =SUMIFS('Invoice Lines'!$K$5:$K$2542,'Invoice Lines'!$R$5:$R$2542,$A6,'Invoice Lines'!$S$5:$S$2542,$C6,'Invoice Lines'!$D$5:$D$2542,"2025-07",'Invoice Lines'!$M$5:$M$2542,1) -> 37487.2 | E6: =SUMIFS('Invoice Lines'!$K$5:$K$2542,'Invoice Lines'!$R$5:$R$2542,$A6,'Invoice Lines'!$S$5:$S$2542,$C6,'Invoice Lines'!$D$5:$D$2542,"2025-08",'Invoice Lines'!$M$5:$M$2542,1) -> 43895.6 | F6: =SUMIFS('Invoice Lines'!$K$5:$K$2542,'Invoice Lines'!$R$5:$R$2542,$A6,'Invoice Lines'!$S$5:$S$2542,$C6,'Invoice Lines'!$D$5:$D$2542,"2025-09",'Invoice Lines'!$M$5:$M$2542,1) -> 48929.7 | G6: =SUMIFS('Invoice Lines'!$K$5:$K$2542,'Invoice Lines'!$R$5:$R$2542,$A6,'Invoice Lines'!$S$5:$S$2542,$C6,'Invoice Lines'!$D$5:$D$2542,"2025-10",'Invoice Lines'!$M$5:$M$2542,1) -> 69118.4 | H6: =SUMIFS('Invoice Lines'!$K$5:$K$2542,'Invoice Lines'!$R$5:$R$2542,$A6,'Invoice Lines'!$S$5:$S$2542,$C6,'Invoice Lines'!$D$5:$D$2542,"2025-11",'Invoice Lines'!$M$5:$M$2542,1) -> 73772.26 | I6: =SUMIFS('Invoice Lines'!$K$5:$K$2542,'Invoice Lines'!$R$5:$R$2542,$A6,'Invoice Lines'!$S$5:$S$2542,$C6,'Invoice Lines'!$D$5:$D$2542,"2025-12",'Invoice Lines'!$M$5:$M$2542,1) -> 73368.1 | J6: =SUMIFS('Invoice Lines'!$K$5:$K$2542,'Invoice Lines'!$R$5:$R$2542,$A6,'Invoice Lines'!$S$5:$S$2542,$C6,'Invoice Lines'!$D$5:$D$2542,"2026-01",'Invoice Lines'!$M$5:$M$2542,1) -> 81798.4 | K6: =SUMIFS('Invoice Lines'!$K$5:$K$2542,'Invoice Lines'!$R$5:$R$2542,$A6,'Invoice Lines'!$S$5:$S$2542,$C6,'Invoice Lines'!$D$5:$D$2542,"2026-02",'Invoice Lines'!$M$5:$M$2542,1) -> 76323.43 | L6: =SUMIFS('Invoice Lines'!$K$5:$K$2542,'Invoice Lines'!$R$5:$R$2542,$A6,'Invoice Lines'!$S$5:$S$2542,$C6,'Invoice Lines'!$D$5:$D$2542,"2026-03",'Invoice Lines'!$M$5:$M$2542,1) -> 81869 | M6: =SUMIFS('Invoice Lines'!$K$5:$K$2542,'Invoice Lines'!$R$5:$R$2542,$A6,'Invoice Lines'!$S$5:$S$2542,$C6,'Invoice Lines'!$D$5:$D$2542,"2026-04",'Invoice Lines'!$M$5:$M$2542,1) -> 80963.8 | N6: =SUMIFS('Invoice Lines'!$K$5:$K$2542,'Invoice Lines'!$R$5:$R$2542,$A6,'Invoice Lines'!$S$5:$S$2542,$C6,'Invoice Lines'!$D$5:$D$2542,"2026-05",'Invoice Lines'!$M$5:$M$2542,1) -> 81873 | O6: =SUMIFS('Invoice Lines'!$K$5:$K$2542,'Invoice Lines'!$R$5:$R$2542,$A6,'Invoice Lines'!$S$5:$S$2542,$C6,'Invoice Lines'!$D$5:$D$2542,"2026-06",'Invoice Lines'!$M$5:$M$2542,1) -> 74535.4 | P6: =SUM(D6:O6) -> 823934.29
A7: 4010 | B7: Hire income | C7: Make-safe | D7: =SUMIFS('Invoice Lines'!$K$5:$K$2542,'Invoice Lines'!$R$5:$R$2542,$A7,'Invoice Lines'!$S$5:$S$2542,$C7,'Invoice Lines'!$D$5:$D$2542,"2025-07",'Invoice Lines'!$M$5:$M$2542,1) -> 0 | E7: =SUMIFS('Invoice Lines'!$K$5:$K$2542,'Invoice Lines'!$R$5:$R$2542,$A7,'Invoice Lines'!$S$5:$S$2542,$C7,'Invoice Lines'!$D$5:$D$2542,"2025-08",'Invoice Lines'!$M$5:$M$2542,1) -> 2765 | F7: =SUMIFS('Invoice Lines'!$K$5:$K$2542,'Invoice Lines'!$R$5:$R$2542,$A7,'Invoice Lines'!$S$5:$S$2542,$C7,'Invoice Lines'!$D$5:$D$2542,"2025-09",'Invoice Lines'!$M$5:$M$2542,1) -> 3920 | G7: =SUMIFS('Invoice Lines'!$K$5:$K$2542,'Invoice Lines'!$R$5:$R$2542,$A7,'Invoice Lines'!$S$5:$S$2542,$C7,'Invoice Lines'!$D$5:$D$2542,"2025-10",'Invoice Lines'!$M$5:$M$2542,1) -> 2870 | H7: =SUMIFS('Invoice Lines'!$K$5:$K$2542,'Invoice Lines'!$R$5:$R$2542,$A7,'Invoice Lines'!$S$5:$S$2542,$C7,'Invoice Lines'!$D$5:$D$2542,"2025-11",'Invoice Lines'!$M$5:$M$2542,1) -> 1540 | I7: =SUMIFS('Invoice Lines'!$K$5:$K$2542,'Invoice Lines'!$R$5:$R$2542,$A7,'Invoice Lines'!$S$5:$S$2542,$C7,'Invoice Lines'!$D$5:$D$2542,"2025-12",'Invoice Lines'!$M$5:$M$2542,1) -> 1750 | J7: =SUMIFS('Invoice Lines'!$K$5:$K$2542,'Invoice Lines'!$R$5:$R$2542,$A7,'Invoice Lines'!$S$5:$S$2542,$C7,'Invoice Lines'!$D$5:$D$2542,"2026-01",'Invoice Lines'!$M$5:$M$2542,1) -> 2520 | K7: =SUMIFS('Invoice Lines'!$K$5:$K$2542,'Invoice Lines'!$R$5:$R$2542,$A7,'Invoice Lines'!$S$5:$S$2542,$C7,'Invoice Lines'!$D$5:$D$2542,"2026-02",'Invoice Lines'!$M$5:$M$2542,1) -> 2590 | L7: =SUMIFS('Invoice Lines'!$K$5:$K$2542,'Invoice Lines'!$R$5:$R$2542,$A7,'Invoice Lines'!$S$5:$S$2542,$C7,'Invoice Lines'!$D$5:$D$2542,"2026-03",'Invoice Lines'!$M$5:$M$2542,1) -> 1260 | M7: =SUMIFS('Invoice Lines'!$K$5:$K$2542,'Invoice Lines'!$R$5:$R$2542,$A7,'Invoice Lines'!$S$5:$S$2542,$C7,'Invoice Lines'!$D$5:$D$2542,"2026-04",'Invoice Lines'!$M$5:$M$2542,1) -> 1680 | N7: =SUMIFS('Invoice Lines'!$K$5:$K$2542,'Invoice Lines'!$R$5:$R$2542,$A7,'Invoice Lines'!$S$5:$S$2542,$C7,'Invoice Lines'!$D$5:$D$2542,"2026-05",'Invoice Lines'!$M$5:$M$2542,1) -> 2905 | O7: =SUMIFS('Invoice Lines'!$K$5:$K$2542,'Invoice Lines'!$R$5:$R$2542,$A7,'Invoice Lines'!$S$5:$S$2542,$C7,'Invoice Lines'!$D$5:$D$2542,"2026-06",'Invoice Lines'!$M$5:$M$2542,1) -> 2170 | P7: =SUM(D7:O7) -> 25970
A8: 4010 | B8: Hire income | C8: Scaffolding | D8: =SUMIFS('Invoice Lines'!$K$5:$K$2542,'Invoice Lines'!$R$5:$R$2542,$A8,'Invoice Lines'!$S$5:$S$2542,$C8,'Invoice Lines'!$D$5:$D$2542,"2025-07",'Invoice Lines'!$M$5:$M$2542,1) -> 2565 | E8: =SUMIFS('Invoice Lines'!$K$5:$K$2542,'Invoice Lines'!$R$5:$R$2542,$A8,'Invoice Lines'!$S$5:$S$2542,$C8,'Invoice Lines'!$D$5:$D$2542,"2025-08",'Invoice Lines'!$M$5:$M$2542,1) -> 6745 | F8: =SUMIFS('Invoice Lines'!$K$5:$K$2542,'Invoice Lines'!$R$5:$R$2542,$A8,'Invoice Lines'!$S$5:$S$2542,$C8,'Invoice Lines'!$D$5:$D$2542,"2025-09",'Invoice Lines'!$M$5:$M$2542,1) -> 13015 | G8: =SUMIFS('Invoice Lines'!$K$5:$K$2542,'Invoice Lines'!$R$5:$R$2542,$A8,'Invoice Lines'!$S$5:$S$2542,$C8,'Invoice Lines'!$D$5:$D$2542,"2025-10",'Invoice Lines'!$M$5:$M$2542,1) -> 8170 | H8: =SUMIFS('Invoice Lines'!$K$5:$K$2542,'Invoice Lines'!$R$5:$R$2542,$A8,'Invoice Lines'!$S$5:$S$2542,$C8,'Invoice Lines'!$D$5:$D$2542,"2025-11",'Invoice Lines'!$M$5:$M$2542,1) -> 8645 | I8: =SUMIFS('Invoice Lines'!$K$5:$K$2542,'Invoice Lines'!$R$5:$R$2542,$A8,'Invoice Lines'!$S$5:$S$2542,$C8,'Invoice Lines'!$D$5:$D$2542,"2025-12",'Invoice Lines'!$M$5:$M$2542,1) -> 4655 | J8: =SUMIFS('Invoice Lines'!$K$5:$K$2542,'Invoice Lines'!$R$5:$R$2542,$A8,'Invoice Lines'!$S$5:$S$2542,$C8,'Invoice Lines'!$D$5:$D$2542,"2026-01",'Invoice Lines'!$M$5:$M$2542,1) -> 10450 | K8: =SUMIFS('Invoice Lines'!$K$5:$K$2542,'Invoice Lines'!$R$5:$R$2542,$A8,'Invoice Lines'!$S$5:$S$2542,$C8,'Invoice Lines'!$D$5:$D$2542,"2026-02",'Invoice Lines'!$M$5:$M$2542,1) -> 6460 | L8: =SUMIFS('Invoice Lines'!$K$5:$K$2542,'Invoice Lines'!$R$5:$R$2542,$A8,'Invoice Lines'!$S$5:$S$2542,$C8,'Invoice Lines'!$D$5:$D$2542,"2026-03",'Invoice Lines'!$M$5:$M$2542,1) -> 11590 | M8: =SUMIFS('Invoice Lines'!$K$5:$K$2542,'Invoice Lines'!$R$5:$R$2542,$A8,'Invoice Lines'!$S$5:$S$2542,$C8,'Invoice Lines'!$D$5:$D$2542,"2026-04",'Invoice Lines'!$M$5:$M$2542,1) -> 8265 | N8: =SUMIFS('Invoice Lines'!$K$5:$K$2542,'Invoice Lines'!$R$5:$R$2542,$A8,'Invoice Lines'!$S$5:$S$2542,$C8,'Invoice Lines'!$D$5:$D$2542,"2026-05",'Invoice Lines'!$M$5:$M$2542,1) -> 8075 | O8: =SUMIFS('Invoice Lines'!$K$5:$K$2542,'Invoice Lines'!$R$5:$R$2542,$A8,'Invoice Lines'!$S$5:$S$2542,$C8,'Invoice Lines'!$D$5:$D$2542,"2026-06",'Invoice Lines'!$M$5:$M$2542,1) -> 5700 | P8: =SUM(D8:O8) -> 94335
A9: 4020 | B9: Labour and call-outs | C9: Fencing | D9: =SUMIFS('Invoice Lines'!$K$5:$K$2542,'Invoice Lines'!$R$5:$R$2542,$A9,'Invoice Lines'!$S$5:$S$2542,$C9,'Invoice Lines'!$D$5:$D$2542,"2025-07",'Invoice Lines'!$M$5:$M$2542,1) -> 10758 | E9: =SUMIFS('Invoice Lines'!$K$5:$K$2542,'Invoice Lines'!$R$5:$R$2542,$A9,'Invoice Lines'!$S$5:$S$2542,$C9,'Invoice Lines'!$D$5:$D$2542,"2025-08",'Invoice Lines'!$M$5:$M$2542,1) -> 6683.6 | F9: =SUMIFS('Invoice Lines'!$K$5:$K$2542,'Invoice Lines'!$R$5:$R$2542,$A9,'Invoice Lines'!$S$5:$S$2542,$C9,'Invoice Lines'!$D$5:$D$2542,"2025-09",'Invoice Lines'!$M$5:$M$2542,1) -> 9059.6 | G9: =SUMIFS('Invoice Lines'!$K$5:$K$2542,'Invoice Lines'!$R$5:$R$2542,$A9,'Invoice Lines'!$S$5:$S$2542,$C9,'Invoice Lines'!$D$5:$D$2542,"2025-10",'Invoice Lines'!$M$5:$M$2542,1) -> 7216 | H9: =SUMIFS('Invoice Lines'!$K$5:$K$2542,'Invoice Lines'!$R$5:$R$2542,$A9,'Invoice Lines'!$S$5:$S$2542,$C9,'Invoice Lines'!$D$5:$D$2542,"2025-11",'Invoice Lines'!$M$5:$M$2542,1) -> 9314.8 | I9: =SUMIFS('Invoice Lines'!$K$5:$K$2542,'Invoice Lines'!$R$5:$R$2542,$A9,'Invoice Lines'!$S$5:$S$2542,$C9,'Invoice Lines'!$D$5:$D$2542,"2025-12",'Invoice Lines'!$M$5:$M$2542,1) -> 7706.6 | J9: =SUMIFS('Invoice Lines'!$K$5:$K$2542,'Invoice Lines'!$R$5:$R$2542,$A9,'Invoice Lines'!$S$5:$S$2542,$C9,'Invoice Lines'!$D$5:$D$2542,"2026-01",'Invoice Lines'!$M$5:$M$2542,1) -> 7306.2 | K9: =SUMIFS('Invoice Lines'!$K$5:$K$2542,'Invoice Lines'!$R$5:$R$2542,$A9,'Invoice Lines'!$S$5:$S$2542,$C9,'Invoice Lines'!$D$5:$D$2542,"2026-02",'Invoice Lines'!$M$5:$M$2542,1) -> 7728.6 | L9: =SUMIFS('Invoice Lines'!$K$5:$K$2542,'Invoice Lines'!$R$5:$R$2542,$A9,'Invoice Lines'!$S$5:$S$2542,$C9,'Invoice Lines'!$D$5:$D$2542,"2026-03",'Invoice Lines'!$M$5:$M$2542,1) -> 7889.2 | M9: =SUMIFS('Invoice Lines'!$K$5:$K$2542,'Invoice Lines'!$R$5:$R$2542,$A9,'Invoice Lines'!$S$5:$S$2542,$C9,'Invoice Lines'!$D$5:$D$2542,"2026-04",'Invoice Lines'!$M$5:$M$2542,1) -> 5561.6 | N9: =SUMIFS('Invoice Lines'!$K$5:$K$2542,'Invoice Lines'!$R$5:$R$2542,$A9,'Invoice Lines'!$S$5:$S$2542,$C9,'Invoice Lines'!$D$5:$D$2542,"2026-05",'Invoice Lines'!$M$5:$M$2542,1) -> 10489.6 | O9: =SUMIFS('Invoice Lines'!$K$5:$K$2542,'Invoice Lines'!$R$5:$R$2542,$A9,'Invoice Lines'!$S$5:$S$2542,$C9,'Invoice Lines'!$D$5:$D$2542,"2026-06",'Invoice Lines'!$M$5:$M$2542,1) -> 7176.4 | P9: =SUM(D9:O9) -> 96890.2
A10: 4020 | B10: Labour and call-outs | C10: Make-safe | D10: =SUMIFS('Invoice Lines'!$K$5:$K$2542,'Invoice Lines'!$R$5:$R$2542,$A10,'Invoice Lines'!$S$5:$S$2542,$C10,'Invoice Lines'!$D$5:$D$2542,"2025-07",'Invoice Lines'!$M$5:$M$2542,1) -> 7475 | E10: =SUMIFS('Invoice Lines'!$K$5:$K$2542,'Invoice Lines'!$R$5:$R$2542,$A10,'Invoice Lines'!$S$5:$S$2542,$C10,'Invoice Lines'!$D$5:$D$2542,"2025-08",'Invoice Lines'!$M$5:$M$2542,1) -> 14960 | F10: =SUMIFS('Invoice Lines'!$K$5:$K$2542,'Invoice Lines'!$R$5:$R$2542,$A10,'Invoice Lines'!$S$5:$S$2542,$C10,'Invoice Lines'!$D$5:$D$2542,"2025-09",'Invoice Lines'!$M$5:$M$2542,1) -> 10760 | G10: =SUMIFS('Invoice Lines'!$K$5:$K$2542,'Invoice Lines'!$R$5:$R$2542,$A10,'Invoice Lines'!$S$5:$S$2542,$C10,'Invoice Lines'!$D$5:$D$2542,"2025-10",'Invoice Lines'!$M$5:$M$2542,1) -> 11115 | H10: =SUMIFS('Invoice Lines'!$K$5:$K$2542,'Invoice Lines'!$R$5:$R$2542,$A10,'Invoice Lines'!$S$5:$S$2542,$C10,'Invoice Lines'!$D$5:$D$2542,"2025-11",'Invoice Lines'!$M$5:$M$2542,1) -> 6595 | I10: =SUMIFS('Invoice Lines'!$K$5:$K$2542,'Invoice Lines'!$R$5:$R$2542,$A10,'Invoice Lines'!$S$5:$S$2542,$C10,'Invoice Lines'!$D$5:$D$2542,"2025-12",'Invoice Lines'!$M$5:$M$2542,1) -> 10875 | J10: =SUMIFS('Invoice Lines'!$K$5:$K$2542,'Invoice Lines'!$R$5:$R$2542,$A10,'Invoice Lines'!$S$5:$S$2542,$C10,'Invoice Lines'!$D$5:$D$2542,"2026-01",'Invoice Lines'!$M$5:$M$2542,1) -> 12090 | K10: =SUMIFS('Invoice Lines'!$K$5:$K$2542,'Invoice Lines'!$R$5:$R$2542,$A10,'Invoice Lines'!$S$5:$S$2542,$C10,'Invoice Lines'!$D$5:$D$2542,"2026-02",'Invoice Lines'!$M$5:$M$2542,1) -> 5990 | L10: =SUMIFS('Invoice Lines'!$K$5:$K$2542,'Invoice Lines'!$R$5:$R$2542,$A10,'Invoice Lines'!$S$5:$S$2542,$C10,'Invoice Lines'!$D$5:$D$2542,"2026-03",'Invoice Lines'!$M$5:$M$2542,1) -> 7145 | M10: =SUMIFS('Invoice Lines'!$K$5:$K$2542,'Invoice Lines'!$R$5:$R$2542,$A10,'Invoice Lines'!$S$5:$S$2542,$C10,'Invoice Lines'!$D$5:$D$2542,"2026-04",'Invoice Lines'!$M$5:$M$2542,1) -> 12975 | N10: =SUMIFS('Invoice Lines'!$K$5:$K$2542,'Invoice Lines'!$R$5:$R$2542,$A10,'Invoice Lines'!$S$5:$S$2542,$C10,'Invoice Lines'!$D$5:$D$2542,"2026-05",'Invoice Lines'!$M$5:$M$2542,1) -> 7820 | O10: =SUMIFS('Invoice Lines'!$K$5:$K$2542,'Invoice Lines'!$R$5:$R$2542,$A10,'Invoice Lines'!$S$5:$S$2542,$C10,'Invoice Lines'!$D$5:$D$2542,"2026-06",'Invoice Lines'!$M$5:$M$2542,1) -> 16350 | P10: =SUM(D10:O10) -> 124150
A11: 4020 | B11: Labour and call-outs | C11: Roofing | D11: =SUMIFS('Invoice Lines'!$K$5:$K$2542,'Invoice Lines'!$R$5:$R$2542,$A11,'Invoice Lines'!$S$5:$S$2542,$C11,'Invoice Lines'!$D$5:$D$2542,"2025-07",'Invoice Lines'!$M$5:$M$2542,1) -> 2940 | E11: =SUMIFS('Invoice Lines'!$K$5:$K$2542,'Invoice Lines'!$R$5:$R$2542,$A11,'Invoice Lines'!$S$5:$S$2542,$C11,'Invoice Lines'!$D$5:$D$2542,"2025-08",'Invoice Lines'!$M$5:$M$2542,1) -> 20580 | F11: =SUMIFS('Invoice Lines'!$K$5:$K$2542,'Invoice Lines'!$R$5:$R$2542,$A11,'Invoice Lines'!$S$5:$S$2542,$C11,'Invoice Lines'!$D$5:$D$2542,"2025-09",'Invoice Lines'!$M$5:$M$2542,1) -> 13818 | G11: =SUMIFS('Invoice Lines'!$K$5:$K$2542,'Invoice Lines'!$R$5:$R$2542,$A11,'Invoice Lines'!$S$5:$S$2542,$C11,'Invoice Lines'!$D$5:$D$2542,"2025-10",'Invoice Lines'!$M$5:$M$2542,1) -> 14504 | H11: =SUMIFS('Invoice Lines'!$K$5:$K$2542,'Invoice Lines'!$R$5:$R$2542,$A11,'Invoice Lines'!$S$5:$S$2542,$C11,'Invoice Lines'!$D$5:$D$2542,"2025-11",'Invoice Lines'!$M$5:$M$2542,1) -> 17738 | I11: =SUMIFS('Invoice Lines'!$K$5:$K$2542,'Invoice Lines'!$R$5:$R$2542,$A11,'Invoice Lines'!$S$5:$S$2542,$C11,'Invoice Lines'!$D$5:$D$2542,"2025-12",'Invoice Lines'!$M$5:$M$2542,1) -> 12936 | J11: =SUMIFS('Invoice Lines'!$K$5:$K$2542,'Invoice Lines'!$R$5:$R$2542,$A11,'Invoice Lines'!$S$5:$S$2542,$C11,'Invoice Lines'!$D$5:$D$2542,"2026-01",'Invoice Lines'!$M$5:$M$2542,1) -> 14210 | K11: =SUMIFS('Invoice Lines'!$K$5:$K$2542,'Invoice Lines'!$R$5:$R$2542,$A11,'Invoice Lines'!$S$5:$S$2542,$C11,'Invoice Lines'!$D$5:$D$2542,"2026-02",'Invoice Lines'!$M$5:$M$2542,1) -> 8330 | L11: =SUMIFS('Invoice Lines'!$K$5:$K$2542,'Invoice Lines'!$R$5:$R$2542,$A11,'Invoice Lines'!$S$5:$S$2542,$C11,'Invoice Lines'!$D$5:$D$2542,"2026-03",'Invoice Lines'!$M$5:$M$2542,1) -> 13818 | M11: =SUMIFS('Invoice Lines'!$K$5:$K$2542,'Invoice Lines'!$R$5:$R$2542,$A11,'Invoice Lines'!$S$5:$S$2542,$C11,'Invoice Lines'!$D$5:$D$2542,"2026-04",'Invoice Lines'!$M$5:$M$2542,1) -> 6468 | N11: =SUMIFS('Invoice Lines'!$K$5:$K$2542,'Invoice Lines'!$R$5:$R$2542,$A11,'Invoice Lines'!$S$5:$S$2542,$C11,'Invoice Lines'!$D$5:$D$2542,"2026-05",'Invoice Lines'!$M$5:$M$2542,1) -> 18522 | O11: =SUMIFS('Invoice Lines'!$K$5:$K$2542,'Invoice Lines'!$R$5:$R$2542,$A11,'Invoice Lines'!$S$5:$S$2542,$C11,'Invoice Lines'!$D$5:$D$2542,"2026-06",'Invoice Lines'!$M$5:$M$2542,1) -> 6468 | P11: =SUM(D11:O11) -> 150332
A12: 4020 | B12: Labour and call-outs | C12: Scaffolding | D12: =SUMIFS('Invoice Lines'!$K$5:$K$2542,'Invoice Lines'!$R$5:$R$2542,$A12,'Invoice Lines'!$S$5:$S$2542,$C12,'Invoice Lines'!$D$5:$D$2542,"2025-07",'Invoice Lines'!$M$5:$M$2542,1) -> 8220 | E12: =SUMIFS('Invoice Lines'!$K$5:$K$2542,'Invoice Lines'!$R$5:$R$2542,$A12,'Invoice Lines'!$S$5:$S$2542,$C12,'Invoice Lines'!$D$5:$D$2542,"2025-08",'Invoice Lines'!$M$5:$M$2542,1) -> 10860 | F12: =SUMIFS('Invoice Lines'!$K$5:$K$2542,'Invoice Lines'!$R$5:$R$2542,$A12,'Invoice Lines'!$S$5:$S$2542,$C12,'Invoice Lines'!$D$5:$D$2542,"2025-09",'Invoice Lines'!$M$5:$M$2542,1) -> 7000 | G12: =SUMIFS('Invoice Lines'!$K$5:$K$2542,'Invoice Lines'!$R$5:$R$2542,$A12,'Invoice Lines'!$S$5:$S$2542,$C12,'Invoice Lines'!$D$5:$D$2542,"2025-10",'Invoice Lines'!$M$5:$M$2542,1) -> 13740 | H12: =SUMIFS('Invoice Lines'!$K$5:$K$2542,'Invoice Lines'!$R$5:$R$2542,$A12,'Invoice Lines'!$S$5:$S$2542,$C12,'Invoice Lines'!$D$5:$D$2542,"2025-11",'Invoice Lines'!$M$5:$M$2542,1) -> 11320 | I12: =SUMIFS('Invoice Lines'!$K$5:$K$2542,'Invoice Lines'!$R$5:$R$2542,$A12,'Invoice Lines'!$S$5:$S$2542,$C12,'Invoice Lines'!$D$5:$D$2542,"2025-12",'Invoice Lines'!$M$5:$M$2542,1) -> 11600 | J12: =SUMIFS('Invoice Lines'!$K$5:$K$2542,'Invoice Lines'!$R$5:$R$2542,$A12,'Invoice Lines'!$S$5:$S$2542,$C12,'Invoice Lines'!$D$5:$D$2542,"2026-01",'Invoice Lines'!$M$5:$M$2542,1) -> 9840 | K12: =SUMIFS('Invoice Lines'!$K$5:$K$2542,'Invoice Lines'!$R$5:$R$2542,$A12,'Invoice Lines'!$S$5:$S$2542,$C12,'Invoice Lines'!$D$5:$D$2542,"2026-02",'Invoice Lines'!$M$5:$M$2542,1) -> 4640 | L12: =SUMIFS('Invoice Lines'!$K$5:$K$2542,'Invoice Lines'!$R$5:$R$2542,$A12,'Invoice Lines'!$S$5:$S$2542,$C12,'Invoice Lines'!$D$5:$D$2542,"2026-03",'Invoice Lines'!$M$5:$M$2542,1) -> 9540 | M12: =SUMIFS('Invoice Lines'!$K$5:$K$2542,'Invoice Lines'!$R$5:$R$2542,$A12,'Invoice Lines'!$S$5:$S$2542,$C12,'Invoice Lines'!$D$5:$D$2542,"2026-04",'Invoice Lines'!$M$5:$M$2542,1) -> 11520 | N12: =SUMIFS('Invoice Lines'!$K$5:$K$2542,'Invoice Lines'!$R$5:$R$2542,$A12,'Invoice Lines'!$S$5:$S$2542,$C12,'Invoice Lines'!$D$5:$D$2542,"2026-05",'Invoice Lines'!$M$5:$M$2542,1) -> 9200 | O12: =SUMIFS('Invoice Lines'!$K$5:$K$2542,'Invoice Lines'!$R$5:$R$2542,$A12,'Invoice Lines'!$S$5:$S$2542,$C12,'Invoice Lines'!$D$5:$D$2542,"2026-06",'Invoice Lines'!$M$5:$M$2542,1) -> 3400 | P12: =SUM(D12:O12) -> 110880
A13: 4030 | B13: Materials and waste | C13: Roofing | D13: =SUMIFS('Invoice Lines'!$K$5:$K$2542,'Invoice Lines'!$R$5:$R$2542,$A13,'Invoice Lines'!$S$5:$S$2542,$C13,'Invoice Lines'!$D$5:$D$2542,"2025-07",'Invoice Lines'!$M$5:$M$2542,1) -> 3551.19 | E13: =SUMIFS('Invoice Lines'!$K$5:$K$2542,'Invoice Lines'!$R$5:$R$2542,$A13,'Invoice Lines'!$S$5:$S$2542,$C13,'Invoice Lines'!$D$5:$D$2542,"2025-08",'Invoice Lines'!$M$5:$M$2542,1) -> 21602.45 | F13: =SUMIFS('Invoice Lines'!$K$5:$K$2542,'Invoice Lines'!$R$5:$R$2542,$A13,'Invoice Lines'!$S$5:$S$2542,$C13,'Invoice Lines'!$D$5:$D$2542,"2025-09",'Invoice Lines'!$M$5:$M$2542,1) -> 20366.59 | G13: =SUMIFS('Invoice Lines'!$K$5:$K$2542,'Invoice Lines'!$R$5:$R$2542,$A13,'Invoice Lines'!$S$5:$S$2542,$C13,'Invoice Lines'!$D$5:$D$2542,"2025-10",'Invoice Lines'!$M$5:$M$2542,1) -> 20787.52 | H13: =SUMIFS('Invoice Lines'!$K$5:$K$2542,'Invoice Lines'!$R$5:$R$2542,$A13,'Invoice Lines'!$S$5:$S$2542,$C13,'Invoice Lines'!$D$5:$D$2542,"2025-11",'Invoice Lines'!$M$5:$M$2542,1) -> 21552.92 | I13: =SUMIFS('Invoice Lines'!$K$5:$K$2542,'Invoice Lines'!$R$5:$R$2542,$A13,'Invoice Lines'!$S$5:$S$2542,$C13,'Invoice Lines'!$D$5:$D$2542,"2025-12",'Invoice Lines'!$M$5:$M$2542,1) -> 17505.74 | J13: =SUMIFS('Invoice Lines'!$K$5:$K$2542,'Invoice Lines'!$R$5:$R$2542,$A13,'Invoice Lines'!$S$5:$S$2542,$C13,'Invoice Lines'!$D$5:$D$2542,"2026-01",'Invoice Lines'!$M$5:$M$2542,1) -> 17854.44 | K13: =SUMIFS('Invoice Lines'!$K$5:$K$2542,'Invoice Lines'!$R$5:$R$2542,$A13,'Invoice Lines'!$S$5:$S$2542,$C13,'Invoice Lines'!$D$5:$D$2542,"2026-02",'Invoice Lines'!$M$5:$M$2542,1) -> 11388.4 | L13: =SUMIFS('Invoice Lines'!$K$5:$K$2542,'Invoice Lines'!$R$5:$R$2542,$A13,'Invoice Lines'!$S$5:$S$2542,$C13,'Invoice Lines'!$D$5:$D$2542,"2026-03",'Invoice Lines'!$M$5:$M$2542,1) -> 24554.58 | M13: =SUMIFS('Invoice Lines'!$K$5:$K$2542,'Invoice Lines'!$R$5:$R$2542,$A13,'Invoice Lines'!$S$5:$S$2542,$C13,'Invoice Lines'!$D$5:$D$2542,"2026-04",'Invoice Lines'!$M$5:$M$2542,1) -> 4570 | N13: =SUMIFS('Invoice Lines'!$K$5:$K$2542,'Invoice Lines'!$R$5:$R$2542,$A13,'Invoice Lines'!$S$5:$S$2542,$C13,'Invoice Lines'!$D$5:$D$2542,"2026-05",'Invoice Lines'!$M$5:$M$2542,1) -> 27763.8 | O13: =SUMIFS('Invoice Lines'!$K$5:$K$2542,'Invoice Lines'!$R$5:$R$2542,$A13,'Invoice Lines'!$S$5:$S$2542,$C13,'Invoice Lines'!$D$5:$D$2542,"2026-06",'Invoice Lines'!$M$5:$M$2542,1) -> 11588.92 | P13: =SUM(D13:O13) -> 203086.55
A14: 4040 | B14: Lost and damaged equipment | C14: Fencing | D14: =SUMIFS('Invoice Lines'!$K$5:$K$2542,'Invoice Lines'!$R$5:$R$2542,$A14,'Invoice Lines'!$S$5:$S$2542,$C14,'Invoice Lines'!$D$5:$D$2542,"2025-07",'Invoice Lines'!$M$5:$M$2542,1) -> 1595 | E14: =SUMIFS('Invoice Lines'!$K$5:$K$2542,'Invoice Lines'!$R$5:$R$2542,$A14,'Invoice Lines'!$S$5:$S$2542,$C14,'Invoice Lines'!$D$5:$D$2542,"2025-08",'Invoice Lines'!$M$5:$M$2542,1) -> 870 | F14: =SUMIFS('Invoice Lines'!$K$5:$K$2542,'Invoice Lines'!$R$5:$R$2542,$A14,'Invoice Lines'!$S$5:$S$2542,$C14,'Invoice Lines'!$D$5:$D$2542,"2025-09",'Invoice Lines'!$M$5:$M$2542,1) -> 580 | G14: =SUMIFS('Invoice Lines'!$K$5:$K$2542,'Invoice Lines'!$R$5:$R$2542,$A14,'Invoice Lines'!$S$5:$S$2542,$C14,'Invoice Lines'!$D$5:$D$2542,"2025-10",'Invoice Lines'!$M$5:$M$2542,1) -> 725 | H14: =SUMIFS('Invoice Lines'!$K$5:$K$2542,'Invoice Lines'!$R$5:$R$2542,$A14,'Invoice Lines'!$S$5:$S$2542,$C14,'Invoice Lines'!$D$5:$D$2542,"2025-11",'Invoice Lines'!$M$5:$M$2542,1) -> 0 | I14: =SUMIFS('Invoice Lines'!$K$5:$K$2542,'Invoice Lines'!$R$5:$R$2542,$A14,'Invoice Lines'!$S$5:$S$2542,$C14,'Invoice Lines'!$D$5:$D$2542,"2025-12",'Invoice Lines'!$M$5:$M$2542,1) -> 2900 | J14: =SUMIFS('Invoice Lines'!$K$5:$K$2542,'Invoice Lines'!$R$5:$R$2542,$A14,'Invoice Lines'!$S$5:$S$2542,$C14,'Invoice Lines'!$D$5:$D$2542,"2026-01",'Invoice Lines'!$M$5:$M$2542,1) -> 0 | K14: =SUMIFS('Invoice Lines'!$K$5:$K$2542,'Invoice Lines'!$R$5:$R$2542,$A14,'Invoice Lines'!$S$5:$S$2542,$C14,'Invoice Lines'!$D$5:$D$2542,"2026-02",'Invoice Lines'!$M$5:$M$2542,1) -> 725 | L14: =SUMIFS('Invoice Lines'!$K$5:$K$2542,'Invoice Lines'!$R$5:$R$2542,$A14,'Invoice Lines'!$S$5:$S$2542,$C14,'Invoice Lines'!$D$5:$D$2542,"2026-03",'Invoice Lines'!$M$5:$M$2542,1) -> 870 | M14: =SUMIFS('Invoice Lines'!$K$5:$K$2542,'Invoice Lines'!$R$5:$R$2542,$A14,'Invoice Lines'!$S$5:$S$2542,$C14,'Invoice Lines'!$D$5:$D$2542,"2026-04",'Invoice Lines'!$M$5:$M$2542,1) -> 580 | N14: =SUMIFS('Invoice Lines'!$K$5:$K$2542,'Invoice Lines'!$R$5:$R$2542,$A14,'Invoice Lines'!$S$5:$S$2542,$C14,'Invoice Lines'!$D$5:$D$2542,"2026-05",'Invoice Lines'!$M$5:$M$2542,1) -> 1015 | O14: =SUMIFS('Invoice Lines'!$K$5:$K$2542,'Invoice Lines'!$R$5:$R$2542,$A14,'Invoice Lines'!$S$5:$S$2542,$C14,'Invoice Lines'!$D$5:$D$2542,"2026-06",'Invoice Lines'!$M$5:$M$2542,1) -> 1015 | P14: =SUM(D14:O14) -> 10875
A15: 200 | B15: Stays in 200 until a person decides | C15: Review queue | D15: =SUMIFS('Invoice Lines'!$K$5:$K$2542,'Invoice Lines'!$Q$5:$Q$2542,"CONTEXT",'Invoice Lines'!$D$5:$D$2542,"2025-07",'Invoice Lines'!$M$5:$M$2542,1)+SUMIFS('Invoice Lines'!$K$5:$K$2542,'Invoice Lines'!$Q$5:$Q$2542,"REVIEW",'Invoice Lines'!$D$5:$D$2542,"2025-07",'Invoice Lines'!$M$5:$M$2542,1) -> 9624.72 | E15: =SUMIFS('Invoice Lines'!$K$5:$K$2542,'Invoice Lines'!$Q$5:$Q$2542,"CONTEXT",'Invoice Lines'!$D$5:$D$2542,"2025-08",'Invoice Lines'!$M$5:$M$2542,1)+SUMIFS('Invoice Lines'!$K$5:$K$2542,'Invoice Lines'!$Q$5:$Q$2542,"REVIEW",'Invoice Lines'!$D$5:$D$2542,"2025-08",'Invoice Lines'!$M$5:$M$2542,1) -> 18768.3 | F15: =SUMIFS('Invoice Lines'!$K$5:$K$2542,'Invoice Lines'!$Q$5:$Q$2542,"CONTEXT",'Invoice Lines'!$D$5:$D$2542,"2025-09",'Invoice Lines'!$M$5:$M$2542,1)+SUMIFS('Invoice Lines'!$K$5:$K$2542,'Invoice Lines'!$Q$5:$Q$2542,"REVIEW",'Invoice Lines'!$D$5:$D$2542,"2025-09",'Invoice Lines'!$M$5:$M$2542,1) -> 5290.38 | G15: =SUMIFS('Invoice Lines'!$K$5:$K$2542,'Invoice Lines'!$Q$5:$Q$2542,"CONTEXT",'Invoice Lines'!$D$5:$D$2542,"2025-10",'Invoice Lines'!$M$5:$M$2542,1)+SUMIFS('Invoice Lines'!$K$5:$K$2542,'Invoice Lines'!$Q$5:$Q$2542,"REVIEW",'Invoice Lines'!$D$5:$D$2542,"2025-10",'Invoice Lines'!$M$5:$M$2542,1) -> 5622.83 | H15: =SUMIFS('Invoice Lines'!$K$5:$K$2542,'Invoice Lines'!$Q$5:$Q$2542,"CONTEXT",'Invoice Lines'!$D$5:$D$2542,"2025-11",'Invoice Lines'!$M$5:$M$2542,1)+SUMIFS('Invoice Lines'!$K$5:$K$2542,'Invoice Lines'!$Q$5:$Q$2542,"REVIEW",'Invoice Lines'!$D$5:$D$2542,"2025-11",'Invoice Lines'!$M$5:$M$2542,1) -> 6155.79 | I15: =SUMIFS('Invoice Lines'!$K$5:$K$2542,'Invoice Lines'!$Q$5:$Q$2542,"CONTEXT",'Invoice Lines'!$D$5:$D$2542,"2025-12",'Invoice Lines'!$M$5:$M$2542,1)+SUMIFS('Invoice Lines'!$K$5:$K$2542,'Invoice Lines'!$Q$5:$Q$2542,"REVIEW",'Invoice Lines'!$D$5:$D$2542,"2025-12",'Invoice Lines'!$M$5:$M$2542,1) -> 6796.53 | J15: =SUMIFS('Invoice Lines'!$K$5:$K$2542,'Invoice Lines'!$Q$5:$Q$2542,"CONTEXT",'Invoice Lines'!$D$5:$D$2542,"2026-01",'Invoice Lines'!$M$5:$M$2542,1)+SUMIFS('Invoice Lines'!$K$5:$K$2542,'Invoice Lines'!$Q$5:$Q$2542,"REVIEW",'Invoice Lines'!$D$5:$D$2542,"2026-01",'Invoice Lines'!$M$5:$M$2542,1) -> 9559.02 | K15: =SUMIFS('Invoice Lines'!$K$5:$K$2542,'Invoice Lines'!$Q$5:$Q$2542,"CONTEXT",'Invoice Lines'!$D$5:$D$2542,"2026-02",'Invoice Lines'!$M$5:$M$2542,1)+SUMIFS('Invoice Lines'!$K$5:$K$2542,'Invoice Lines'!$Q$5:$Q$2542,"REVIEW",'Invoice Lines'!$D$5:$D$2542,"2026-02",'Invoice Lines'!$M$5:$M$2542,1) -> 6688.99 | L15: =SUMIFS('Invoice Lines'!$K$5:$K$2542,'Invoice Lines'!$Q$5:$Q$2542,"CONTEXT",'Invoice Lines'!$D$5:$D$2542,"2026-03",'Invoice Lines'!$M$5:$M$2542,1)+SUMIFS('Invoice Lines'!$K$5:$K$2542,'Invoice Lines'!$Q$5:$Q$2542,"REVIEW",'Invoice Lines'!$D$5:$D$2542,"2026-03",'Invoice Lines'!$M$5:$M$2542,1) -> 11004.03 | M15: =SUMIFS('Invoice Lines'!$K$5:$K$2542,'Invoice Lines'!$Q$5:$Q$2542,"CONTEXT",'Invoice Lines'!$D$5:$D$2542,"2026-04",'Invoice Lines'!$M$5:$M$2542,1)+SUMIFS('Invoice Lines'!$K$5:$K$2542,'Invoice Lines'!$Q$5:$Q$2542,"REVIEW",'Invoice Lines'!$D$5:$D$2542,"2026-04",'Invoice Lines'!$M$5:$M$2542,1) -> 3464.66 | N15: =SUMIFS('Invoice Lines'!$K$5:$K$2542,'Invoice Lines'!$Q$5:$Q$2542,"CONTEXT",'Invoice Lines'!$D$5:$D$2542,"2026-05",'Invoice Lines'!$M$5:$M$2542,1)+SUMIFS('Invoice Lines'!$K$5:$K$2542,'Invoice Lines'!$Q$5:$Q$2542,"REVIEW",'Invoice Lines'!$D$5:$D$2542,"2026-05",'Invoice Lines'!$M$5:$M$2542,1) -> 4693.81 | O15: =SUMIFS('Invoice Lines'!$K$5:$K$2542,'Invoice Lines'!$Q$5:$Q$2542,"CONTEXT",'Invoice Lines'!$D$5:$D$2542,"2026-06",'Invoice Lines'!$M$5:$M$2542,1)+SUMIFS('Invoice Lines'!$K$5:$K$2542,'Invoice Lines'!$Q$5:$Q$2542,"REVIEW",'Invoice Lines'!$D$5:$D$2542,"2026-06",'Invoice Lines'!$M$5:$M$2542,1) -> 11272.05 | P15: =SUM(D15:O15) -> 98941.11
A16: Total | D16: =SUM(D5:D15) -> 85066.11 | E16: =SUM(E5:E15) -> 148719.95 | F16: =SUM(F5:F15) -> 135909.27 | G16: =SUM(G5:G15) -> 155888.75 | H16: =SUM(H5:H15) -> 157583.77 | I16: =SUM(I5:I15) -> 150902.97 | J16: =SUM(J5:J15) -> 165828.06 | K16: =SUM(K5:K15) -> 132864.42 | ... O16: =SUM(O5:O15) -> 143635.77 | P16: =SUM(D16:O16) -> 1758394.1
A18: Before: as coded in Xero
A19: 200 | B19: Sales | D19: =SUMIFS('Invoice Lines'!$K$5:$K$2542,'Invoice Lines'!$N$5:$N$2542,$A19,'Invoice Lines'!$D$5:$D$2542,"2025-07",'Invoice Lines'!$M$5:$M$2542,1) -> 77998.94 | E19: =SUMIFS('Invoice Lines'!$K$5:$K$2542,'Invoice Lines'!$N$5:$N$2542,$A19,'Invoice Lines'!$D$5:$D$2542,"2025-08",'Invoice Lines'!$M$5:$M$2542,1) -> 136692.59 | F19: =SUMIFS('Invoice Lines'!$K$5:$K$2542,'Invoice Lines'!$N$5:$N$2542,$A19,'Invoice Lines'!$D$5:$D$2542,"2025-09",'Invoice Lines'!$M$5:$M$2542,1) -> 126440.67 | G19: =SUMIFS('Invoice Lines'!$K$5:$K$2542,'Invoice Lines'!$N$5:$N$2542,$A19,'Invoice Lines'!$D$5:$D$2542,"2025-10",'Invoice Lines'!$M$5:$M$2542,1) -> 148936.62 | H19: =SUMIFS('Invoice Lines'!$K$5:$K$2542,'Invoice Lines'!$N$5:$N$2542,$A19,'Invoice Lines'!$D$5:$D$2542,"2025-11",'Invoice Lines'!$M$5:$M$2542,1) -> 150818.16 | I19: =SUMIFS('Invoice Lines'!$K$5:$K$2542,'Invoice Lines'!$N$5:$N$2542,$A19,'Invoice Lines'!$D$5:$D$2542,"2025-12",'Invoice Lines'!$M$5:$M$2542,1) -> 146294.96 | J19: =SUMIFS('Invoice Lines'!$K$5:$K$2542,'Invoice Lines'!$N$5:$N$2542,$A19,'Invoice Lines'!$D$5:$D$2542,"2026-01",'Invoice Lines'!$M$5:$M$2542,1) -> 154057.44 | K19: =SUMIFS('Invoice Lines'!$K$5:$K$2542,'Invoice Lines'!$N$5:$N$2542,$A19,'Invoice Lines'!$D$5:$D$2542,"2026-02",'Invoice Lines'!$M$5:$M$2542,1) -> 125644.02 | L19: =SUMIFS('Invoice Lines'!$K$5:$K$2542,'Invoice Lines'!$N$5:$N$2542,$A19,'Invoice Lines'!$D$5:$D$2542,"2026-03",'Invoice Lines'!$M$5:$M$2542,1) -> 157155 | M19: =SUMIFS('Invoice Lines'!$K$5:$K$2542,'Invoice Lines'!$N$5:$N$2542,$A19,'Invoice Lines'!$D$5:$D$2542,"2026-04",'Invoice Lines'!$M$5:$M$2542,1) -> 128512.06 | N19: =SUMIFS('Invoice Lines'!$K$5:$K$2542,'Invoice Lines'!$N$5:$N$2542,$A19,'Invoice Lines'!$D$5:$D$2542,"2026-05",'Invoice Lines'!$M$5:$M$2542,1) -> 165407.83 | O19: =SUMIFS('Invoice Lines'!$K$5:$K$2542,'Invoice Lines'!$N$5:$N$2542,$A19,'Invoice Lines'!$D$5:$D$2542,"2026-06",'Invoice Lines'!$M$5:$M$2542,1) -> 137314.6 | P19: =SUM(D19:O19) -> 1655272.9
A20: 260 | B20: Other Revenue | D20: =SUMIFS('Invoice Lines'!$K$5:$K$2542,'Invoice Lines'!$N$5:$N$2542,$A20,'Invoice Lines'!$D$5:$D$2542,"2025-07",'Invoice Lines'!$M$5:$M$2542,1) -> 7067.17 | E20: =SUMIFS('Invoice Lines'!$K$5:$K$2542,'Invoice Lines'!$N$5:$N$2542,$A20,'Invoice Lines'!$D$5:$D$2542,"2025-08",'Invoice Lines'!$M$5:$M$2542,1) -> 12027.36 | F20: =SUMIFS('Invoice Lines'!$K$5:$K$2542,'Invoice Lines'!$N$5:$N$2542,$A20,'Invoice Lines'!$D$5:$D$2542,"2025-09",'Invoice Lines'!$M$5:$M$2542,1) -> 9468.6 | G20: =SUMIFS('Invoice Lines'!$K$5:$K$2542,'Invoice Lines'!$N$5:$N$2542,$A20,'Invoice Lines'!$D$5:$D$2542,"2025-10",'Invoice Lines'!$M$5:$M$2542,1) -> 6952.13 | H20: =SUMIFS('Invoice Lines'!$K$5:$K$2542,'Invoice Lines'!$N$5:$N$2542,$A20,'Invoice Lines'!$D$5:$D$2542,"2025-11",'Invoice Lines'!$M$5:$M$2542,1) -> 6765.61 | I20: =SUMIFS('Invoice Lines'!$K$5:$K$2542,'Invoice Lines'!$N$5:$N$2542,$A20,'Invoice Lines'!$D$5:$D$2542,"2025-12",'Invoice Lines'!$M$5:$M$2542,1) -> 4608.01 | J20: =SUMIFS('Invoice Lines'!$K$5:$K$2542,'Invoice Lines'!$N$5:$N$2542,$A20,'Invoice Lines'!$D$5:$D$2542,"2026-01",'Invoice Lines'!$M$5:$M$2542,1) -> 11770.62 | K20: =SUMIFS('Invoice Lines'!$K$5:$K$2542,'Invoice Lines'!$N$5:$N$2542,$A20,'Invoice Lines'!$D$5:$D$2542,"2026-02",'Invoice Lines'!$M$5:$M$2542,1) -> 7220.4 | L20: =SUMIFS('Invoice Lines'!$K$5:$K$2542,'Invoice Lines'!$N$5:$N$2542,$A20,'Invoice Lines'!$D$5:$D$2542,"2026-03",'Invoice Lines'!$M$5:$M$2542,1) -> 14544.81 | M20: =SUMIFS('Invoice Lines'!$K$5:$K$2542,'Invoice Lines'!$N$5:$N$2542,$A20,'Invoice Lines'!$D$5:$D$2542,"2026-04",'Invoice Lines'!$M$5:$M$2542,1) -> 7536 | N20: =SUMIFS('Invoice Lines'!$K$5:$K$2542,'Invoice Lines'!$N$5:$N$2542,$A20,'Invoice Lines'!$D$5:$D$2542,"2026-05",'Invoice Lines'!$M$5:$M$2542,1) -> 8839.38 | O20: =SUMIFS('Invoice Lines'!$K$5:$K$2542,'Invoice Lines'!$N$5:$N$2542,$A20,'Invoice Lines'!$D$5:$D$2542,"2026-06",'Invoice Lines'!$M$5:$M$2542,1) -> 6321.17 | P20: =SUM(D20:O20) -> 103121.26

Sheet Recode Journals
A1: Recode journals: one per month, dated month end (import as Xero manual journals)
A2: Work sample: realistic data, built to show how I approach this work.
A4: Journal | B4: Date | C4: Account | D4: Tracking: Service line | E4: Debit | F4: Credit | G4: Narration | H4: Journal out of balance
A5: MJ-202507 | B5: 45869 | C5: 200 | E5: 33869.2 | F5: 0 | G5: Reclass 2025-07 income from 200 to 4010 (Fencing) | H5: =ROUND(SUMIFS('Recode Journals'!$E$5:$E$366,'Recode Journals'!$A$5:$A$366,A5)-SUMIFS('Recode Journals'!$F$5:$F$366,'Recode Journals'!$A$5:$A$366,A5),2) -> 0
A6: MJ-202507 | B6: 45869 | C6: 4010 | D6: Fencing | E6: 0 | F6: 33869.2 | G6: Reclass 2025-07 income from 200 to 4010 (Fencing) | H6: =ROUND(SUMIFS('Recode Journals'!$E$5:$E$366,'Recode Journals'!$A$5:$A$366,A6)-SUMIFS('Recode Journals'!$F$5:$F$366,'Recode Journals'!$A$5:$A$366,A6),2) -> 0
A7: MJ-202507 | B7: 45869 | C7: 200 | E7: 2565 | F7: 0 | G7: Reclass 2025-07 income from 200 to 4010 (Scaffolding) | H7: =ROUND(SUMIFS('Recode Journals'!$E$5:$E$366,'Recode Journals'!$A$5:$A$366,A7)-SUMIFS('Recode Journals'!$F$5:$F$366,'Recode Journals'!$A$5:$A$366,A7),2) -> 0
A8: MJ-202507 | B8: 45869 | C8: 4010 | D8: Scaffolding | E8: 0 | F8: 2565 | G8: Reclass 2025-07 income from 200 to 4010 (Scaffolding) | H8: =ROUND(SUMIFS('Recode Journals'!$E$5:$E$366,'Recode Journals'!$A$5:$A$366,A8)-SUMIFS('Recode Journals'!$F$5:$F$366,'Recode Journals'!$A$5:$A$366,A8),2) -> 0
A9: MJ-202507 | B9: 45869 | C9: 200 | E9: 10428 | F9: 0 | G9: Reclass 2025-07 income from 200 to 4020 (Fencing) | H9: =ROUND(SUMIFS('Recode Journals'!$E$5:$E$366,'Recode Journals'!$A$5:$A$366,A9)-SUMIFS('Recode Journals'!$F$5:$F$366,'Recode Journals'!$A$5:$A$366,A9),2) -> 0
A10: MJ-202507 | B10: 45869 | C10: 4020 | D10: Fencing | E10: 0 | F10: 10428 | G10: Reclass 2025-07 income from 200 to 4020 (Fencing) | H10: =ROUND(SUMIFS('Recode Journals'!$E$5:$E$366,'Recode Journals'!$A$5:$A$366,A10)-SUMIFS('Recode Journals'!$F$5:$F$366,'Recode Journals'!$A$5:$A$366,A10),2) -> 0
A11: MJ-202507 | B11: 45869 | C11: 200 | E11: 6435 | F11: 0 | G11: Reclass 2025-07 income from 200 to 4020 (Make-safe) | H11: =ROUND(SUMIFS('Recode Journals'!$E$5:$E$366,'Recode Journals'!$A$5:$A$366,A11)-SUMIFS('Recode Journals'!$F$5:$F$366,'Recode Journals'!$A$5:$A$366,A11),2) -> 0
A12: MJ-202507 | B12: 45869 | C12: 4020 | D12: Make-safe | E12: 0 | F12: 6435 | G12: Reclass 2025-07 income from 200 to 4020 (Make-safe) | H12: =ROUND(SUMIFS('Recode Journals'!$E$5:$E$366,'Recode Journals'!$A$5:$A$366,A12)-SUMIFS('Recode Journals'!$F$5:$F$366,'Recode Journals'!$A$5:$A$366,A12),2) -> 0
A13: MJ-202507 | B13: 45869 | C13: 200 | E13: 2940 | F13: 0 | G13: Reclass 2025-07 income from 200 to 4020 (Roofing) | H13: =ROUND(SUMIFS('Recode Journals'!$E$5:$E$366,'Recode Journals'!$A$5:$A$366,A13)-SUMIFS('Recode Journals'!$F$5:$F$366,'Recode Journals'!$A$5:$A$366,A13),2) -> 0
A14: MJ-202507 | B14: 45869 | C14: 4020 | D14: Roofing | E14: 0 | F14: 2940 | G14: Reclass 2025-07 income from 200 to 4020 (Roofing) | H14: =ROUND(SUMIFS('Recode Journals'!$E$5:$E$366,'Recode Journals'!$A$5:$A$366,A14)-SUMIFS('Recode Journals'!$F$5:$F$366,'Recode Journals'!$A$5:$A$366,A14),2) -> 0
A15: MJ-202507 | B15: 45869 | C15: 200 | E15: 8220 | F15: 0 | G15: Reclass 2025-07 income from 200 to 4020 (Scaffolding) | H15: =ROUND(SUMIFS('Recode Journals'!$E$5:$E$366,'Recode Journals'!$A$5:$A$366,A15)-SUMIFS('Recode Journals'!$F$5:$F$366,'Recode Journals'!$A$5:$A$366,A15),2) -> 0
A16: MJ-202507 | B16: 45869 | C16: 4020 | D16: Scaffolding | E16: 0 | F16: 8220 | G16: Reclass 2025-07 income from 200 to 4020 (Scaffolding) | H16: =ROUND(SUMIFS('Recode Journals'!$E$5:$E$366,'Recode Journals'!$A$5:$A$366,A16)-SUMIFS('Recode Journals'!$F$5:$F$366,'Recode Journals'!$A$5:$A$366,A16),2) -> 0
A17: MJ-202507 | B17: 45869 | C17: 200 | E17: 3551.19 | F17: 0 | G17: Reclass 2025-07 income from 200 to 4030 (Roofing) | H17: =ROUND(SUMIFS('Recode Journals'!$E$5:$E$366,'Recode Journals'!$A$5:$A$366,A17)-SUMIFS('Recode Journals'!$F$5:$F$366,'Recode Journals'!$A$5:$A$366,A17),2) -> 0
A18: MJ-202507 | B18: 45869 | C18: 4030 | D18: Roofing | E18: 0 | F18: 3551.19 | G18: Reclass 2025-07 income from 200 to 4030 (Roofing) | H18: =ROUND(SUMIFS('Recode Journals'!$E$5:$E$366,'Recode Journals'!$A$5:$A$366,A18)-SUMIFS('Recode Journals'!$F$5:$F$366,'Recode Journals'!$A$5:$A$366,A18),2) -> 0
A19: MJ-202507 | B19: 45869 | C19: 200 | E19: 1595 | F19: 0 | G19: Reclass 2025-07 income from 200 to 4040 (Fencing) | H19: =ROUND(SUMIFS('Recode Journals'!$E$5:$E$366,'Recode Journals'!$A$5:$A$366,A19)-SUMIFS('Recode Journals'!$F$5:$F$366,'Recode Journals'!$A$5:$A$366,A19),2) -> 0
A20: MJ-202507 | B20: 45869 | C20: 4040 | D20: Fencing | E20: 0 | F20: 1595 | G20: Reclass 2025-07 income from 200 to 4040 (Fencing) | H20: =ROUND(SUMIFS('Recode Journals'!$E$5:$E$366,'Recode Journals'!$A$5:$A$366,A20)-SUMIFS('Recode Journals'!$F$5:$F$366,'Recode Journals'!$A$5:$A$366,A20),2) -> 0
A21: MJ-202507 | B21: 45869 | C21: 200 | E21: 850 | F21: 0 | G21: Reclass 2025-07 income from 200 to 835 (Fencing) | H21: =ROUND(SUMIFS('Recode Journals'!$E$5:$E$366,'Recode Journals'!$A$5:$A$366,A21)-SUMIFS('Recode Journals'!$F$5:$F$366,'Recode Journals'!$A$5:$A$366,A21),2) -> 0
A22: MJ-202507 | B22: 45869 | C22: 835 | E22: 0 | F22: 850 | G22: Reclass 2025-07 income from 200 to 835 (Fencing) | H22: =ROUND(SUMIFS('Recode Journals'!$E$5:$E$366,'Recode Journals'!$A$5:$A$366,A22)-SUMIFS('Recode Journals'!$F$5:$F$366,'Recode Journals'!$A$5:$A$366,A22),2) -> 0
A23: MJ-202507 | B23: 45869 | C23: 260 | E23: 3618 | F23: 0 | G23: Reclass 2025-07 income from 260 to 4010 (Fencing) | H23: =ROUND(SUMIFS('Recode Journals'!$E$5:$E$366,'Recode Journals'!$A$5:$A$366,A23)-SUMIFS('Recode Journals'!$F$5:$F$366,'Recode Journals'!$A$5:$A$366,A23),2) -> 0
A24: MJ-202507 | B24: 45869 | C24: 4010 | D24: Fencing | E24: 0 | F24: 3618 | G24: Reclass 2025-07 income from 260 to 4010 (Fencing) | H24: =ROUND(SUMIFS('Recode Journals'!$E$5:$E$366,'Recode Journals'!$A$5:$A$366,A24)-SUMIFS('Recode Journals'!$F$5:$F$366,'Recode Journals'!$A$5:$A$366,A24),2) -> 0
A25: MJ-202507 | B25: 45869 | C25: 260 | E25: 330 | F25: 0 | G25: Reclass 2025-07 income from 260 to 4020 (Fencing) | H25: =ROUND(SUMIFS('Recode Journals'!$E$5:$E$366,'Recode Journals'!$A$5:$A$366,A25)-SUMIFS('Recode Journals'!$F$5:$F$366,'Recode Journals'!$A$5:$A$366,A25),2) -> 0
A26: MJ-202507 | B26: 45869 | C26: 4020 | D26: Fencing | E26: 0 | F26: 330 | G26: Reclass 2025-07 income from 260 to 4020 (Fencing) | H26: =ROUND(SUMIFS('Recode Journals'!$E$5:$E$366,'Recode Journals'!$A$5:$A$366,A26)-SUMIFS('Recode Journals'!$F$5:$F$366,'Recode Journals'!$A$5:$A$366,A26),2) -> 0
A27: MJ-202507 | B27: 45869 | C27: 260 | E27: 1040 | F27: 0 | G27: Reclass 2025-07 income from 260 to 4020 (Make-safe) | H27: =ROUND(SUMIFS('Recode Journals'!$E$5:$E$366,'Recode Journals'!$A$5:$A$366,A27)-SUMIFS('Recode Journals'!$F$5:$F$366,'Recode Journals'!$A$5:$A$366,A27),2) -> 0
A28: MJ-202507 | B28: 45869 | C28: 4020 | D28: Make-safe | E28: 0 | F28: 1040 | G28: Reclass 2025-07 income from 260 to 4020 (Make-safe) | H28: =ROUND(SUMIFS('Recode Journals'!$E$5:$E$366,'Recode Journals'!$A$5:$A$366,A28)-SUMIFS('Recode Journals'!$F$5:$F$366,'Recode Journals'!$A$5:$A$366,A28),2) -> 0
A29: MJ-202508 | B29: 45900 | C29: 200 | E29: 38513.6 | F29: 0 | G29: Reclass 2025-08 income from 200 to 4010 (Fencing) | H29: =ROUND(SUMIFS('Recode Journals'!$E$5:$E$366,'Recode Journals'!$A$5:$A$366,A29)-SUMIFS('Recode Journals'!$F$5:$F$366,'Recode Journals'!$A$5:$A$366,A29),2) -> 0
A30: MJ-202508 | B30: 45900 | C30: 4010 | D30: Fencing | E30: 0 | F30: 38513.6 | G30: Reclass 2025-08 income from 200 to 4010 (Fencing) | H30: =ROUND(SUMIFS('Recode Journals'!$E$5:$E$366,'Recode Journals'!$A$5:$A$366,A30)-SUMIFS('Recode Journals'!$F$5:$F$366,'Recode Journals'!$A$5:$A$366,A30),2) -> 0
A31: MJ-202508 | B31: 45900 | C31: 200 | E31: 2765 | F31: 0 | G31: Reclass 2025-08 income from 200 to 4010 (Make-safe) | H31: =ROUND(SUMIFS('Recode Journals'!$E$5:$E$366,'Recode Journals'!$A$5:$A$366,A31)-SUMIFS('Recode Journals'!$F$5:$F$366,'Recode Journals'!$A$5:$A$366,A31),2) -> 0
A32: MJ-202508 | B32: 45900 | C32: 4010 | D32: Make-safe | E32: 0 | F32: 2765 | G32: Reclass 2025-08 income from 200 to 4010 (Make-safe) | H32: =ROUND(SUMIFS('Recode Journals'!$E$5:$E$366,'Recode Journals'!$A$5:$A$366,A32)-SUMIFS('Recode Journals'!$F$5:$F$366,'Recode Journals'!$A$5:$A$366,A32),2) -> 0
A33: MJ-202508 | B33: 45900 | C33: 200 | E33: 5225 | F33: 0 | G33: Reclass 2025-08 income from 200 to 4010 (Scaffolding) | H33: =ROUND(SUMIFS('Recode Journals'!$E$5:$E$366,'Recode Journals'!$A$5:$A$366,A33)-SUMIFS('Recode Journals'!$F$5:$F$366,'Recode Journals'!$A$5:$A$366,A33),2) -> 0
A34: MJ-202508 | B34: 45900 | C34: 4010 | D34: Scaffolding | E34: 0 | F34: 5225 | G34: Reclass 2025-08 income from 200 to 4010 (Scaffolding) | H34: =ROUND(SUMIFS('Recode Journals'!$E$5:$E$366,'Recode Journals'!$A$5:$A$366,A34)-SUMIFS('Recode Journals'!$F$5:$F$366,'Recode Journals'!$A$5:$A$366,A34),2) -> 0
A35: MJ-202508 | B35: 45900 | C35: 200 | E35: 6430.6 | F35: 0 | G35: Reclass 2025-08 income from 200 to 4020 (Fencing) | H35: =ROUND(SUMIFS('Recode Journals'!$E$5:$E$366,'Recode Journals'!$A$5:$A$366,A35)-SUMIFS('Recode Journals'!$F$5:$F$366,'Recode Journals'!$A$5:$A$366,A35),2) -> 0
A36: MJ-202508 | B36: 45900 | C36: 4020 | D36: Fencing | E36: 0 | F36: 6430.6 | G36: Reclass 2025-08 income from 200 to 4020 (Fencing) | H36: =ROUND(SUMIFS('Recode Journals'!$E$5:$E$366,'Recode Journals'!$A$5:$A$366,A36)-SUMIFS('Recode Journals'!$F$5:$F$366,'Recode Journals'!$A$5:$A$366,A36),2) -> 0
A37: MJ-202508 | B37: 45900 | C37: 200 | E37: 14190 | F37: 0 | G37: Reclass 2025-08 income from 200 to 4020 (Make-safe) | H37: =ROUND(SUMIFS('Recode Journals'!$E$5:$E$366,'Recode Journals'!$A$5:$A$366,A37)-SUMIFS('Recode Journals'!$F$5:$F$366,'Recode Journals'!$A$5:$A$366,A37),2) -> 0
A38: MJ-202508 | B38: 45900 | C38: 4020 | D38: Make-safe | E38: 0 | F38: 14190 | G38: Reclass 2025-08 income from 200 to 4020 (Make-safe) | H38: =ROUND(SUMIFS('Recode Journals'!$E$5:$E$366,'Recode Journals'!$A$5:$A$366,A38)-SUMIFS('Recode Journals'!$F$5:$F$366,'Recode Journals'!$A$5:$A$366,A38),2) -> 0
A39: MJ-202508 | B39: 45900 | C39: 200 | E39: 18816 | F39: 0 | G39: Reclass 2025-08 income from 200 to 4020 (Roofing) | H39: =ROUND(SUMIFS('Recode Journals'!$E$5:$E$366,'Recode Journals'!$A$5:$A$366,A39)-SUMIFS('Recode Journals'!$F$5:$F$366,'Recode Journals'!$A$5:$A$366,A39),2) -> 0
A40: MJ-202508 | B40: 45900 | C40: 4020 | D40: Roofing | E40: 0 | F40: 18816 | G40: Reclass 2025-08 income from 200 to 4020 (Roofing) | H40: =ROUND(SUMIFS('Recode Journals'!$E$5:$E$366,'Recode Journals'!$A$5:$A$366,A40)-SUMIFS('Recode Journals'!$F$5:$F$366,'Recode Journals'!$A$5:$A$366,A40),2) -> 0
A41: MJ-202508 | B41: 45900 | C41: 200 | E41: 10860 | F41: 0 | G41: Reclass 2025-08 income from 200 to 4020 (Scaffolding) | H41: =ROUND(SUMIFS('Recode Journals'!$E$5:$E$366,'Recode Journals'!$A$5:$A$366,A41)-SUMIFS('Recode Journals'!$F$5:$F$366,'Recode Journals'!$A$5:$A$366,A41),2) -> 0
A42: MJ-202508 | B42: 45900 | C42: 4020 | D42: Scaffolding | E42: 0 | F42: 10860 | G42: Reclass 2025-08 income from 200 to 4020 (Scaffolding) | H42: =ROUND(SUMIFS('Recode Journals'!$E$5:$E$366,'Recode Journals'!$A$5:$A$366,A42)-SUMIFS('Recode Journals'!$F$5:$F$366,'Recode Journals'!$A$5:$A$366,A42),2) -> 0
A43: MJ-202508 | B43: 45900 | C43: 200 | E43: 20509.94 | F43: 0 | G43: Reclass 2025-08 income from 200 to 4030 (Roofing) | H43: =ROUND(SUMIFS('Recode Journals'!$E$5:$E$366,'Recode Journals'!$A$5:$A$366,A43)-SUMIFS('Recode Journals'!$F$5:$F$366,'Recode Journals'!$A$5:$A$366,A43),2) -> 0
A44: MJ-202508 | B44: 45900 | C44: 4030 | D44: Roofing | E44: 0 | F44: 20509.94 | G44: Reclass 2025-08 income from 200 to 4030 (Roofing) | H44: =ROUND(SUMIFS('Recode Journals'!$E$5:$E$366,'Recode Journals'!$A$5:$A$366,A44)-SUMIFS('Recode Journals'!$F$5:$F$366,'Recode Journals'!$A$5:$A$366,A44),2) -> 0
A45: MJ-202508 | B45: 45900 | C45: 200 | E45: 870 | F45: 0 | G45: Reclass 2025-08 income from 200 to 4040 (Fencing) | H45: =ROUND(SUMIFS('Recode Journals'!$E$5:$E$366,'Recode Journals'!$A$5:$A$366,A45)-SUMIFS('Recode Journals'!$F$5:$F$366,'Recode Journals'!$A$5:$A$366,A45),2) -> 0
A46: MJ-202508 | B46: 45900 | C46: 4040 | D46: Fencing | E46: 0 | F46: 870 | G46: Reclass 2025-08 income from 200 to 4040 (Fencing) | H46: =ROUND(SUMIFS('Recode Journals'!$E$5:$E$366,'Recode Journals'!$A$5:$A$366,A46)-SUMIFS('Recode Journals'!$F$5:$F$366,'Recode Journals'!$A$5:$A$366,A46),2) -> 0
A47: MJ-202508 | B47: 45900 | C47: 200 | E47: 990 | F47: 0 | G47: Reclass 2025-08 income from 200 to 835 (Fencing) | H47: =ROUND(SUMIFS('Recode Journals'!$E$5:$E$366,'Recode Journals'!$A$5:$A$366,A47)-SUMIFS('Recode Journals'!$F$5:$F$366,'Recode Journals'!$A$5:$A$366,A47),2) -> 0
A48: MJ-202508 | B48: 45900 | C48: 835 | E48: 0 | F48: 990 | G48: Reclass 2025-08 income from 200 to 835 (Fencing) | H48: =ROUND(SUMIFS('Recode Journals'!$E$5:$E$366,'Recode Journals'!$A$5:$A$366,A48)-SUMIFS('Recode Journals'!$F$5:$F$366,'Recode Journals'!$A$5:$A$366,A48),2) -> 0
A49: MJ-202508 | B49: 45900 | C49: 260 | E49: 5382 | F49: 0 | G49: Reclass 2025-08 income from 260 to 4010 (Fencing) | H49: =ROUND(SUMIFS('Recode Journals'!$E$5:$E$366,'Recode Journals'!$A$5:$A$366,A49)-SUMIFS('Recode Journals'!$F$5:$F$366,'Recode Journals'!$A$5:$A$366,A49),2) -> 0
A50: MJ-202508 | B50: 45900 | C50: 4010 | D50: Fencing | E50: 0 | F50: 5382 | G50: Reclass 2025-08 income from 260 to 4010 (Fencing) | H50: =ROUND(SUMIFS('Recode Journals'!$E$5:$E$366,'Recode Journals'!$A$5:$A$366,A50)-SUMIFS('Recode Journals'!$F$5:$F$366,'Recode Journals'!$A$5:$A$366,A50),2) -> 0
A51: MJ-202508 | B51: 45900 | C51: 260 | E51: 1520 | F51: 0 | G51: Reclass 2025-08 income from 260 to 4010 (Scaffolding) | H51: =ROUND(SUMIFS('Recode Journals'!$E$5:$E$366,'Recode Journals'!$A$5:$A$366,A51)-SUMIFS('Recode Journals'!$F$5:$F$366,'Recode Journals'!$A$5:$A$366,A51),2) -> 0
A52: MJ-202508 | B52: 45900 | C52: 4010 | D52: Scaffolding | E52: 0 | F52: 1520 | G52: Reclass 2025-08 income from 260 to 4010 (Scaffolding) | H52: =ROUND(SUMIFS('Recode Journals'!$E$5:$E$366,'Recode Journals'!$A$5:$A$366,A52)-SUMIFS('Recode Journals'!$F$5:$F$366,'Recode Journals'!$A$5:$A$366,A52),2) -> 0
A53: MJ-202508 | B53: 45900 | C53: 260 | E53: 253 | F53: 0 | G53: Reclass 2025-08 income from 260 to 4020 (Fencing) | H53: =ROUND(SUMIFS('Recode Journals'!$E$5:$E$366,'Recode Journals'!$A$5:$A$366,A53)-SUMIFS('Recode Journals'!$F$5:$F$366,'Recode Journals'!$A$5:$A$366,A53),2) -> 0
A54: MJ-202508 | B54: 45900 | C54: 4020 | D54: Fencing | E54: 0 | F54: 253 | G54: Reclass 2025-08 income from 260 to 4020 (Fencing) | H54: =ROUND(SUMIFS('Recode Journals'!$E$5:$E$366,'Recode Journals'!$A$5:$A$366,A54)-SUMIFS('Recode Journals'!$F$5:$F$366,'Recode Journals'!$A$5:$A$366,A54),2) -> 0
A55: MJ-202508 | B55: 45900 | C55: 260 | E55: 770 | F55: 0 | G55: Reclass 2025-08 income from 260 to 4020 (Make-safe) | H55: =ROUND(SUMIFS('Recode Journals'!$E$5:$E$366,'Recode Journals'!$A$5:$A$366,A55)-SUMIFS('Recode Journals'!$F$5:$F$366,'Recode Journals'!$A$5:$A$366,A55),2) -> 0
A56: MJ-202508 | B56: 45900 | C56: 4020 | D56: Make-safe | E56: 0 | F56: 770 | G56: Reclass 2025-08 income from 260 to 4020 (Make-safe) | H56: =ROUND(SUMIFS('Recode Journals'!$E$5:$E$366,'Recode Journals'!$A$5:$A$366,A56)-SUMIFS('Recode Journals'!$F$5:$F$366,'Recode Journals'!$A$5:$A$366,A56),2) -> 0
A57: MJ-202508 | B57: 45900 | C57: 260 | E57: 1764 | F57: 0 | G57: Reclass 2025-08 income from 260 to 4020 (Roofing) | H57: =ROUND(SUMIFS('Recode Journals'!$E$5:$E$366,'Recode Journals'!$A$5:$A$366,A57)-SUMIFS('Recode Journals'!$F$5:$F$366,'Recode Journals'!$A$5:$A$366,A57),2) -> 0
A58: MJ-202508 | B58: 45900 | C58: 4020 | D58: Roofing | E58: 0 | F58: 1764 | G58: Reclass 2025-08 income from 260 to 4020 (Roofing) | H58: =ROUND(SUMIFS('Recode Journals'!$E$5:$E$366,'Recode Journals'!$A$5:$A$366,A58)-SUMIFS('Recode Journals'!$F$5:$F$366,'Recode Journals'!$A$5:$A$366,A58),2) -> 0
A59: MJ-202508 | B59: 45900 | C59: 260 | E59: 1092.51 | F59: 0 | G59: Reclass 2025-08 income from 260 to 4030 (Roofing) | H59: =ROUND(SUMIFS('Recode Journals'!$E$5:$E$366,'Recode Journals'!$A$5:$A$366,A59)-SUMIFS('Recode Journals'!$F$5:$F$366,'Recode Journals'!$A$5:$A$366,A59),2) -> 0
A60: MJ-202508 | B60: 45900 | C60: 4030 | D60: Roofing | E60: 0 | F60: 1092.51 | G60: Reclass 2025-08 income from 260 to 4030 (Roofing) | H60: =ROUND(SUMIFS('Recode Journals'!$E$5:$E$366,'Recode Journals'!$A$5:$A$366,A60)-SUMIFS('Recode Journals'!$F$5:$F$366,'Recode Journals'!$A$5:$A$366,A60),2) -> 0
A61: MJ-202509 | B61: 45930 | C61: 200 | E61: 45485.3 | F61: 0 | G61: Reclass 2025-09 income from 200 to 4010 (Fencing) | H61: =ROUND(SUMIFS('Recode Journals'!$E$5:$E$366,'Recode Journals'!$A$5:$A$366,A61)-SUMIFS('Recode Journals'!$F$5:$F$366,'Recode Journals'!$A$5:$A$366,A61),2) -> 0
A62: MJ-202509 | B62: 45930 | C62: 4010 | D62: Fencing | E62: 0 | F62: 45485.3 | G62: Reclass 2025-09 income from 200 to 4010 (Fencing) | H62: =ROUND(SUMIFS('Recode Journals'!$E$5:$E$366,'Recode Journals'!$A$5:$A$366,A62)-SUMIFS('Recode Journals'!$F$5:$F$366,'Recode Journals'!$A$5:$A$366,A62),2) -> 0
A63: MJ-202509 | B63: 45930 | C63: 200 | E63: 3920 | F63: 0 | G63: Reclass 2025-09 income from 200 to 4010 (Make-safe) | H63: =ROUND(SUMIFS('Recode Journals'!$E$5:$E$366,'Recode Journals'!$A$5:$A$366,A63)-SUMIFS('Recode Journals'!$F$5:$F$366,'Recode Journals'!$A$5:$A$366,A63),2) -> 0
A64: MJ-202509 | B64: 45930 | C64: 4010 | D64: Make-safe | E64: 0 | F64: 3920 | G64: Reclass 2025-09 income from 200 to 4010 (Make-safe) | H64: =ROUND(SUMIFS('Recode Journals'!$E$5:$E$366,'Recode Journals'!$A$5:$A$366,A64)-SUMIFS('Recode Journals'!$F$5:$F$366,'Recode Journals'!$A$5:$A$366,A64),2) -> 0
A65: MJ-202509 | B65: 45930 | C65: 200 | E65: 12825 | F65: 0 | G65: Reclass 2025-09 income from 200 to 4010 (Scaffolding) | H65: =ROUND(SUMIFS('Recode Journals'!$E$5:$E$366,'Recode Journals'!$A$5:$A$366,A65)-SUMIFS('Recode Journals'!$F$5:$F$366,'Recode Journals'!$A$5:$A$366,A65),2) -> 0
A66: MJ-202509 | B66: 45930 | C66: 4010 | D66: Scaffolding | E66: 0 | F66: 12825 | G66: Reclass 2025-09 income from 200 to 4010 (Scaffolding) | H66: =ROUND(SUMIFS('Recode Journals'!$E$5:$E$366,'Recode Journals'!$A$5:$A$366,A66)-SUMIFS('Recode Journals'!$F$5:$F$366,'Recode Journals'!$A$5:$A$366,A66),2) -> 0
A67: MJ-202509 | B67: 45930 | C67: 200 | E67: 8188.4 | F67: 0 | G67: Reclass 2025-09 income from 200 to 4020 (Fencing) | H67: =ROUND(SUMIFS('Recode Journals'!$E$5:$E$366,'Recode Journals'!$A$5:$A$366,A67)-SUMIFS('Recode Journals'!$F$5:$F$366,'Recode Journals'!$A$5:$A$366,A67),2) -> 0
A68: MJ-202509 | B68: 45930 | C68: 4020 | D68: Fencing | E68: 0 | F68: 8188.4 | G68: Reclass 2025-09 income from 200 to 4020 (Fencing) | H68: =ROUND(SUMIFS('Recode Journals'!$E$5:$E$366,'Recode Journals'!$A$5:$A$366,A68)-SUMIFS('Recode Journals'!$F$5:$F$366,'Recode Journals'!$A$5:$A$366,A68),2) -> 0
A69: MJ-202509 | B69: 45930 | C69: 200 | E69: 9415 | F69: 0 | G69: Reclass 2025-09 income from 200 to 4020 (Make-safe) | H69: =ROUND(SUMIFS('Recode Journals'!$E$5:$E$366,'Recode Journals'!$A$5:$A$366,A69)-SUMIFS('Recode Journals'!$F$5:$F$366,'Recode Journals'!$A$5:$A$366,A69),2) -> 0
A70: MJ-202509 | B70: 45930 | C70: 4020 | D70: Make-safe | E70: 0 | F70: 9415 | G70: Reclass 2025-09 income from 200 to 4020 (Make-safe) | H70: =ROUND(SUMIFS('Recode Journals'!$E$5:$E$366,'Recode Journals'!$A$5:$A$366,A70)-SUMIFS('Recode Journals'!$F$5:$F$366,'Recode Journals'!$A$5:$A$366,A70),2) -> 0
A71: MJ-202509 | B71: 45930 | C71: 200 | E71: 12250 | F71: 0 | G71: Reclass 2025-09 income from 200 to 4020 (Roofing) | H71: =ROUND(SUMIFS('Recode Journals'!$E$5:$E$366,'Recode Journals'!$A$5:$A$366,A71)-SUMIFS('Recode Journals'!$F$5:$F$366,'Recode Journals'!$A$5:$A$366,A71),2) -> 0
A72: MJ-202509 | B72: 45930 | C72: 4020 | D72: Roofing | E72: 0 | F72: 12250 | G72: Reclass 2025-09 income from 200 to 4020 (Roofing) | H72: =ROUND(SUMIFS('Recode Journals'!$E$5:$E$366,'Recode Journals'!$A$5:$A$366,A72)-SUMIFS('Recode Journals'!$F$5:$F$366,'Recode Journals'!$A$5:$A$366,A72),2) -> 0
A73: MJ-202509 | B73: 45930 | C73: 200 | E73: 5720 | F73: 0 | G73: Reclass 2025-09 income from 200 to 4020 (Scaffolding) | H73: =ROUND(SUMIFS('Recode Journals'!$E$5:$E$366,'Recode Journals'!$A$5:$A$366,A73)-SUMIFS('Recode Journals'!$F$5:$F$366,'Recode Journals'!$A$5:$A$366,A73),2) -> 0
A74: MJ-202509 | B74: 45930 | C74: 4020 | D74: Scaffolding | E74: 0 | F74: 5720 | G74: Reclass 2025-09 income from 200 to 4020 (Scaffolding) | H74: =ROUND(SUMIFS('Recode Journals'!$E$5:$E$366,'Recode Journals'!$A$5:$A$366,A74)-SUMIFS('Recode Journals'!$F$5:$F$366,'Recode Journals'!$A$5:$A$366,A74),2) -> 0
A75: MJ-202509 | B75: 45930 | C75: 200 | E75: 20366.59 | F75: 0 | G75: Reclass 2025-09 income from 200 to 4030 (Roofing) | H75: =ROUND(SUMIFS('Recode Journals'!$E$5:$E$366,'Recode Journals'!$A$5:$A$366,A75)-SUMIFS('Recode Journals'!$F$5:$F$366,'Recode Journals'!$A$5:$A$366,A75),2) -> 0
A76: MJ-202509 | B76: 45930 | C76: 4030 | D76: Roofing | E76: 0 | F76: 20366.59 | G76: Reclass 2025-09 income from 200 to 4030 (Roofing) | H76: =ROUND(SUMIFS('Recode Journals'!$E$5:$E$366,'Recode Journals'!$A$5:$A$366,A76)-SUMIFS('Recode Journals'!$F$5:$F$366,'Recode Journals'!$A$5:$A$366,A76),2) -> 0
A77: MJ-202509 | B77: 45930 | C77: 200 | E77: 580 | F77: 0 | G77: Reclass 2025-09 income from 200 to 4040 (Fencing) | H77: =ROUND(SUMIFS('Recode Journals'!$E$5:$E$366,'Recode Journals'!$A$5:$A$366,A77)-SUMIFS('Recode Journals'!$F$5:$F$366,'Recode Journals'!$A$5:$A$366,A77),2) -> 0
A78: MJ-202509 | B78: 45930 | C78: 4040 | D78: Fencing | E78: 0 | F78: 580 | G78: Reclass 2025-09 income from 200 to 4040 (Fencing) | H78: =ROUND(SUMIFS('Recode Journals'!$E$5:$E$366,'Recode Journals'!$A$5:$A$366,A78)-SUMIFS('Recode Journals'!$F$5:$F$366,'Recode Journals'!$A$5:$A$366,A78),2) -> 0
A79: MJ-202509 | B79: 45930 | C79: 200 | E79: 2400 | F79: 0 | G79: Reclass 2025-09 income from 200 to 835 (Fencing) | H79: =ROUND(SUMIFS('Recode Journals'!$E$5:$E$366,'Recode Journals'!$A$5:$A$366,A79)-SUMIFS('Recode Journals'!$F$5:$F$366,'Recode Journals'!$A$5:$A$366,A79),2) -> 0
A80: MJ-202509 | B80: 45930 | C80: 835 | E80: 0 | F80: 2400 | G80: Reclass 2025-09 income from 200 to 835 (Fencing) | H80: =ROUND(SUMIFS('Recode Journals'!$E$5:$E$366,'Recode Journals'!$A$5:$A$366,A80)-SUMIFS('Recode Journals'!$F$5:$F$366,'Recode Journals'!$A$5:$A$366,A80),2) -> 0
A81: MJ-202509 | B81: 45930 | C81: 260 | E81: 3444.4 | F81: 0 | G81: Reclass 2025-09 income from 260 to 4010 (Fencing) | H81: =ROUND(SUMIFS('Recode Journals'!$E$5:$E$366,'Recode Journals'!$A$5:$A$366,A81)-SUMIFS('Recode Journals'!$F$5:$F$366,'Recode Journals'!$A$5:$A$366,A81),2) -> 0
A82: MJ-202509 | B82: 45930 | C82: 4010 | D82: Fencing | E82: 0 | F82: 3444.4 | G82: Reclass 2025-09 income from 260 to 4010 (Fencing) | H82: =ROUND(SUMIFS('Recode Journals'!$E$5:$E$366,'Recode Journals'!$A$5:$A$366,A82)-SUMIFS('Recode Journals'!$F$5:$F$366,'Recode Journals'!$A$5:$A$366,A82),2) -> 0
A83: MJ-202509 | B83: 45930 | C83: 260 | E83: 190 | F83: 0 | G83: Reclass 2025-09 income from 260 to 4010 (Scaffolding) | H83: =ROUND(SUMIFS('Recode Journals'!$E$5:$E$366,'Recode Journals'!$A$5:$A$366,A83)-SUMIFS('Recode Journals'!$F$5:$F$366,'Recode Journals'!$A$5:$A$366,A83),2) -> 0
A84: MJ-202509 | B84: 45930 | C84: 4010 | D84: Scaffolding | E84: 0 | F84: 190 | G84: Reclass 2025-09 income from 260 to 4010 (Scaffolding) | H84: =ROUND(SUMIFS('Recode Journals'!$E$5:$E$366,'Recode Journals'!$A$5:$A$366,A84)-SUMIFS('Recode Journals'!$F$5:$F$366,'Recode Journals'!$A$5:$A$366,A84),2) -> 0
A85: MJ-202509 | B85: 45930 | C85: 260 | E85: 871.2 | F85: 0 | G85: Reclass 2025-09 income from 260 to 4020 (Fencing) | H85: =ROUND(SUMIFS('Recode Journals'!$E$5:$E$366,'Recode Journals'!$A$5:$A$366,A85)-SUMIFS('Recode Journals'!$F$5:$F$366,'Recode Journals'!$A$5:$A$366,A85),2) -> 0
A86: MJ-202509 | B86: 45930 | C86: 4020 | D86: Fencing | E86: 0 | F86: 871.2 | G86: Reclass 2025-09 income from 260 to 4020 (Fencing) | H86: =ROUND(SUMIFS('Recode Journals'!$E$5:$E$366,'Recode Journals'!$A$5:$A$366,A86)-SUMIFS('Recode Journals'!$F$5:$F$366,'Recode Journals'!$A$5:$A$366,A86),2) -> 0
A87: MJ-202509 | B87: 45930 | C87: 260 | E87: 1345 | F87: 0 | G87: Reclass 2025-09 income from 260 to 4020 (Make-safe) | H87: =ROUND(SUMIFS('Recode Journals'!$E$5:$E$366,'Recode Journals'!$A$5:$A$366,A87)-SUMIFS('Recode Journals'!$F$5:$F$366,'Recode Journals'!$A$5:$A$366,A87),2) -> 0
A88: MJ-202509 | B88: 45930 | C88: 4020 | D88: Make-safe | E88: 0 | F88: 1345 | G88: Reclass 2025-09 income from 260 to 4020 (Make-safe) | H88: =ROUND(SUMIFS('Recode Journals'!$E$5:$E$366,'Recode Journals'!$A$5:$A$366,A88)-SUMIFS('Recode Journals'!$F$5:$F$366,'Recode Journals'!$A$5:$A$366,A88),2) -> 0
A89: MJ-202509 | B89: 45930 | C89: 260 | E89: 1568 | F89: 0 | G89: Reclass 2025-09 income from 260 to 4020 (Roofing) | H89: =ROUND(SUMIFS('Recode Journals'!$E$5:$E$366,'Recode Journals'!$A$5:$A$366,A89)-SUMIFS('Recode Journals'!$F$5:$F$366,'Recode Journals'!$A$5:$A$366,A89),2) -> 0
A90: MJ-202509 | B90: 45930 | C90: 4020 | D90: Roofing | E90: 0 | F90: 1568 | G90: Reclass 2025-09 income from 260 to 4020 (Roofing) | H90: =ROUND(SUMIFS('Recode Journals'!$E$5:$E$366,'Recode Journals'!$A$5:$A$366,A90)-SUMIFS('Recode Journals'!$F$5:$F$366,'Recode Journals'!$A$5:$A$366,A90),2) -> 0
A91: MJ-202509 | B91: 45930 | C91: 260 | E91: 1280 | F91: 0 | G91: Reclass 2025-09 income from 260 to 4020 (Scaffolding) | H91: =ROUND(SUMIFS('Recode Journals'!$E$5:$E$366,'Recode Journals'!$A$5:$A$366,A91)-SUMIFS('Recode Journals'!$F$5:$F$366,'Recode Journals'!$A$5:$A$366,A91),2) -> 0
A92: MJ-202509 | B92: 45930 | C92: 4020 | D92: Scaffolding | E92: 0 | F92: 1280 | G92: Reclass 2025-09 income from 260 to 4020 (Scaffolding) | H92: =ROUND(SUMIFS('Recode Journals'!$E$5:$E$366,'Recode Journals'!$A$5:$A$366,A92)-SUMIFS('Recode Journals'!$F$5:$F$366,'Recode Journals'!$A$5:$A$366,A92),2) -> 0
A93: MJ-202509 | B93: 45930 | C93: 260 | E93: 770 | F93: 0 | G93: Reclass 2025-09 income from 260 to 835 (Fencing) | H93: =ROUND(SUMIFS('Recode Journals'!$E$5:$E$366,'Recode Journals'!$A$5:$A$366,A93)-SUMIFS('Recode Journals'!$F$5:$F$366,'Recode Journals'!$A$5:$A$366,A93),2) -> 0
A94: MJ-202509 | B94: 45930 | C94: 835 | E94: 0 | F94: 770 | G94: Reclass 2025-09 income from 260 to 835 (Fencing) | H94: =ROUND(SUMIFS('Recode Journals'!$E$5:$E$366,'Recode Journals'!$A$5:$A$366,A94)-SUMIFS('Recode Journals'!$F$5:$F$366,'Recode Journals'!$A$5:$A$366,A94),2) -> 0
A95: MJ-202510 | B95: 45961 | C95: 200 | E95: 67732.4 | F95: 0 | G95: Reclass 2025-10 income from 200 to 4010 (Fencing) | H95: =ROUND(SUMIFS('Recode Journals'!$E$5:$E$366,'Recode Journals'!$A$5:$A$366,A95)-SUMIFS('Recode Journals'!$F$5:$F$366,'Recode Journals'!$A$5:$A$366,A95),2) -> 0
A96: MJ-202510 | B96: 45961 | C96: 4010 | D96: Fencing | E96: 0 | F96: 67732.4 | G96: Reclass 2025-10 income from 200 to 4010 (Fencing) | H96: =ROUND(SUMIFS('Recode Journals'!$E$5:$E$366,'Recode Journals'!$A$5:$A$366,A96)-SUMIFS('Recode Journals'!$F$5:$F$366,'Recode Journals'!$A$5:$A$366,A96),2) -> 0
A97: MJ-202510 | B97: 45961 | C97: 200 | E97: 2870 | F97: 0 | G97: Reclass 2025-10 income from 200 to 4010 (Make-safe) | H97: =ROUND(SUMIFS('Recode Journals'!$E$5:$E$366,'Recode Journals'!$A$5:$A$366,A97)-SUMIFS('Recode Journals'!$F$5:$F$366,'Recode Journals'!$A$5:$A$366,A97),2) -> 0
A98: MJ-202510 | B98: 45961 | C98: 4010 | D98: Make-safe | E98: 0 | F98: 2870 | G98: Reclass 2025-10 income from 200 to 4010 (Make-safe) | H98: =ROUND(SUMIFS('Recode Journals'!$E$5:$E$366,'Recode Journals'!$A$5:$A$366,A98)-SUMIFS('Recode Journals'!$F$5:$F$366,'Recode Journals'!$A$5:$A$366,A98),2) -> 0
A99: MJ-202510 | B99: 45961 | C99: 200 | E99: 8170 | F99: 0 | G99: Reclass 2025-10 income from 200 to 4010 (Scaffolding) | H99: =ROUND(SUMIFS('Recode Journals'!$E$5:$E$366,'Recode Journals'!$A$5:$A$366,A99)-SUMIFS('Recode Journals'!$F$5:$F$366,'Recode Journals'!$A$5:$A$366,A99),2) -> 0
A100: MJ-202510 | B100: 45961 | C100: 4010 | D100: Scaffolding | E100: 0 | F100: 8170 | G100: Reclass 2025-10 income from 200 to 4010 (Scaffolding) | H100: =ROUND(SUMIFS('Recode Journals'!$E$5:$E$366,'Recode Journals'!$A$5:$A$366,A100)-SUMIFS('Recode Journals'!$F$5:$F$366,'Recode Journals'!$A$5:$A$366,A100),2) -> 0
A101: MJ-202510 | B101: 45961 | C101: 200 | E101: 7077.4 | F101: 0 | G101: Reclass 2025-10 income from 200 to 4020 (Fencing) | H101: =ROUND(SUMIFS('Recode Journals'!$E$5:$E$366,'Recode Journals'!$A$5:$A$366,A101)-SUMIFS('Recode Journals'!$F$5:$F$366,'Recode Journals'!$A$5:$A$366,A101),2) -> 0
...

Sheet Review Queue
A1: Review queue: lines a person has to decide
A2: Work sample: realistic data, built to show how I approach this work.
A4: Line ID | B4: Invoice | C4: Date | D4: Contact | E4: Site | F4: Description | G4: Amount | H4: Proposed service line | I4: Decision: account | J4: Why it is here | K4: Owner
A5: INV-5910-1 | B5: INV-5910 | C5: 45842 | D5: Norfolk Constructions Pty Ltd | E5: S0255 | F5: Fence and make safe package - Job 1311 | G5: 1093 | H5: Scaffolding | J5: Context: service line from the site, account needs a person | K5: Bookkeeper
A6: INV-5902-1 | B6: INV-5902 | C6: 45845 | D6: Summit Building Group | E6: S0498 | F6: Variation 4593 - additional works | G6: 341.94 | H6: Roofing | J6: Context: service line from the site, account needs a person | K6: Bookkeeper
A7: INV-5905-1 | B7: INV-5905 | C7: 45845 | D7: Wattle Insurance Repairs Pty Ltd | E7: S0318 | F7: Variation 1457 - additional works | G7: 2945.37 | H7: Roofing | J7: Context: service line from the site, account needs a person | K7: Bookkeeper
A8: INV-5899-1 | B8: INV-5899 | C8: 45852 | D8: Bluegum Construction Pty Ltd | E8: S0323 | F8: Variation 2849 - additional works | G8: 3165.24 | H8: Make-safe | J8: Context: service line from the site, account needs a person | K8: Bookkeeper
A9: INV-5908-1 | B9: INV-5908 | C9: 45866 | D9: Parkview Homes Pty Ltd | E9: S0072 | F9: Site works | G9: 2079.17 | H9: Fencing | J9: Context: service line from the site, account needs a person | K9: Bookkeeper
A10: INV-5931-1 | B10: INV-5931 | C10: 45872 | D10: Granite Projects Pty Ltd | F10: Misc charges | G10: 1245.85 | J10: No rule and no site reference | K10: Owner
A11: INV-5913-1 | B11: INV-5913 | C11: 45873 | D11: Coastline Strata Management Pty Ltd | E11: S0525 | F11: Works completed as discussed | G11: 1117.91 | H11: Make-safe | J11: Context: service line from the site, account needs a person | K11: Bookkeeper
A12: INV-5911-1 | B12: INV-5911 | C12: 45884 | D12: Ember Productions Pty Ltd | F12: Misc charges | G12: 2475.85 | J12: No rule and no site reference | K12: Owner
A13: INV-5923-1 | B13: INV-5923 | C13: 45886 | D13: Arjun Doyle | F13: Misc charges | G13: 2314.24 | J13: No rule and no site reference | K13: Owner
A14: INV-5915-1 | B14: INV-5915 | C14: 45887 | D14: Redline Builders Pty Ltd | F14: Variation 1422 - additional works | G14: 2073.35 | J14: No rule and no site reference | K14: Owner
A15: INV-5938-1 | B15: INV-5938 | C15: 45890 | D15: Coastline Developments Pty Ltd | F15: As per quote Q-2406 | G15: 3142.82 | J15: No rule and no site reference | K15: Owner
A16: INV-5939-1 | B16: INV-5939 | C16: 45897 | D16: Zoe Martin | F16: Misc charges | G16: 3532.38 | J16: No rule and no site reference | K16: Owner
A17: INV-5937-1 | B17: INV-5937 | C17: 45899 | D17: Granite Projects Pty Ltd | E17: S0539 | F17: Fence and make safe package - Job 4149 | G17: 2865.9 | H17: Roofing | J17: Context: service line from the site, account needs a person | K17: Bookkeeper
A18: INV-5906-1 | B18: INV-5906 | C18: 45904 | D18: Corner Events Pty Ltd | E18: S0136 | F18: Site works | G18: 3679.7 | H18: Fencing | J18: Context: service line from the site, account needs a person | K18: Bookkeeper
A19: INV-5936-1 | B19: INV-5936 | C19: 45909 | D19: Metro Developments | E19: S0424 | F19: Job 4063 - progress claim | G19: 1610.68 | H19: Roofing | J19: Context: service line from the site, account needs a person | K19: Bookkeeper
A20: INV-5922-1 | B20: INV-5922 | C20: 45943 | D20: Bayside Owners Corporation Services Pty Ltd | F20: Variation 4198 - additional works | G20: 2009.79 | J20: No rule and no site reference | K20: Owner
A21: INV-5921-1 | B21: INV-5921 | C21: 45946 | D21: Lakeside Constructions Pty Ltd | E21: S0029 | F21: Fence and make safe package - Job 2009 | G21: 2431.94 | H21: Fencing | J21: Context: service line from the site, account needs a person | K21: Bookkeeper
A22: INV-5904-1 | B22: INV-5904 | C22: 45955 | D22: Redline Builders Pty Ltd | F22: As per quote Q-1911 | G22: 1181.1 | J22: No rule and no site reference | K22: Owner
A23: INV-5900-1 | B23: INV-5900 | C23: 45964 | D23: Wattle Insurance Repairs Pty Ltd | E23: S0477 | F23: As per quote Q-1582 | G23: 2723.82 | H23: Make-safe | J23: Context: service line from the site, account needs a person | K23: Bookkeeper
A24: INV-5920-1 | B24: INV-5920 | C24: 45966 | D24: Bluegum Construction Pty Ltd | F24: Site works | G24: 959.58 | J24: No rule and no site reference | K24: Owner
A25: INV-5895-1 | B25: INV-5895 | C25: 45972 | D25: Granite Constructions | E25: S0471 | F25: Job 1496 - progress claim | G25: 503.14 | H25: Make-safe | J25: Context: service line from the site, account needs a person | K25: Bookkeeper
A26: INV-5914-1 | B26: INV-5914 | C26: 45991 | D26: Riverbend Homes Pty Ltd | E26: S0008 | F26: Job 4796 - progress claim | G26: 1969.25 | H26: Fencing | J26: Context: service line from the site, account needs a person | K26: Bookkeeper
A27: INV-5903-1 | B27: INV-5903 | C27: 46012 | D27: Cobalt Constructions Pty Ltd | E27: S0266 | F27: Job 2261 - progress claim | G27: 3184.48 | H27: Scaffolding | J27: Context: service line from the site, account needs a person | K27: Bookkeeper
A28: INV-5934-1 | B28: INV-5934 | C28: 46019 | D28: Lakeside Claims Services Pty Ltd | E28: S0382 | F28: Misc charges | G28: 3612.05 | H28: Make-safe | J28: Context: service line from the site, account needs a person | K28: Bookkeeper
A29: INV-5932-1 | B29: INV-5932 | C29: 46028 | D29: Kestrel Constructions Pty Ltd | E29: S0138 | F29: Fence and make safe package - Job 4280 | G29: 3456.96 | H29: Fencing | J29: Context: service line from the site, account needs a person | K29: Bookkeeper
A30: INV-5930-1 | B30: INV-5930 | C30: 46035 | D30: Cobalt Developments Pty Ltd | F30: Site works | G30: 2264.88 | J30: No rule and no site reference | K30: Owner
A31: INV-5916-1 | B31: INV-5916 | C31: 46039 | D31: Mia Chen | E31: S0467 | F31: Works completed as discussed | G31: 2706.78 | H31: Make-safe | J31: Context: service line from the site, account needs a person | K31: Bookkeeper
A32: INV-5898-1 | B32: INV-5898 | C32: 46041 | D32: Lakeside Constructions Pty Ltd | E32: S0231 | F32: Fence and make safe package - Job 1871 | G32: 270.11 | H32: Fencing | J32: Context: service line from the site, account needs a person | K32: Bookkeeper
A33: INV-5912-1 | B33: INV-5912 | C33: 46048 | D33: Silverleaf Insurance Repairs Pty Ltd | F33: Variation 3059 - additional works | G33: 860.29 | J33: No rule and no site reference | K33: Owner
A34: INV-5935-1 | B34: INV-5935 | C34: 46059 | D34: Summit Homes Pty Ltd | F34: Works completed as discussed | G34: 3636.87 | J34: No rule and no site reference | K34: Owner
A35: INV-5909-1 | B35: INV-5909 | C35: 46060 | D35: Sofia Hughes | F35: Job 1675 - progress claim | G35: 3052.12 | J35: No rule and no site reference | K35: Owner
A36: INV-5928-1 | B36: INV-5928 | C36: 46082 | D36: Coastline Developments Pty Ltd | E36: S0462 | F36: Fence and make safe package - Job 4201 | G36: 1864.11 | H36: Roofing | J36: Context: service line from the site, account needs a person | K36: Bookkeeper
A37: INV-5919-1 | B37: INV-5919 | C37: 46090 | D37: Bayside Owners Corporation Services Pty Ltd | E37: S0360 | F37: As per quote Q-3163 | G37: 3119.58 | H37: Roofing | J37: Context: service line from the site, account needs a person | K37: Bookkeeper
A38: INV-5907-1 | B38: INV-5907 | C38: 46099 | D38: Noah Williams | E38: S0143 | F38: Fence and make safe package - Job 1607 | G38: 3704.59 | H38: Fencing | J38: Context: service line from the site, account needs a person | K38: Bookkeeper
A39: INV-5924-1 | B39: INV-5924 | C39: 46106 | D39: Kestrel Constructions Pty Ltd | F39: Fence and make safe package - Job 2214 | G39: 927.28 | J39: No rule and no site reference | K39: Owner
A40: INV-5926-1 | B40: INV-5926 | C40: 46110 | D40: Bluegum Body Corporate Pty Ltd | F40: Job 2058 - progress claim | G40: 1388.47 | J40: No rule and no site reference | K40: Owner
A41: INV-5929-1 | B41: INV-5929 | C41: 46126 | D41: Northgate Insurance Repairs | F41: As per quote Q-2547 | G41: 2374.82 | J41: No rule and no site reference | K41: Owner
A42: INV-5897-1 | B42: INV-5897 | C42: 46129 | D42: Leo Hughes | F42: As per quote Q-2344 | G42: 1089.84 | J42: No rule and no site reference | K42: Owner
A43: INV-5901-1 | B43: INV-5901 | C43: 46144 | D43: Zoe Martin | F43: Site works | G43: 3232.89 | J43: No rule and no site reference | K43: Owner
A44: INV-5925-1 | B44: INV-5925 | C44: 46160 | D44: Metro Developments | F44: Works completed as discussed | G44: 1460.92 | J44: No rule and no site reference | K44: Owner
A45: INV-5918-1 | B45: INV-5918 | C45: 46176 | D45: Coastline Projects Pty Ltd | E45: S0076 | F45: Job 4623 - progress claim | G45: 1109.69 | H45: Fencing | J45: Context: service line from the site, account needs a person | K45: Bookkeeper
A46: INV-5896-1 | B46: INV-5896 | C46: 46178 | D46: Coastline Developments Pty Ltd | F46: Misc charges | G46: 3305.12 | J46: No rule and no site reference | K46: Owner
A47: INV-5933-1 | B47: INV-5933 | C47: 46179 | D47: Highpoint Projects | E47: S0033 | F47: Job 1301 - progress claim | G47: 3483.89 | H47: Fencing | J47: Context: service line from the site, account needs a person | K47: Bookkeeper
A48: INV-5917-1 | B48: INV-5917 | C48: 46182 | D48: Ethan Walker | F48: Job 4297 - progress claim | G48: 897.27 | J48: No rule and no site reference | K48: Owner
A49: INV-5927-1 | B49: INV-5927 | C49: 46182 | D49: Coastline Claims Services | E49: S0481 | F49: Fence and make safe package - Job 2116 | G49: 2185.99 | H49: Make-safe | J49: Context: service line from the site, account needs a person | K49: Bookkeeper
A50: INV-5894-1 | B50: INV-5894 | C50: 46183 | D50: Banksia Strata Management | F50: As per quote Q-3717 | G50: 290.09 | J50: No rule and no site reference | K50: Owner

Sheet Tax Review
A1: Tax review: lines coded to the wrong tax rate
A2: Work sample: realistic data, built to show how I approach this work.
A4: Line ID | B4: Invoice | C4: Date | D4: Description | E4: Amount | F4: Coded tax | G4: Expected tax | H4: GST effect | I4: Issue | J4: BAS quarter | L4: BAS quarter | M4: Lines | N4: GST to correct
A5: INV-4658-2 | B5: INV-4658 | C5: 45863 | D5: Lost/damaged panels charged - 4 @ 145.00 | E5: 580 | F5: GST Free Income | G5: GST on Income | H5: =IF(G5="GST on Income",ROUND(E5*0.1,2),ROUND(-E5*0.1,2)) -> 58 | I5: GST not charged on a taxable sale | J5: FY26 Q1 | L5: FY26 Q1 | M5: =COUNTIF($J$5:$J$87,L5) -> 14 | N5: =SUMIFS($H$5:$H$87,$J$5:$J$87,L5) -> 439.68
A6: INV-5861-1 | B6: INV-5861 | C6: 45872 | D6: Roof repair labour - 12 hrs | E6: 1176 | F6: GST Free Income | G6: GST on Income | H6: =IF(G6="GST on Income",ROUND(E6*0.1,2),ROUND(-E6*0.1,2)) -> 117.6 | I6: GST not charged on a taxable sale | J6: FY26 Q1 | L6: FY26 Q2 | M6: =COUNTIF($J$5:$J$87,L6) -> 28 | N6: =SUMIFS($H$5:$H$87,$J$5:$J$87,L6) -> 1202.19
A7: INV-5780-2 | B7: INV-5780 | C7: 45873 | D7: Materials - gutter and downpipe | E7: 503.79 | F7: GST Free Income | G7: GST on Income | H7: =IF(G7="GST on Income",ROUND(E7*0.1,2),ROUND(-E7*0.1,2)) -> 50.38 | I7: GST not charged on a taxable sale | J7: FY26 Q1 | L7: FY26 Q3 | M7: =COUNTIF($J$5:$J$87,L7) -> 21 | N7: =SUMIFS($H$5:$H$87,$J$5:$J$87,L7) -> 736.93
A8: INV-4768-3 | B8: INV-4768 | C8: 45887 | D8: Security deposit - fence panels (refundable) | E8: 990 | F8: GST on Income | G8: BAS Excluded | H8: =IF(G8="GST on Income",ROUND(E8*0.1,2),ROUND(-E8*0.1,2)) -> -99 | I8: GST charged on a refundable deposit | J8: FY26 Q1 | L8: FY26 Q4 | M8: =COUNTIF($J$5:$J$87,L8) -> 20 | N8: =SUMIFS($H$5:$H$87,$J$5:$J$87,L8) -> 938.49
A9: INV-5516-1 | B9: INV-5516 | C9: 45887 | D9: Tarp kit hire 2 wks (10/08/25-17/08/25) - 2 kits | E9: 140 | F9: GST Free Income | G9: GST on Income | H9: =IF(G9="GST on Income",ROUND(E9*0.1,2),ROUND(-E9*0.1,2)) -> 14 | I9: GST not charged on a taxable sale | J9: FY26 Q1 | L9: Total | M9: =SUM(M5:M8) -> 83 | N9: =SUM(N5:N8) -> 3317.29
A10: INV-5707-2 | B10: INV-5707 | C10: 45888 | D10: Tarp supply and install - 3 tarp(s) | E10: 720 | F10: GST Free Income | G10: GST on Income | H10: =IF(G10="GST on Income",ROUND(E10*0.1,2),ROUND(-E10*0.1,2)) -> 72 | I10: GST not charged on a taxable sale | J10: FY26 Q1
A11: INV-4126-1 | B11: INV-4126 | C11: 45897 | D11: Delivery and installation - temporary fencing | E11: 165 | F11: GST Free Income | G11: GST on Income | H11: =IF(G11="GST on Income",ROUND(E11*0.1,2),ROUND(-E11*0.1,2)) -> 16.5 | I11: GST not charged on a taxable sale | J11: FY26 Q1
A12: INV-4511-1 | B12: INV-4511 | C12: 45898 | D12: Temporary fence hire 4 wks (01/08/25-28/08/25) - 141 panels | E12: 2538 | F12: GST Free Income | G12: GST on Income | H12: =IF(G12="GST on Income",ROUND(E12*0.1,2),ROUND(-E12*0.1,2)) -> 253.8 | I12: GST not charged on a taxable sale | J12: FY26 Q1
A13: INV-5804-4 | B13: INV-5804 | C13: 45899 | D13: Waste removal and tip fees | E13: 120 | F13: GST Free Income | G13: GST on Income | H13: =IF(G13="GST on Income",ROUND(E13*0.1,2),ROUND(-E13*0.1,2)) -> 12 | I13: GST not charged on a taxable sale | J13: FY26 Q1
A14: INV-5877-1 | B14: INV-5877 | C14: 45900 | D14: Roof repair labour - 8 hrs | E14: 784 | F14: GST Free Income | G14: GST on Income | H14: =IF(G14="GST on Income",ROUND(E14*0.1,2),ROUND(-E14*0.1,2)) -> 78.4 | I14: GST not charged on a taxable sale | J14: FY26 Q1
A15: INV-4965-3 | B15: INV-4965 | C15: 45907 | D15: Security deposit - fence panels (refundable) | E15: 620 | F15: GST on Income | G15: BAS Excluded | H15: =IF(G15="GST on Income",ROUND(E15*0.1,2),ROUND(-E15*0.1,2)) -> -62 | I15: GST charged on a refundable deposit | J15: FY26 Q1
A16: INV-4558-1 | B16: INV-4558 | C16: 45913 | D16: Collection and dismantle - temporary fencing | E16: 165 | F16: GST Free Income | G16: GST on Income | H16: =IF(G16="GST on Income",ROUND(E16*0.1,2),ROUND(-E16*0.1,2)) -> 16.5 | I16: GST not charged on a taxable sale | J16: FY26 Q1
A17: INV-4864-3 | B17: INV-4864 | C17: 45920 | D17: Security deposit - fence panels (refundable) | E17: 1050 | F17: GST on Income | G17: BAS Excluded | H17: =IF(G17="GST on Income",ROUND(E17*0.1,2),ROUND(-E17*0.1,2)) -> -105 | I17: GST charged on a refundable deposit | J17: FY26 Q1
A18: INV-5124-1 | B18: INV-5124 | C18: 45927 | D18: Delivery and installation - temporary fencing | E18: 165 | F18: GST Free Income | G18: GST on Income | H18: =IF(G18="GST on Income",ROUND(E18*0.1,2),ROUND(-E18*0.1,2)) -> 16.5 | I18: GST not charged on a taxable sale | J18: FY26 Q1
A19: INV-5093-1 | B19: INV-5093 | C19: 45936 | D19: Temporary fence hire 4 wks (08/09/25-05/10/25) - 147 panels | E19: 2646 | F19: GST Free Income | G19: GST on Income | H19: =IF(G19="GST on Income",ROUND(E19*0.1,2),ROUND(-E19*0.1,2)) -> 264.6 | I19: GST not charged on a taxable sale | J19: FY26 Q2
A20: INV-4874-1 | B20: INV-4874 | C20: 45942 | D20: Temporary fence hire 2 wks (28/09/25-11/10/25) - 130 panels | E20: 1170 | F20: GST Free Income | G20: GST on Income | H20: =IF(G20="GST on Income",ROUND(E20*0.1,2),ROUND(-E20*0.1,2)) -> 117 | I20: GST not charged on a taxable sale | J20: FY26 Q2
A21: INV-4315-3 | B21: INV-4315 | C21: 45949 | D21: Security deposit - fence panels (refundable) | E21: 1100 | F21: GST on Income | G21: BAS Excluded | H21: =IF(G21="GST on Income",ROUND(E21*0.1,2),ROUND(-E21*0.1,2)) -> -110 | I21: GST charged on a refundable deposit | J21: FY26 Q2
... A87: INV-5734-1 | B87: INV-5734 | C87: 46198 | D87: Roof repair labour - 3 hrs | E87: 294 | F87: GST Free Income | G87: GST on Income | H87: =IF(G87="GST on Income",ROUND(E87*0.1,2),ROUND(-E87*0.1,2)) -> 29.4 | I87: GST not charged on a taxable sale | J87: FY26 Q4

Sheet Contacts
A1: Xero contacts: duplicates and their master record
A2: Work sample: realistic data, built to show how I approach this work.
A4: Contact ID | B4: Name | C4: Tax number | D4: Email | E4: Created | F4: Master ID | G4: Master name | H4: Rule | I4: Score | J4: Note | K4: Related ID | L4: Action | M4: Invoice lines | N4: Invoiced | O4: Master check
A5: C0001 | B5: Parkview Projects Pty Ltd | C5: 97 771 735 822 | D5: accounts@parkviewprojects.example | E5: 45488 | F5: C0001 | G5: Parkview Projects Pty Ltd | L5: Keep | M5: =COUNTIF('Invoice Lines'!$E$5:$E$2542,A5) -> 15 | N5: =SUMIFS('Invoice Lines'!$K$5:$K$2542,'Invoice Lines'!$E$5:$E$2542,A5,'Invoice Lines'!$M$5:$M$2542,1) -> 18826.1 | O5: =IF(COUNTIF('Contacts'!$A$5:$A$157,F5)=0,"MISSING",IF(INDEX('Contacts'!$F$5:$F$157,MATCH(F5,'Contacts'!$A$5:$A$157,0))=F5,"OK","CHAIN")) -> OK
A6: C0002 | B6: Summit Building Group | D6: accounts@summitbuildinggrou.example | E6: 45668 | F6: C0002 | G6: Summit Building Group | L6: Keep | M6: =COUNTIF('Invoice Lines'!$E$5:$E$2542,A6) -> 29 | N6: =SUMIFS('Invoice Lines'!$K$5:$K$2542,'Invoice Lines'!$E$5:$E$2542,A6,'Invoice Lines'!$M$5:$M$2542,1) -> 21764.29 | O6: =IF(COUNTIF('Contacts'!$A$5:$A$157,F6)=0,"MISSING",IF(INDEX('Contacts'!$F$5:$F$157,MATCH(F6,'Contacts'!$A$5:$A$157,0))=F6,"OK","CHAIN")) -> OK
A7: C0003 | B7: Summit Projects Pty Ltd | C7: 90 510 179 160 | D7: accounts@summitprojects.example | E7: 45576 | F7: C0003 | G7: Summit Projects Pty Ltd | L7: Keep | M7: =COUNTIF('Invoice Lines'!$E$5:$E$2542,A7) -> 21 | N7: =SUMIFS('Invoice Lines'!$K$5:$K$2542,'Invoice Lines'!$E$5:$E$2542,A7,'Invoice Lines'!$M$5:$M$2542,1) -> 13453.8 | O7: =IF(COUNTIF('Contacts'!$A$5:$A$157,F7)=0,"MISSING",IF(INDEX('Contacts'!$F$5:$F$157,MATCH(F7,'Contacts'!$A$5:$A$157,0))=F7,"OK","CHAIN")) -> OK
A8: C0004 | B8: Lakeside Builders Pty Ltd | C8: 96 276 024 262 | D8: accounts@lakesidebuilders.example | E8: 45484 | F8: C0004 | G8: Lakeside Builders Pty Ltd | L8: Keep | M8: =COUNTIF('Invoice Lines'!$E$5:$E$2542,A8) -> 7 | N8: =SUMIFS('Invoice Lines'!$K$5:$K$2542,'Invoice Lines'!$E$5:$E$2542,A8,'Invoice Lines'!$M$5:$M$2542,1) -> 1557.6 | O8: =IF(COUNTIF('Contacts'!$A$5:$A$157,F8)=0,"MISSING",IF(INDEX('Contacts'!$F$5:$F$157,MATCH(F8,'Contacts'!$A$5:$A$157,0))=F8,"OK","CHAIN")) -> OK
A9: C0005 | B9: Fairway Developments | C9: 98 790 561 070 | D9: accounts@fairwaydevelopment.example | E9: 45594 | F9: C0005 | G9: Fairway Developments | L9: Keep | M9: =COUNTIF('Invoice Lines'!$E$5:$E$2542,A9) -> 7 | N9: =SUMIFS('Invoice Lines'!$K$5:$K$2542,'Invoice Lines'!$E$5:$E$2542,A9,'Invoice Lines'!$M$5:$M$2542,1) -> 2743.96 | O9: =IF(COUNTIF('Contacts'!$A$5:$A$157,F9)=0,"MISSING",IF(INDEX('Contacts'!$F$5:$F$157,MATCH(F9,'Contacts'!$A$5:$A$157,0))=F9,"OK","CHAIN")) -> OK
A10: C0006 | B10: Harbour Homes | C10: 98 241 863 362 | D10: accounts@harbourhomes.example | E10: 45325 | F10: C0006 | G10: Harbour Homes | L10: Keep | M10: =COUNTIF('Invoice Lines'!$E$5:$E$2542,A10) -> 14 | N10: =SUMIFS('Invoice Lines'!$K$5:$K$2542,'Invoice Lines'!$E$5:$E$2542,A10,'Invoice Lines'!$M$5:$M$2542,1) -> 16320.85 | O10: =IF(COUNTIF('Contacts'!$A$5:$A$157,F10)=0,"MISSING",IF(INDEX('Contacts'!$F$5:$F$157,MATCH(F10,'Contacts'!$A$5:$A$157,0))=F10,"OK","CHAIN")) -> OK
A11: C0007 | B11: Eastlink Projects | C11: 96 055 101 861 | D11: accounts@eastlinkprojects.example | E11: 45066 | F11: C0007 | G11: Eastlink Projects | L11: Keep | M11: =COUNTIF('Invoice Lines'!$E$5:$E$2542,A11) -> 21 | N11: =SUMIFS('Invoice Lines'!$K$5:$K$2542,'Invoice Lines'!$E$5:$E$2542,A11,'Invoice Lines'!$M$5:$M$2542,1) -> 19844.3 | O11: =IF(COUNTIF('Contacts'!$A$5:$A$157,F11)=0,"MISSING",IF(INDEX('Contacts'!$F$5:$F$157,MATCH(F11,'Contacts'!$A$5:$A$157,0))=F11,"OK","CHAIN")) -> OK
A12: C0008 | B12: Redline Builders Pty Ltd | D12: accounts@redlinebuilders.example | E12: 45273 | F12: C0008 | G12: Redline Builders Pty Ltd | L12: Keep | M12: =COUNTIF('Invoice Lines'!$E$5:$E$2542,A12) -> 23 | N12: =SUMIFS('Invoice Lines'!$K$5:$K$2542,'Invoice Lines'!$E$5:$E$2542,A12,'Invoice Lines'!$M$5:$M$2542,1) -> 13662.11 | O12: =IF(COUNTIF('Contacts'!$A$5:$A$157,F12)=0,"MISSING",IF(INDEX('Contacts'!$F$5:$F$157,MATCH(F12,'Contacts'!$A$5:$A$157,0))=F12,"OK","CHAIN")) -> OK
A13: C0009 | B13: Bluegum Projects Pty Ltd | C13: 90 418 355 629 | D13: accounts@bluegumprojects.example | E13: 45654 | F13: C0009 | G13: Bluegum Projects Pty Ltd | L13: Keep | M13: =COUNTIF('Invoice Lines'!$E$5:$E$2542,A13) -> 0 | N13: =SUMIFS('Invoice Lines'!$K$5:$K$2542,'Invoice Lines'!$E$5:$E$2542,A13,'Invoice Lines'!$M$5:$M$2542,1) -> 0 | O13: =IF(COUNTIF('Contacts'!$A$5:$A$157,F13)=0,"MISSING",IF(INDEX('Contacts'!$F$5:$F$157,MATCH(F13,'Contacts'!$A$5:$A$157,0))=F13,"OK","CHAIN")) -> OK
A14: C0010 | B14: Eastlink Developments | C14: 90 321 519 032 | D14: accounts@eastlinkdevelopmen.example | E14: 44953 | F14: C0010 | G14: Eastlink Developments | L14: Keep | M14: =COUNTIF('Invoice Lines'!$E$5:$E$2542,A14) -> 16 | N14: =SUMIFS('Invoice Lines'!$K$5:$K$2542,'Invoice Lines'!$E$5:$E$2542,A14,'Invoice Lines'!$M$5:$M$2542,1) -> 17708.8 | O14: =IF(COUNTIF('Contacts'!$A$5:$A$157,F14)=0,"MISSING",IF(INDEX('Contacts'!$F$5:$F$157,MATCH(F14,'Contacts'!$A$5:$A$157,0))=F14,"OK","CHAIN")) -> OK
A15: C0011 | B15: Wattle Homes Pty Ltd | C15: 98 985 850 842 | D15: accounts@wattlehomes.example | E15: 45037 | F15: C0011 | G15: Wattle Homes Pty Ltd | L15: Keep | M15: =COUNTIF('Invoice Lines'!$E$5:$E$2542,A15) -> 23 | N15: =SUMIFS('Invoice Lines'!$K$5:$K$2542,'Invoice Lines'!$E$5:$E$2542,A15,'Invoice Lines'!$M$5:$M$2542,1) -> 9613.4 | O15: =IF(COUNTIF('Contacts'!$A$5:$A$157,F15)=0,"MISSING",IF(INDEX('Contacts'!$F$5:$F$157,MATCH(F15,'Contacts'!$A$5:$A$157,0))=F15,"OK","CHAIN")) -> OK
A16: C0012 | B16: Kestrel Constructions Pty Ltd | C16: 93 469 136 710 | D16: accounts@kestrelconstructio.example | E16: 44927 | F16: C0012 | G16: Kestrel Constructions Pty Ltd | L16: Keep | M16: =COUNTIF('Invoice Lines'!$E$5:$E$2542,A16) -> 21 | N16: =SUMIFS('Invoice Lines'!$K$5:$K$2542,'Invoice Lines'!$E$5:$E$2542,A16,'Invoice Lines'!$M$5:$M$2542,1) -> 13826.51 | O16: =IF(COUNTIF('Contacts'!$A$5:$A$157,F16)=0,"MISSING",IF(INDEX('Contacts'!$F$5:$F$157,MATCH(F16,'Contacts'!$A$5:$A$157,0))=F16,"OK","CHAIN")) -> OK
A17: C0013 | B17: Granite Builders Pty Ltd | C17: 90 332 025 336 | D17: accounts@granitebuilders.example | E17: 45560 | F17: C0013 | G17: Granite Builders Pty Ltd | L17: Keep | M17: =COUNTIF('Invoice Lines'!$E$5:$E$2542,A17) -> 0 | N17: =SUMIFS('Invoice Lines'!$K$5:$K$2542,'Invoice Lines'!$E$5:$E$2542,A17,'Invoice Lines'!$M$5:$M$2542,1) -> 0 | O17: =IF(COUNTIF('Contacts'!$A$5:$A$157,F17)=0,"MISSING",IF(INDEX('Contacts'!$F$5:$F$157,MATCH(F17,'Contacts'!$A$5:$A$157,0))=F17,"OK","CHAIN")) -> OK
A18: C0014 | B18: Riverbend Homes Pty Ltd | C18: 93 545 254 903 | D18: accounts@riverbendhomes.example | E18: 45198 | F18: C0014 | G18: Riverbend Homes Pty Ltd | L18: Keep | M18: =COUNTIF('Invoice Lines'!$E$5:$E$2542,A18) -> 51 | N18: =SUMIFS('Invoice Lines'!$K$5:$K$2542,'Invoice Lines'!$E$5:$E$2542,A18,'Invoice Lines'!$M$5:$M$2542,1) -> 30583.46 | O18: =IF(COUNTIF('Contacts'!$A$5:$A$157,F18)=0,"MISSING",IF(INDEX('Contacts'!$F$5:$F$157,MATCH(F18,'Contacts'!$A$5:$A$157,0))=F18,"OK","CHAIN")) -> OK
A19: C0015 | B19: Bluegum Building Group | C19: 98 253 930 956 | D19: accounts@bluegumbuildinggro.example | E19: 44948 | F19: C0015 | G19: Bluegum Building Group | L19: Keep | M19: =COUNTIF('Invoice Lines'!$E$5:$E$2542,A19) -> 40 | N19: =SUMIFS('Invoice Lines'!$K$5:$K$2542,'Invoice Lines'!$E$5:$E$2542,A19,'Invoice Lines'!$M$5:$M$2542,1) -> 32911.48 | O19: =IF(COUNTIF('Contacts'!$A$5:$A$157,F19)=0,"MISSING",IF(INDEX('Contacts'!$F$5:$F$157,MATCH(F19,'Contacts'!$A$5:$A$157,0))=F19,"OK","CHAIN")) -> OK
A20: C0016 | B20: Juniper Developments Pty Ltd | C20: 96 600 576 893 | D20: accounts@juniperdevelopment.example | E20: 45580 | F20: C0016 | G20: Juniper Developments Pty Ltd | L20: Keep | M20: =COUNTIF('Invoice Lines'!$E$5:$E$2542,A20) -> 4 | N20: =SUMIFS('Invoice Lines'!$K$5:$K$2542,'Invoice Lines'!$E$5:$E$2542,A20,'Invoice Lines'!$M$5:$M$2542,1) -> 1195 | O20: =IF(COUNTIF('Contacts'!$A$5:$A$157,F20)=0,"MISSING",IF(INDEX('Contacts'!$F$5:$F$157,MATCH(F20,'Contacts'!$A$5:$A$157,0))=F20,"OK","CHAIN")) -> OK
A21: C0017 | B21: Cobalt Developments Pty Ltd | D21: accounts@cobaltdevelopments.example | E21: 45653 | F21: C0017 | G21: Cobalt Developments Pty Ltd | L21: Keep | M21: =COUNTIF('Invoice Lines'!$E$5:$E$2542,A21) -> 36 | N21: =SUMIFS('Invoice Lines'!$K$5:$K$2542,'Invoice Lines'!$E$5:$E$2542,A21,'Invoice Lines'!$M$5:$M$2542,1) -> 15063.38 | O21: =IF(COUNTIF('Contacts'!$A$5:$A$157,F21)=0,"MISSING",IF(INDEX('Contacts'!$F$5:$F$157,MATCH(F21,'Contacts'!$A$5:$A$157,0))=F21,"OK","CHAIN")) -> OK
A22: C0018 | B22: Wattle Constructions Pty Ltd | D22: accounts@wattleconstruction.example | E22: 44999 | F22: C0018 | G22: Wattle Constructions Pty Ltd | L22: Keep | M22: =COUNTIF('Invoice Lines'!$E$5:$E$2542,A22) -> 66 | N22: =SUMIFS('Invoice Lines'!$K$5:$K$2542,'Invoice Lines'!$E$5:$E$2542,A22,'Invoice Lines'!$M$5:$M$2542,1) -> 36120.83 | O22: =IF(COUNTIF('Contacts'!$A$5:$A$157,F22)=0,"MISSING",IF(INDEX('Contacts'!$F$5:$F$157,MATCH(F22,'Contacts'!$A$5:$A$157,0))=F22,"OK","CHAIN")) -> OK
A23: C0019 | B23: Metro Developments | C23: 95 518 721 376 | D23: accounts@metrodevelopments.example | E23: 45461 | F23: C0019 | G23: Metro Developments | L23: Keep | M23: =COUNTIF('Invoice Lines'!$E$5:$E$2542,A23) -> 21 | N23: =SUMIFS('Invoice Lines'!$K$5:$K$2542,'Invoice Lines'!$E$5:$E$2542,A23,'Invoice Lines'!$M$5:$M$2542,1) -> 13069.07 | O23: =IF(COUNTIF('Contacts'!$A$5:$A$157,F23)=0,"MISSING",IF(INDEX('Contacts'!$F$5:$F$157,MATCH(F23,'Contacts'!$A$5:$A$157,0))=F23,"OK","CHAIN")) -> OK
A24: C0020 | B24: Eastlink Constructions | C24: 96 991 728 334 | D24: accounts@eastlinkconstructi.example | E24: 45093 | F24: C0020 | G24: Eastlink Constructions | L24: Keep | M24: =COUNTIF('Invoice Lines'!$E$5:$E$2542,A24) -> 25 | N24: =SUMIFS('Invoice Lines'!$K$5:$K$2542,'Invoice Lines'!$E$5:$E$2542,A24,'Invoice Lines'!$M$5:$M$2542,1) -> 18062.47 | O24: =IF(COUNTIF('Contacts'!$A$5:$A$157,F24)=0,"MISSING",IF(INDEX('Contacts'!$F$5:$F$157,MATCH(F24,'Contacts'!$A$5:$A$157,0))=F24,"OK","CHAIN")) -> OK
A25: C0021 | B25: Ironbark Building Group | C25: 91 201 447 719 | D25: accounts@ironbarkbuildinggr.example | E25: 45565 | F25: C0021 | G25: Ironbark Building Group | L25: Keep | M25: =COUNTIF('Invoice Lines'!$E$5:$E$2542,A25) -> 16 | N25: =SUMIFS('Invoice Lines'!$K$5:$K$2542,'Invoice Lines'!$E$5:$E$2542,A25,'Invoice Lines'!$M$5:$M$2542,1) -> 13402.11 | O25: =IF(COUNTIF('Contacts'!$A$5:$A$157,F25)=0,"MISSING",IF(INDEX('Contacts'!$F$5:$F$157,MATCH(F25,'Contacts'!$A$5:$A$157,0))=F25,"OK","CHAIN")) -> OK
A26: C0022 | B26: Highpoint Projects | C26: 94 682 905 390 | D26: accounts@highpointprojects.example | E26: 45430 | F26: C0022 | G26: Highpoint Projects | L26: Keep | M26: =COUNTIF('Invoice Lines'!$E$5:$E$2542,A26) -> 114 | N26: =SUMIFS('Invoice Lines'!$K$5:$K$2542,'Invoice Lines'!$E$5:$E$2542,A26,'Invoice Lines'!$M$5:$M$2542,1) -> 84685.59 | O26: =IF(COUNTIF('Contacts'!$A$5:$A$157,F26)=0,"MISSING",IF(INDEX('Contacts'!$F$5:$F$157,MATCH(F26,'Contacts'!$A$5:$A$157,0))=F26,"OK","CHAIN")) -> OK
A27: C0023 | B27: Ashford Constructions Pty Ltd | C27: 94 012 055 653 | D27: accounts@ashfordconstructio.example | E27: 45545 | F27: C0023 | G27: Ashford Constructions Pty Ltd | L27: Keep | M27: =COUNTIF('Invoice Lines'!$E$5:$E$2542,A27) -> 7 | N27: =SUMIFS('Invoice Lines'!$K$5:$K$2542,'Invoice Lines'!$E$5:$E$2542,A27,'Invoice Lines'!$M$5:$M$2542,1) -> 4676.57 | O27: =IF(COUNTIF('Contacts'!$A$5:$A$157,F27)=0,"MISSING",IF(INDEX('Contacts'!$F$5:$F$157,MATCH(F27,'Contacts'!$A$5:$A$157,0))=F27,"OK","CHAIN")) -> OK
A28: C0024 | B28: Parkview Homes Pty Ltd | C28: 92 528 181 718 | D28: accounts@parkviewhomes.example | E28: 45218 | F28: C0024 | G28: Parkview Homes Pty Ltd | L28: Keep | M28: =COUNTIF('Invoice Lines'!$E$5:$E$2542,A28) -> 82 | N28: =SUMIFS('Invoice Lines'!$K$5:$K$2542,'Invoice Lines'!$E$5:$E$2542,A28,'Invoice Lines'!$M$5:$M$2542,1) -> 55820.67 | O28: =IF(COUNTIF('Contacts'!$A$5:$A$157,F28)=0,"MISSING",IF(INDEX('Contacts'!$F$5:$F$157,MATCH(F28,'Contacts'!$A$5:$A$157,0))=F28,"OK","CHAIN")) -> OK
A29: C0025 | B29: Silverleaf Building Group Pty Ltd | C29: 90 114 726 599 | D29: accounts@silverleafbuilding.example | E29: 45293 | F29: C0025 | G29: Silverleaf Building Group Pty Ltd | L29: Keep | M29: =COUNTIF('Invoice Lines'!$E$5:$E$2542,A29) -> 16 | N29: =SUMIFS('Invoice Lines'!$K$5:$K$2542,'Invoice Lines'!$E$5:$E$2542,A29,'Invoice Lines'!$M$5:$M$2542,1) -> 11427.38 | O29: =IF(COUNTIF('Contacts'!$A$5:$A$157,F29)=0,"MISSING",IF(INDEX('Contacts'!$F$5:$F$157,MATCH(F29,'Contacts'!$A$5:$A$157,0))=F29,"OK","CHAIN")) -> OK
A30: C0026 | B30: Juniper Constructions | C30: 98 149 609 756 | D30: accounts@juniperconstructio.example | E30: 45313 | F30: C0026 | G30: Juniper Constructions | L30: Keep | M30: =COUNTIF('Invoice Lines'!$E$5:$E$2542,A30) -> 18 | N30: =SUMIFS('Invoice Lines'!$K$5:$K$2542,'Invoice Lines'!$E$5:$E$2542,A30,'Invoice Lines'!$M$5:$M$2542,1) -> 11602.32 | O30: =IF(COUNTIF('Contacts'!$A$5:$A$157,F30)=0,"MISSING",IF(INDEX('Contacts'!$F$5:$F$157,MATCH(F30,'Contacts'!$A$5:$A$157,0))=F30,"OK","CHAIN")) -> OK
A31: C0027 | B31: Metro Projects Pty Ltd | C31: 98 780 081 157 | D31: accounts@metroprojects.example | E31: 45502 | F31: C0027 | G31: Metro Projects Pty Ltd | L31: Keep | M31: =COUNTIF('Invoice Lines'!$E$5:$E$2542,A31) -> 24 | N31: =SUMIFS('Invoice Lines'!$K$5:$K$2542,'Invoice Lines'!$E$5:$E$2542,A31,'Invoice Lines'!$M$5:$M$2542,1) -> 17632.2 | O31: =IF(COUNTIF('Contacts'!$A$5:$A$157,F31)=0,"MISSING",IF(INDEX('Contacts'!$F$5:$F$157,MATCH(F31,'Contacts'!$A$5:$A$157,0))=F31,"OK","CHAIN")) -> OK
A32: C0028 | B32: Banksia Homes | C32: 97 510 430 436 | D32: accounts@banksiahomes.example | E32: 45425 | F32: C0028 | G32: Banksia Homes | L32: Keep | M32: =COUNTIF('Invoice Lines'!$E$5:$E$2542,A32) -> 7 | N32: =SUMIFS('Invoice Lines'!$K$5:$K$2542,'Invoice Lines'!$E$5:$E$2542,A32,'Invoice Lines'!$M$5:$M$2542,1) -> 3180.6 | O32: =IF(COUNTIF('Contacts'!$A$5:$A$157,F32)=0,"MISSING",IF(INDEX('Contacts'!$F$5:$F$157,MATCH(F32,'Contacts'!$A$5:$A$157,0))=F32,"OK","CHAIN")) -> OK
A33: C0029 | B33: Ironbark Constructions | C33: 97 873 866 911 | D33: accounts@ironbarkconstructi.example | E33: 45331 | F33: C0029 | G33: Ironbark Constructions | L33: Keep | M33: =COUNTIF('Invoice Lines'!$E$5:$E$2542,A33) -> 33 | N33: =SUMIFS('Invoice Lines'!$K$5:$K$2542,'Invoice Lines'!$E$5:$E$2542,A33,'Invoice Lines'!$M$5:$M$2542,1) -> 26427.89 | O33: =IF(COUNTIF('Contacts'!$A$5:$A$157,F33)=0,"MISSING",IF(INDEX('Contacts'!$F$5:$F$157,MATCH(F33,'Contacts'!$A$5:$A$157,0))=F33,"OK","CHAIN")) -> OK
A34: C0030 | B34: Bluegum Developments | C34: 91 620 562 623 | D34: accounts@bluegumdevelopment.example | E34: 45522 | F34: C0030 | G34: Bluegum Developments | L34: Keep | M34: =COUNTIF('Invoice Lines'!$E$5:$E$2542,A34) -> 27 | N34: =SUMIFS('Invoice Lines'!$K$5:$K$2542,'Invoice Lines'!$E$5:$E$2542,A34,'Invoice Lines'!$M$5:$M$2542,1) -> 20780.25 | O34: =IF(COUNTIF('Contacts'!$A$5:$A$157,F34)=0,"MISSING",IF(INDEX('Contacts'!$F$5:$F$157,MATCH(F34,'Contacts'!$A$5:$A$157,0))=F34,"OK","CHAIN")) -> OK
... A41: C0037 | B41: Highpoint Constructions | C41: 90 129 237 142 | D41: accounts@highpointconstruct.example | E41: 44951 | F41: C0037 | G41: Highpoint Constructions | L41: Keep | M41: =COUNTIF('Invoice Lines'!$E$5:$E$2542,A41) -> 6 | N41: =SUMIFS('Invoice Lines'!$K$5:$K$2542,'Invoice Lines'!$E$5:$E$2542,A41,'Invoice Lines'!$M$5:$M$2542,1) -> 1975 | O41: =IF(COUNTIF('Contacts'!$A$5:$A$157,F41)=0,"MISSING",IF(INDEX('Contacts'!$F$5:$F$157,MATCH(F41,'Contacts'!$A$5:$A$157,0))=F41,"OK","CHAIN")) -> OK
A42: C0038 | B42: Cobalt Constructions Pty Ltd | D42: accounts@cobaltconstruction.example | E42: 45649 | F42: C0038 | G42: Cobalt Constructions Pty Ltd | L42: Keep | M42: =COUNTIF('Invoice Lines'!$E$5:$E$2542,A42) -> 42 | N42: =SUMIFS('Invoice Lines'!$K$5:$K$2542,'Invoice Lines'!$E$5:$E$2542,A42,'Invoice Lines'!$M$5:$M$2542,1) -> 37178.03 | O42: =IF(COUNTIF('Contacts'!$A$5:$A$157,F42)=0,"MISSING",IF(INDEX('Contacts'!$F$5:$F$157,MATCH(F42,'Contacts'!$A$5:$A$157,0))=F42,"OK","CHAIN")) -> OK
A43: C0039 | B43: Coastline Developments Pty Ltd | C43: 91 391 218 631 | D43: accounts@coastlinedevelopme.example | E43: 45521 | F43: C0039 | G43: Coastline Developments Pty Ltd | H43: N1 | I43: 0.884 | J43: Similar name but different tax numbers: kept separate | K43: C0010 | L43: Keep separate | M43: =COUNTIF('Invoice Lines'!$E$5:$E$2542,A43) -> 22 | N43: =SUMIFS('Invoice Lines'!$K$5:$K$2542,'Invoice Lines'!$E$5:$E$2542,A43,'Invoice Lines'!$M$5:$M$2542,1) -> 18099.66 | O43: =IF(COUNTIF('Contacts'!$A$5:$A$157,F43)=0,"MISSING",IF(INDEX('Contacts'!$F$5:$F$157,MATCH(F43,'Contacts'!$A$5:$A$157,0))=F43,"OK","CHAIN")) -> OK
A44: C0040 | B44: Coastline Projects Pty Ltd | C44: 91 887 832 291 | D44: accounts@coastlineprojects.example | E44: 45179 | F44: C0040 | G44: Coastline Projects Pty Ltd | H44: N1 | I44: 0.857 | J44: Similar name but different tax numbers: kept separate | K44: C0007 | L44: Keep separate | M44: =COUNTIF('Invoice Lines'!$E$5:$E$2542,A44) -> 26 | N44: =SUMIFS('Invoice Lines'!$K$5:$K$2542,'Invoice Lines'!$E$5:$E$2542,A44,'Invoice Lines'!$M$5:$M$2542,1) -> 19461.99 | O44: =IF(COUNTIF('Contacts'!$A$5:$A$157,F44)=0,"MISSING",IF(INDEX('Contacts'!$F$5:$F$157,MATCH(F44,'Contacts'!$A$5:$A$157,0))=F44,"OK","CHAIN")) -> OK
A45: C0041 | B45: Summit Builders Pty Ltd | C45: 91 727 677 162 | D45: accounts@summitbuilders.example | E45: 45673 | F45: C0041 | G45: Summit Builders Pty Ltd | L45: Keep | M45: =COUNTIF('Invoice Lines'!$E$5:$E$2542,A45) -> 31 | N45: =SUMIFS('Invoice Lines'!$K$5:$K$2542,'Invoice Lines'!$E$5:$E$2542,A45,'Invoice Lines'!$M$5:$M$2542,1) -> 24921.9 | O45: =IF(COUNTIF('Contacts'!$A$5:$A$157,F45)=0,"MISSING",IF(INDEX('Contacts'!$F$5:$F$157,MATCH(F45,'Contacts'!$A$5:$A$157,0))=F45,"OK","CHAIN")) -> OK
A46: C0042 | B46: Lakeside Constructions Pty Ltd | D46: accounts@lakesideconstructi.example | E46: 45124 | F46: C0042 | G46: Lakeside Constructions Pty Ltd | L46: Keep | M46: =COUNTIF('Invoice Lines'!$E$5:$E$2542,A46) -> 29 | N46: =SUMIFS('Invoice Lines'!$K$5:$K$2542,'Invoice Lines'!$E$5:$E$2542,A46,'Invoice Lines'!$M$5:$M$2542,1) -> 24083.95 | O46: =IF(COUNTIF('Contacts'!$A$5:$A$157,F46)=0,"MISSING",IF(INDEX('Contacts'!$F$5:$F$157,MATCH(F46,'Contacts'!$A$5:$A$157,0))=F46,"OK","CHAIN")) -> OK
A47: C0043 | B47: Banksia Projects Pty Ltd | D47: accounts@banksiaprojects.example | E47: 44962 | F47: C0043 | G47: Banksia Projects Pty Ltd | L47: Keep | M47: =COUNTIF('Invoice Lines'!$E$5:$E$2542,A47) -> 23 | N47: =SUMIFS('Invoice Lines'!$K$5:$K$2542,'Invoice Lines'!$E$5:$E$2542,A47,'Invoice Lines'!$M$5:$M$2542,1) -> 25807.8 | O47: =IF(COUNTIF('Contacts'!$A$5:$A$157,F47)=0,"MISSING",IF(INDEX('Contacts'!$F$5:$F$157,MATCH(F47,'Contacts'!$A$5:$A$157,0))=F47,"OK","CHAIN")) -> OK
A48: C0044 | B48: Granite Constructions | C48: 97 880 151 114 | D48: accounts@graniteconstructio.example | E48: 45662 | F48: C0044 | G48: Granite Constructions | L48: Keep | M48: =COUNTIF('Invoice Lines'!$E$5:$E$2542,A48) -> 17 | N48: =SUMIFS('Invoice Lines'!$K$5:$K$2542,'Invoice Lines'!$E$5:$E$2542,A48,'Invoice Lines'!$M$5:$M$2542,1) -> 8019.72 | O48: =IF(COUNTIF('Contacts'!$A$5:$A$157,F48)=0,"MISSING",IF(INDEX('Contacts'!$F$5:$F$157,MATCH(F48,'Contacts'!$A$5:$A$157,0))=F48,"OK","CHAIN")) -> OK
A49: C0045 | B49: Westside Owners Corporation Services Pty Ltd | C49: 94 835 671 124 | D49: accounts@westsideownerscorp.example | E49: 45031 | F49: C0045 | G49: Westside Owners Corporation Services Pty Ltd | L49: Keep | M49: =COUNTIF('Invoice Lines'!$E$5:$E$2542,A49) -> 10 | N49: =SUMIFS('Invoice Lines'!$K$5:$K$2542,'Invoice Lines'!$E$5:$E$2542,A49,'Invoice Lines'!$M$5:$M$2542,1) -> 10710 | O49: =IF(COUNTIF('Contacts'!$A$5:$A$157,F49)=0,"MISSING",IF(INDEX('Contacts'!$F$5:$F$157,MATCH(F49,'Contacts'!$A$5:$A$157,0))=F49,"OK","CHAIN")) -> OK
A50: C0046 | B50: Bayside Owners Corporation Services Pty Ltd | C50: 98 206 339 672 | D50: accounts@baysideownerscorpo.example | E50: 45482 | F50: C0046 | G50: Bayside Owners Corporation Services Pty Ltd | H50: N1 | I50: 0.901 | J50: Similar name but different tax numbers: kept separate | K50: C0045 | L50: Keep separate | M50: =COUNTIF('Invoice Lines'!$E$5:$E$2542,A50) -> 25 | N50: =SUMIFS('Invoice Lines'!$K$5:$K$2542,'Invoice Lines'!$E$5:$E$2542,A50,'Invoice Lines'!$M$5:$M$2542,1) -> 19959.1 | O50: =IF(COUNTIF('Contacts'!$A$5:$A$157,F50)=0,"MISSING",IF(INDEX('Contacts'!$F$5:$F$157,MATCH(F50,'Contacts'!$A$5:$A$157,0))=F50,"OK","CHAIN")) -> OK
A51: C0047 | B51: Fairway Owners Corporation Services | C51: 97 310 583 996 | D51: accounts@fairwayownerscorpo.example | E51: 45610 | F51: C0047 | G51: Fairway Owners Corporation Services | H51: V1 | I51: 0.857 | J51: Similar name, nothing else in common: review | K51: C0057 | L51: Review | M51: =COUNTIF('Invoice Lines'!$E$5:$E$2542,A51) -> 14 | N51: =SUMIFS('Invoice Lines'!$K$5:$K$2542,'Invoice Lines'!$E$5:$E$2542,A51,'Invoice Lines'!$M$5:$M$2542,1) -> 9235 | O51: =IF(COUNTIF('Contacts'!$A$5:$A$157,F51)=0,"MISSING",IF(INDEX('Contacts'!$F$5:$F$157,MATCH(F51,'Contacts'!$A$5:$A$157,0))=F51,"OK","CHAIN")) -> OK
A52: C0048 | B52: Banksia Strata Management | C52: 92 204 999 772 | D52: accounts@banksiastratamanag.example | E52: 45701 | F52: C0048 | G52: Banksia Strata Management | L52: Keep | M52: =COUNTIF('Invoice Lines'!$E$5:$E$2542,A52) -> 21 | N52: =SUMIFS('Invoice Lines'!$K$5:$K$2542,'Invoice Lines'!$E$5:$E$2542,A52,'Invoice Lines'!$M$5:$M$2542,1) -> 11798.07 | O52: =IF(COUNTIF('Contacts'!$A$5:$A$157,F52)=0,"MISSING",IF(INDEX('Contacts'!$F$5:$F$157,MATCH(F52,'Contacts'!$A$5:$A$157,0))=F52,"OK","CHAIN")) -> OK
A53: C0049 | B53: Fairway Body Corporate Pty Ltd | C53: 92 619 724 316 | D53: accounts@fairwaybodycorpora.example | E53: 45073 | F53: C0049 | G53: Fairway Body Corporate Pty Ltd | L53: Keep | M53: =COUNTIF('Invoice Lines'!$E$5:$E$2542,A53) -> 13 | N53: =SUMIFS('Invoice Lines'!$K$5:$K$2542,'Invoice Lines'!$E$5:$E$2542,A53,'Invoice Lines'!$M$5:$M$2542,1) -> 8532.53 | O53: =IF(COUNTIF('Contacts'!$A$5:$A$157,F53)=0,"MISSING",IF(INDEX('Contacts'!$F$5:$F$157,MATCH(F53,'Contacts'!$A$5:$A$157,0))=F53,"OK","CHAIN")) -> OK
A54: C0050 | B54: Southbank Body Corporate Pty Ltd | C54: 99 092 280 903 | D54: accounts@southbankbodycorpo.example | E54: 45233 | F54: C0050 | G54: Southbank Body Corporate Pty Ltd | L54: Keep | M54: =COUNTIF('Invoice Lines'!$E$5:$E$2542,A54) -> 10 | N54: =SUMIFS('Invoice Lines'!$K$5:$K$2542,'Invoice Lines'!$E$5:$E$2542,A54,'Invoice Lines'!$M$5:$M$2542,1) -> 5801.48 | O54: =IF(COUNTIF('Contacts'!$A$5:$A$157,F54)=0,"MISSING",IF(INDEX('Contacts'!$F$5:$F$157,MATCH(F54,'Contacts'!$A$5:$A$157,0))=F54,"OK","CHAIN")) -> OK
A55: C0051 | B55: Granite Body Corporate Pty Ltd | C55: 96 219 908 751 | D55: accounts@granitebodycorpora.example | E55: 45548 | F55: C0051 | G55: Granite Body Corporate Pty Ltd | L55: Keep | M55: =COUNTIF('Invoice Lines'!$E$5:$E$2542,A55) -> 9 | N55: =SUMIFS('Invoice Lines'!$K$5:$K$2542,'Invoice Lines'!$E$5:$E$2542,A55,'Invoice Lines'!$M$5:$M$2542,1) -> 3335 | O55: =IF(COUNTIF('Contacts'!$A$5:$A$157,F55)=0,"MISSING",IF(INDEX('Contacts'!$F$5:$F$157,MATCH(F55,'Contacts'!$A$5:$A$157,0))=F55,"OK","CHAIN")) -> OK
A56: C0052 | B56: Bluegum Body Corporate Pty Ltd | D56: accounts@bluegumbodycorpora.example | E56: 45049 | F56: C0052 | G56: Bluegum Body Corporate Pty Ltd | L56: Keep | M56: =COUNTIF('Invoice Lines'!$E$5:$E$2542,A56) -> 9 | N56: =SUMIFS('Invoice Lines'!$K$5:$K$2542,'Invoice Lines'!$E$5:$E$2542,A56,'Invoice Lines'!$M$5:$M$2542,1) -> 8440.87 | O56: =IF(COUNTIF('Contacts'!$A$5:$A$157,F56)=0,"MISSING",IF(INDEX('Contacts'!$F$5:$F$157,MATCH(F56,'Contacts'!$A$5:$A$157,0))=F56,"OK","CHAIN")) -> OK
A57: C0053 | B57: Summit Strata Management Pty Ltd | C57: 96 717 687 839 | D57: accounts@summitstratamanage.example | E57: 45296 | F57: C0053 | G57: Summit Strata Management Pty Ltd | L57: Keep | M57: =COUNTIF('Invoice Lines'!$E$5:$E$2542,A57) -> 7 | N57: =SUMIFS('Invoice Lines'!$K$5:$K$2542,'Invoice Lines'!$E$5:$E$2542,A57,'Invoice Lines'!$M$5:$M$2542,1) -> 4001.5 | O57: =IF(COUNTIF('Contacts'!$A$5:$A$157,F57)=0,"MISSING",IF(INDEX('Contacts'!$F$5:$F$157,MATCH(F57,'Contacts'!$A$5:$A$157,0))=F57,"OK","CHAIN")) -> OK
A58: C0054 | B58: Westside Strata Management Pty Ltd | C58: 90 144 001 363 | D58: accounts@westsidestratamana.example | E58: 45634 | F58: C0054 | G58: Westside Strata Management Pty Ltd | L58: Keep | M58: =COUNTIF('Invoice Lines'!$E$5:$E$2542,A58) -> 13 | N58: =SUMIFS('Invoice Lines'!$K$5:$K$2542,'Invoice Lines'!$E$5:$E$2542,A58,'Invoice Lines'!$M$5:$M$2542,1) -> 9064.14 | O58: =IF(COUNTIF('Contacts'!$A$5:$A$157,F58)=0,"MISSING",IF(INDEX('Contacts'!$F$5:$F$157,MATCH(F58,'Contacts'!$A$5:$A$157,0))=F58,"OK","CHAIN")) -> OK
A59: C0055 | B59: Coastline Strata Management Pty Ltd | C59: 94 246 505 318 | D59: accounts@coastlinestrataman.example | E59: 45281 | F59: C0055 | G59: Coastline Strata Management Pty Ltd | L59: Keep | M59: =COUNTIF('Invoice Lines'!$E$5:$E$2542,A59) -> 17 | N59: =SUMIFS('Invoice Lines'!$K$5:$K$2542,'Invoice Lines'!$E$5:$E$2542,A59,'Invoice Lines'!$M$5:$M$2542,1) -> 13323.17 | O59: =IF(COUNTIF('Contacts'!$A$5:$A$157,F59)=0,"MISSING",IF(INDEX('Contacts'!$F$5:$F$157,MATCH(F59,'Contacts'!$A$5:$A$157,0))=F59,"OK","CHAIN")) -> OK
A60: C0056 | B60: Northgate Strata Management | C60: 91 123 853 266 | D60: accounts@northgatestrataman.example | E60: 45588 | F60: C0056 | G60: Northgate Strata Management | L60: Keep | M60: =COUNTIF('Invoice Lines'!$E$5:$E$2542,A60) -> 0 | N60: =SUMIFS('Invoice Lines'!$K$5:$K$2542,'Invoice Lines'!$E$5:$E$2542,A60,'Invoice Lines'!$M$5:$M$2542,1) -> 0 | O60: =IF(COUNTIF('Contacts'!$A$5:$A$157,F60)=0,"MISSING",IF(INDEX('Contacts'!$F$5:$F$157,MATCH(F60,'Contacts'!$A$5:$A$157,0))=F60,"OK","CHAIN")) -> OK
A61: C0057 | B61: Ashford Owners Corporation Services | D61: accounts@ashfordownerscorpo.example | E61: 45539 | F61: C0057 | G61: Ashford Owners Corporation Services | H61: V1 | I61: 0.886 | J61: Similar name, nothing else in common: review | K61: C0046 | L61: Review | M61: =COUNTIF('Invoice Lines'!$E$5:$E$2542,A61) -> 1 | N61: =SUMIFS('Invoice Lines'!$K$5:$K$2542,'Invoice Lines'!$E$5:$E$2542,A61,'Invoice Lines'!$M$5:$M$2542,1) -> 385 | O61: =IF(COUNTIF('Contacts'!$A$5:$A$157,F61)=0,"MISSING",IF(INDEX('Contacts'!$F$5:$F$157,MATCH(F61,'Contacts'!$A$5:$A$157,0))=F61,"OK","CHAIN")) -> OK
A62: C0058 | B62: Summit Body Corporate Pty Ltd | C62: 90 177 756 480 | D62: accounts@summitbodycorporat.example | E62: 45226 | F62: C0058 | G62: Summit Body Corporate Pty Ltd | L62: Keep | M62: =COUNTIF('Invoice Lines'!$E$5:$E$2542,A62) -> 7 | N62: =SUMIFS('Invoice Lines'!$K$5:$K$2542,'Invoice Lines'!$E$5:$E$2542,A62,'Invoice Lines'!$M$5:$M$2542,1) -> 3917.07 | O62: =IF(COUNTIF('Contacts'!$A$5:$A$157,F62)=0,"MISSING",IF(INDEX('Contacts'!$F$5:$F$157,MATCH(F62,'Contacts'!$A$5:$A$157,0))=F62,"OK","CHAIN")) -> OK
A63: C0059 | B63: Silverleaf Insurance Repairs Pty Ltd | D63: accounts@silverleafinsuranc.example | E63: 45349 | F63: C0059 | G63: Silverleaf Insurance Repairs Pty Ltd | L63: Keep | M63: =COUNTIF('Invoice Lines'!$E$5:$E$2542,A63) -> 29 | N63: =SUMIFS('Invoice Lines'!$K$5:$K$2542,'Invoice Lines'!$E$5:$E$2542,A63,'Invoice Lines'!$M$5:$M$2542,1) -> 14970.14 | O63: =IF(COUNTIF('Contacts'!$A$5:$A$157,F63)=0,"MISSING",IF(INDEX('Contacts'!$F$5:$F$157,MATCH(F63,'Contacts'!$A$5:$A$157,0))=F63,"OK","CHAIN")) -> OK
A64: C0060 | B64: Redline Claims Services | C64: 95 757 935 491 | D64: accounts@redlineclaimsservi.example | E64: 45212 | F64: C0060 | G64: Redline Claims Services | L64: Keep | M64: =COUNTIF('Invoice Lines'!$E$5:$E$2542,A64) -> 29 | N64: =SUMIFS('Invoice Lines'!$K$5:$K$2542,'Invoice Lines'!$E$5:$E$2542,A64,'Invoice Lines'!$M$5:$M$2542,1) -> 17056.1 | O64: =IF(COUNTIF('Contacts'!$A$5:$A$157,F64)=0,"MISSING",IF(INDEX('Contacts'!$F$5:$F$157,MATCH(F64,'Contacts'!$A$5:$A$157,0))=F64,"OK","CHAIN")) -> OK
A65: C0061 | B65: Southbank Claims Services Pty Ltd | C65: 97 176 915 371 | D65: accounts@southbankclaimsser.example | E65: 45565 | F65: C0061 | G65: Southbank Claims Services Pty Ltd | L65: Keep | M65: =COUNTIF('Invoice Lines'!$E$5:$E$2542,A65) -> 17 | N65: =SUMIFS('Invoice Lines'!$K$5:$K$2542,'Invoice Lines'!$E$5:$E$2542,A65,'Invoice Lines'!$M$5:$M$2542,1) -> 17526.17 | O65: =IF(COUNTIF('Contacts'!$A$5:$A$157,F65)=0,"MISSING",IF(INDEX('Contacts'!$F$5:$F$157,MATCH(F65,'Contacts'!$A$5:$A$157,0))=F65,"OK","CHAIN")) -> OK
A66: C0062 | B66: Wattle Insurance Repairs Pty Ltd | C66: 97 197 007 654 | D66: accounts@wattleinsurancerep.example | E66: 45524 | F66: C0062 | G66: Wattle Insurance Repairs Pty Ltd | L66: Keep | M66: =COUNTIF('Invoice Lines'!$E$5:$E$2542,A66) -> 20 | N66: =SUMIFS('Invoice Lines'!$K$5:$K$2542,'Invoice Lines'!$E$5:$E$2542,A66,'Invoice Lines'!$M$5:$M$2542,1) -> 11875.67 | O66: =IF(COUNTIF('Contacts'!$A$5:$A$157,F66)=0,"MISSING",IF(INDEX('Contacts'!$F$5:$F$157,MATCH(F66,'Contacts'!$A$5:$A$157,0))=F66,"OK","CHAIN")) -> OK
A67: C0063 | B67: Highpoint Insurance Repairs Pty Ltd | C67: 99 499 696 136 | D67: accounts@highpointinsurance.example | E67: 45508 | F67: C0063 | G67: Highpoint Insurance Repairs Pty Ltd | L67: Keep | M67: =COUNTIF('Invoice Lines'!$E$5:$E$2542,A67) -> 49 | N67: =SUMIFS('Invoice Lines'!$K$5:$K$2542,'Invoice Lines'!$E$5:$E$2542,A67,'Invoice Lines'!$M$5:$M$2542,1) -> 25043.42 | O67: =IF(COUNTIF('Contacts'!$A$5:$A$157,F67)=0,"MISSING",IF(INDEX('Contacts'!$F$5:$F$157,MATCH(F67,'Contacts'!$A$5:$A$157,0))=F67,"OK","CHAIN")) -> OK
A68: C0064 | B68: Lakeside Claims Services Pty Ltd | C68: 91 356 833 119 | D68: accounts@lakesideclaimsserv.example | E68: 45096 | F68: C0064 | G68: Lakeside Claims Services Pty Ltd | L68: Keep | M68: =COUNTIF('Invoice Lines'!$E$5:$E$2542,A68) -> 26 | N68: =SUMIFS('Invoice Lines'!$K$5:$K$2542,'Invoice Lines'!$E$5:$E$2542,A68,'Invoice Lines'!$M$5:$M$2542,1) -> 16043.33 | O68: =IF(COUNTIF('Contacts'!$A$5:$A$157,F68)=0,"MISSING",IF(INDEX('Contacts'!$F$5:$F$157,MATCH(F68,'Contacts'!$A$5:$A$157,0))=F68,"OK","CHAIN")) -> OK
A69: C0065 | B69: Stonebridge Claims Services | C69: 90 217 481 421 | D69: accounts@stonebridgeclaimss.example | E69: 45704 | F69: C0065 | G69: Stonebridge Claims Services | L69: Keep | M69: =COUNTIF('Invoice Lines'!$E$5:$E$2542,A69) -> 24 | N69: =SUMIFS('Invoice Lines'!$K$5:$K$2542,'Invoice Lines'!$E$5:$E$2542,A69,'Invoice Lines'!$M$5:$M$2542,1) -> 12475.26 | O69: =IF(COUNTIF('Contacts'!$A$5:$A$157,F69)=0,"MISSING",IF(INDEX('Contacts'!$F$5:$F$157,MATCH(F69,'Contacts'!$A$5:$A$157,0))=F69,"OK","CHAIN")) -> OK
A70: C0066 | B70: Northgate Insurance Repairs | C70: 92 957 164 983 | D70: accounts@northgateinsurance.example | E70: 45638 | F70: C0066 | G70: Northgate Insurance Repairs | L70: Keep | M70: =COUNTIF('Invoice Lines'!$E$5:$E$2542,A70) -> 49 | N70: =SUMIFS('Invoice Lines'!$K$5:$K$2542,'Invoice Lines'!$E$5:$E$2542,A70,'Invoice Lines'!$M$5:$M$2542,1) -> 26171.76 | O70: =IF(COUNTIF('Contacts'!$A$5:$A$157,F70)=0,"MISSING",IF(INDEX('Contacts'!$F$5:$F$157,MATCH(F70,'Contacts'!$A$5:$A$157,0))=F70,"OK","CHAIN")) -> OK
A71: C0067 | B71: Banksia Claims Services Pty Ltd | C71: 94 180 093 547 | D71: accounts@banksiaclaimsservi.example | E71: 45420 | F71: C0067 | G71: Banksia Claims Services Pty Ltd | H71: N1 | I71: 0.851 | J71: Similar name but different tax numbers: kept separate | K71: C0064 | L71: Keep separate | M71: =COUNTIF('Invoice Lines'!$E$5:$E$2542,A71) -> 16 | N71: =SUMIFS('Invoice Lines'!$K$5:$K$2542,'Invoice Lines'!$E$5:$E$2542,A71,'Invoice Lines'!$M$5:$M$2542,1) -> 7296.48 | O71: =IF(COUNTIF('Contacts'!$A$5:$A$157,F71)=0,"MISSING",IF(INDEX('Contacts'!$F$5:$F$157,MATCH(F71,'Contacts'!$A$5:$A$157,0))=F71,"OK","CHAIN")) -> OK
A72: C0068 | B72: Coastline Claims Services | D72: accounts@coastlineclaimsser.example | E72: 45693 | F72: C0068 | G72: Coastline Claims Services | L72: Keep | M72: =COUNTIF('Invoice Lines'!$E$5:$E$2542,A72) -> 29 | N72: =SUMIFS('Invoice Lines'!$K$5:$K$2542,'Invoice Lines'!$E$5:$E$2542,A72,'Invoice Lines'!$M$5:$M$2542,1) -> 22193.19 | O72: =IF(COUNTIF('Contacts'!$A$5:$A$157,F72)=0,"MISSING",IF(INDEX('Contacts'!$F$5:$F$157,MATCH(F72,'Contacts'!$A$5:$A$157,0))=F72,"OK","CHAIN")) -> OK
A73: C0069 | B73: Brimbank City Council | C73: 99 668 041 309 | D73: accounts@brimbankcitycounci.example | E73: 45551 | F73: C0069 | G73: Brimbank City Council | L73: Keep | M73: =COUNTIF('Invoice Lines'!$E$5:$E$2542,A73) -> 0 | N73: =SUMIFS('Invoice Lines'!$K$5:$K$2542,'Invoice Lines'!$E$5:$E$2542,A73,'Invoice Lines'!$M$5:$M$2542,1) -> 0 | O73: =IF(COUNTIF('Contacts'!$A$5:$A$157,F73)=0,"MISSING",IF(INDEX('Contacts'!$F$5:$F$157,MATCH(F73,'Contacts'!$A$5:$A$157,0))=F73,"OK","CHAIN")) -> OK
A74: C0070 | B74: Banyule City Council | C74: 96 365 381 749 | D74: accounts@banyulecitycouncil.example | E74: 45560 | F74: C0070 | G74: Banyule City Council | L74: Keep | M74: =COUNTIF('Invoice Lines'!$E$5:$E$2542,A74) -> 19 | N74: =SUMIFS('Invoice Lines'!$K$5:$K$2542,'Invoice Lines'!$E$5:$E$2542,A74,'Invoice Lines'!$M$5:$M$2542,1) -> 24367.3 | O74: =IF(COUNTIF('Contacts'!$A$5:$A$157,F74)=0,"MISSING",IF(INDEX('Contacts'!$F$5:$F$157,MATCH(F74,'Contacts'!$A$5:$A$157,0))=F74,"OK","CHAIN")) -> OK
A75: C0071 | B75: Maribyrnong City Council | C75: 99 736 484 678 | D75: accounts@maribyrnongcitycou.example | E75: 45516 | F75: C0071 | G75: Maribyrnong City Council | L75: Keep | M75: =COUNTIF('Invoice Lines'!$E$5:$E$2542,A75) -> 33 | N75: =SUMIFS('Invoice Lines'!$K$5:$K$2542,'Invoice Lines'!$E$5:$E$2542,A75,'Invoice Lines'!$M$5:$M$2542,1) -> 18453 | O75: =IF(COUNTIF('Contacts'!$A$5:$A$157,F75)=0,"MISSING",IF(INDEX('Contacts'!$F$5:$F$157,MATCH(F75,'Contacts'!$A$5:$A$157,0))=F75,"OK","CHAIN")) -> OK
A76: C0072 | B76: Kingston City Council | D76: accounts@kingstoncitycounci.example | E76: 45023 | F76: C0072 | G76: Kingston City Council | L76: Keep | M76: =COUNTIF('Invoice Lines'!$E$5:$E$2542,A76) -> 20 | N76: =SUMIFS('Invoice Lines'!$K$5:$K$2542,'Invoice Lines'!$E$5:$E$2542,A76,'Invoice Lines'!$M$5:$M$2542,1) -> 26306.1 | O76: =IF(COUNTIF('Contacts'!$A$5:$A$157,F76)=0,"MISSING",IF(INDEX('Contacts'!$F$5:$F$157,MATCH(F76,'Contacts'!$A$5:$A$157,0))=F76,"OK","CHAIN")) -> OK
A77: C0073 | B77: Juniper Festivals | C77: 99 772 463 848 | D77: accounts@juniperfestivals.example | E77: 45406 | F77: C0073 | G77: Juniper Festivals | L77: Keep | M77: =COUNTIF('Invoice Lines'!$E$5:$E$2542,A77) -> 12 | N77: =SUMIFS('Invoice Lines'!$K$5:$K$2542,'Invoice Lines'!$E$5:$E$2542,A77,'Invoice Lines'!$M$5:$M$2542,1) -> 5052.8 | O77: =IF(COUNTIF('Contacts'!$A$5:$A$157,F77)=0,"MISSING",IF(INDEX('Contacts'!$F$5:$F$157,MATCH(F77,'Contacts'!$A$5:$A$157,0))=F77,"OK","CHAIN")) -> OK
A78: C0074 | B78: Ironbark Events Pty Ltd | C78: 94 495 052 771 | D78: accounts@ironbarkevents.example | E78: 45564 | F78: C0074 | G78: Ironbark Events Pty Ltd | L78: Keep | M78: =COUNTIF('Invoice Lines'!$E$5:$E$2542,A78) -> 22 | N78: =SUMIFS('Invoice Lines'!$K$5:$K$2542,'Invoice Lines'!$E$5:$E$2542,A78,'Invoice Lines'!$M$5:$M$2542,1) -> 9163.8 | O78: =IF(COUNTIF('Contacts'!$A$5:$A$157,F78)=0,"MISSING",IF(INDEX('Contacts'!$F$5:$F$157,MATCH(F78,'Contacts'!$A$5:$A$157,0))=F78,"OK","CHAIN")) -> OK
A79: C0075 | B79: Oakridge Productions | C79: 91 190 624 198 | D79: accounts@oakridgeproduction.example | E79: 45151 | F79: C0075 | G79: Oakridge Productions | L79: Keep | M79: =COUNTIF('Invoice Lines'!$E$5:$E$2542,A79) -> 18 | N79: =SUMIFS('Invoice Lines'!$K$5:$K$2542,'Invoice Lines'!$E$5:$E$2542,A79,'Invoice Lines'!$M$5:$M$2542,1) -> 7493.1 | O79: =IF(COUNTIF('Contacts'!$A$5:$A$157,F79)=0,"MISSING",IF(INDEX('Contacts'!$F$5:$F$157,MATCH(F79,'Contacts'!$A$5:$A$157,0))=F79,"OK","CHAIN")) -> OK
A80: C0076 | B80: Westside Productions | C80: 95 406 383 464 | D80: accounts@westsideproduction.example | E80: 45500 | F80: C0076 | G80: Westside Productions | L80: Keep | M80: =COUNTIF('Invoice Lines'!$E$5:$E$2542,A80) -> 6 | N80: =SUMIFS('Invoice Lines'!$K$5:$K$2542,'Invoice Lines'!$E$5:$E$2542,A80,'Invoice Lines'!$M$5:$M$2542,1) -> 924 | O80: =IF(COUNTIF('Contacts'!$A$5:$A$157,F80)=0,"MISSING",IF(INDEX('Contacts'!$F$5:$F$157,MATCH(F80,'Contacts'!$A$5:$A$157,0))=F80,"OK","CHAIN")) -> OK
